Workbook
Name _GoBack: 'Reservas Detalladas'!$C$8

Sheet Programacion
C4: PROGRAMACION PLAN ANUAL DE CAJA 2020 | Z4: EJECUCION ACUMULADA PLAN ANUAL DE CAJA 2020 | AW4: SEGUIMIENTO MENSUAL PAC PROGRAMADO Y EJECUTADO
Z5: NOMBRE ENTIDAD: INSTITUTO DEPARTAMENTAL DE DEPORTE Y RECREACION DEL META - IDERMETA | AW5: NOMBRE ENTIDAD: INSTITUTO DEPARTAMENTAL DE DEPORTE Y RECREACION DEL META - IDERMETA
C7: INGRESOS | D7: Apro Inicial | E7: Adiciones | F7: Reduccion | G7: Creditos | H7: Contracred | I7: Apro Definitiva | J7: Enero | K7: Febrero | L7: Marzo | M7: Abril | N7: Mayo | O7: Junio | P7: Julio | Q7: Agosto | R7: Septiembre | S7: Octubre | T7: Noviembre | U7: Diciembre | V7: Total | W7: Saldo | Z7: INGRESOS | AA7: Apro Inicial | AB7: Adiciones | AC7: Reduccion | AF7: Apro Definitiva | AG7: Enero | AH7: Febrero | AI7: Marzo | AJ7: Abril | AK7: Mayo | AL7: Junio | AM7: Julio | AN7: Agosto | AO7: Septiembre | AP7: Octubre | AQ7: Noviembre | AR7: Diciembre | AS7: Total | AW7: INGRESOS | AX7: Apro Inicial | AY7: Adiciones | AZ7: Reduccion | BC7: Apro Definitiva | BD7: Prog Enero | BE7: Ejec Enero | BF7: Prog Febrero | BG7: Ejec Febrero | BH7: Prog Marzo | BI7: Ejec Marzo | BJ7: Prog Abril | BK7: Ejec Abril | BL7: Prog Mayo | BM7: Ejec Mayo | BN7: Prog Junio | BO7: Ejec Junio | BP7: Prog Julio | BQ7: Ejec Julio | BR7: Prog Agosto | BS7: Ejec Agosto | BT7: Prog Septiembre | BU7: Ejec Septiembre | BV7: Prog Octubre | BW7: Ejec Octubre | BX7: Prog Noviembre | BY7: Ejec Noviembre | BZ7: Prog Diciembre | CA7: Ejec Diciembre | CB7: Total Prog | CC7: Total Ejec
B8: 1 | C8: Saldo Inicial | D8: =SUM(D9:D11) -> 0 | E8: =SUM(E9:E11) -> 0 | F8: =SUM(F9:F11) -> 0 | I8: =+D8+E8-F8 -> 0 | J8: =SUM(J9:J11) -> 0 | K8: =SUM(K9:K11) -> 0 | L8: =SUM(L9:L11) -> 0 | M8: =SUM(M9:M11) -> 0 | N8: =SUM(N9:N11) -> 0 | O8: =SUM(O9:O11) -> 0 | P8: =SUM(P9:P11) -> 0 | Q8: =SUM(Q9:Q11) -> 0 | ... U8: =SUM(U9:U11) -> 0 | V8: =SUM(J8:U8) -> 0 | Y8: 1 | Z8: Saldo Inicial | AA8: =SUM(AA9:AA11) -> 0 | AB8: =+E8 -> 0 | AC8: =+F8 -> 0 | AD8: =+G8 -> 0 | AE8: =+H8 -> 0 | AF8: =+I8 -> 0 | AG8: =SUM(AG9:AG11) -> 0 | AH8: 8670472 | AI8: 52326540 | AJ8: =+AI155 -> 1.2297424e+08 | AK8: =+AJ155 -> 1.8291073e+08 | AL8: =+AK155 -> 64191547 | AM8: =+AL155 -> 2.2838284e+08 | AN8: =+AM155 -> 9.0771584e+08 | AO8: =+AN155 -> 8.3794685e+08 | AP8: =SUM(AP9:AP11) -> 0 | AQ8: =SUM(AQ9:AQ11) -> 0 | AR8: =SUM(AR9:AR11) -> 0 | AS8: =SUM(AG8:AR8) -> 2.4051191e+09 | AV8: 1 | AW8: Saldo Inicial | AX8: =SUM(AX9:AX11) -> 0 | AY8: =+E8 -> 0 | AZ8: =+F8 -> 0 | BA8: =+G8 -> 0 | BB8: =+H8 -> 0 | BC8: =+I8 -> 0 | BD8: =SUM(BD9:BD11) -> 0 | BE8: =AG8 -> 0 | BF8: =+K8 -> 0 | BG8: =+AH8 -> 8670472 | BH8: =L8 -> 0 | BI8: =AI8 -> 52326540 | BJ8: =M8 -> 0 | BK8: =AJ8 -> 1.2297424e+08 | BL8: =N8 -> 0 | BM8: =AK8 -> 1.8291073e+08 | BN8: =O8 -> 0 | BO8: =AL8 -> 64191547 | BP8: =P8 -> 0 | BQ8: =AM8 -> 2.2838284e+08 | BR8: =Q8 -> 0 | BS8: =AN8 -> 9.0771584e+08 | BT8: =R8 -> 0 | BU8: =AO8 -> 8.3794685e+08 | BV8: =S8 -> 0 | BW8: =AP8 -> 0 | BX8: =T8 -> 0 | BY8: =AQ8 -> 0 | BZ8: =U8 -> 0 | CA8: =AR8 -> 0 | CB8: =+BD8+BF8+BH8+BJ8+BL8+BN8+BP8+BR8+BT8+BV8+BX8+BZ8 -> 0 | CC8: =+BE8+BG8+BI8+BK8+BM8+BO8+BQ8+BS8+BU8+BW8+BY8+CA8 -> 2.4051191e+09
C9: Caja | D9: 0 | E9: 0 | F9: 0 | I9: =+D9+E9-F9 -> 0 | J9: 0 | K9: 0 | L9: 0 | M9: 0 | N9: 0 | O9: 0 | P9: 0 | Q9: 0 | R9: 0 | S9: 0 | T9: 0 | U9: 0 | V9: =SUM(J9:U9) -> 0 | Z9: Caja | AA9: 0 | AB9: =+E9 -> 0 | AC9: =+F9 -> 0 | AD9: =+G9 -> 0 | AE9: =+H9 -> 0 | AF9: =+I9 -> 0 | AG9: 0 | AH9: 0 | AI9: 0 | AJ9: 0 | AK9: 0 | AL9: 0 | AM9: 0 | AN9: 0 | AO9: 0 | AP9: 0 | AQ9: 0 | AR9: 0 | AS9: =SUM(AG9:AR9) -> 0 | AW9: Caja | AX9: 0 | AY9: =+E9 -> 0 | AZ9: =+F9 -> 0 | BA9: =+G9 -> 0 | BB9: =+H9 -> 0 | BC9: =+I9 -> 0 | BD9: =+J9 -> 0 | BE9: =AG9 -> 0 | BF9: =+K9 -> 0 | BG9: =+AH9 -> 0 | BH9: =L9 -> 0 | BI9: =AI9 -> 0 | BJ9: =M9 -> 0 | BK9: =AJ9 -> 0 | BL9: =N9 -> 0 | BM9: =AK9 -> 0 | BN9: =O9 -> 0 | BO9: =AL9 -> 0 | BP9: =P9 -> 0 | BQ9: =AM9 -> 0 | BR9: =Q9 -> 0 | BS9: =AN9 -> 0 | BT9: =R9 -> 0 | BU9: =AO9 -> 0 | BV9: =S9 -> 0 | BW9: =AP9 -> 0 | BX9: =T9 -> 0 | BY9: =AQ9 -> 0 | BZ9: =U9 -> 0 | CA9: =AR9 -> 0 | CB9: =+BD9+BF9+BH9+BJ9+BL9+BN9+BP9+BR9+BT9+BV9+BX9+BZ9 -> 0 | CC9: =+BE9+BG9+BI9+BK9+BM9+BO9+BQ9+BS9+BU9+BW9+BY9+CA9 -> 0
C10: Bancos | D10: 0 | E10: 0 | F10: 0 | I10: =+D10+E10-F10 -> 0 | J10: 0 | K10: 0 | L10: 0 | M10: 0 | N10: 0 | O10: 0 | P10: 0 | Q10: 0 | R10: 0 | S10: 0 | T10: 0 | U10: 0 | V10: =SUM(J10:U10) -> 0 | Z10: Bancos | AA10: 0 | AB10: =+E10 -> 0 | AC10: =+F10 -> 0 | AD10: =+G10 -> 0 | AE10: =+H10 -> 0 | AF10: =+I10 -> 0 | AG10: 0 | AH10: 8670462 | AI10: 0 | AJ10: 0 | AK10: 0 | AL10: 0 | AM10: 0 | AN10: 0 | AO10: 0 | AP10: 0 | AQ10: 0 | AR10: 0 | AS10: =SUM(AG10:AR10) -> 8670462 | AW10: Bancos | AX10: 0 | AY10: =+E10 -> 0 | AZ10: =+F10 -> 0 | BA10: =+G10 -> 0 | BB10: =+H10 -> 0 | BC10: =+I10 -> 0 | BD10: 0 | BE10: 9426298.6 | BF10: =+K10 -> 0 | BG10: =+AH10 -> 8670462 | BH10: =L10 -> 0 | BI10: =AI10 -> 0 | BJ10: =M10 -> 0 | BK10: =AJ10 -> 0 | BL10: =N10 -> 0 | BM10: =AK10 -> 0 | BN10: =O10 -> 0 | BO10: =AL10 -> 0 | BP10: =P10 -> 0 | BQ10: =AM10 -> 0 | BR10: =Q10 -> 0 | BS10: =AN10 -> 0 | BT10: =R10 -> 0 | BU10: =AO10 -> 0 | BV10: =S10 -> 0 | BW10: =AP10 -> 0 | BX10: =T10 -> 0 | BY10: =AQ10 -> 0 | BZ10: =U10 -> 0 | CA10: =AR10 -> 0 | CB10: =+BD10+BF10+BH10+BJ10+BL10+BN10+BP10+BR10+BT10+BV10+BX10+BZ10 -> 0 | CC10: =+BE10+BG10+BI10+BK10+BM10+BO10+BQ10+BS10+BU10+BW10+BY10+CA10 -> 18096761
C11: -- | D11: 0 | E11: 0 | F11: 0 | I11: =+D11+E11-F11 -> 0 | J11: 0 | K11: 0 | L11: 0 | M11: 0 | N11: 0 | O11: 0 | P11: 0 | Q11: 0 | R11: 0 | S11: 0 | T11: 0 | U11: 0 | V11: =SUM(J11:U11) -> 0 | Z11: -- | AA11: 0 | AB11: =+E11 -> 0 | AC11: =+F11 -> 0 | AD11: =+G11 -> 0 | AE11: =+H11 -> 0 | AF11: =+I11 -> 0 | AG11: 0 | AH11: 0 | AI11: 0 | AJ11: 0 | AK11: 0 | AL11: 0 | AM11: 0 | AN11: 0 | AO11: 0 | AP11: 0 | AQ11: 0 | AR11: 0 | AS11: =SUM(AG11:AR11) -> 0 | AW11: -- | AX11: 0 | AY11: =+E11 -> 0 | AZ11: =+F11 -> 0 | BA11: =+G11 -> 0 | BB11: =+H11 -> 0 | BC11: =+I11 -> 0 | BD11: =+J11 -> 0 | BE11: =+AG11 -> 0 | BF11: =+K11 -> 0 | BG11: =+AH11 -> 0 | BH11: =L11 -> 0 | BI11: =AI11 -> 0 | BJ11: =M11 -> 0 | BK11: =AJ11 -> 0 | BL11: =N11 -> 0 | BM11: =AK11 -> 0 | BN11: =O11 -> 0 | BO11: =AL11 -> 0 | BP11: =P11 -> 0 | BQ11: =AM11 -> 0 | BR11: =Q11 -> 0 | BS11: =AN11 -> 0 | BT11: =R11 -> 0 | BU11: =AO11 -> 0 | BV11: =S11 -> 0 | BW11: =AP11 -> 0 | BX11: =T11 -> 0 | BY11: =AQ11 -> 0 | BZ11: =U11 -> 0 | CA11: =AR11 -> 0 | CB11: =+BD11+BF11+BH11+BJ11+BL11+BN11+BP11+BR11+BT11+BV11+BX11+BZ11 -> 0 | CC11: =+BE11+BG11+BI11+BK11+BM11+BO11+BQ11+BS11+BU11+BW11+BY11+CA11 -> 0
A12: OK decreto 853 | B12: 2 | C12: Ingresos Corrientes | D12: =+D13+D18+D24 -> 4904620563 | E12: =+E13+E18+E24 -> 1704785980 | F12: =+F13+F18+F24 -> 182907580 | I12: =+D12+E12-F12 -> 6426498963 | J12: =+J13+J18+J24 -> 9426298.6 | K12: =+K13+K18+K24 -> 2.4097187e+08 | L12: =+L13+L18+L24 -> 356593626 | M12: =+M13+M18+M24 -> 283148017 | N12: =+N13+N18+N24 -> 222042047 | O12: =+O13+O18+O24 -> 323637071 | P12: =+P13+P18+P24 -> 4.590868e+08 | Q12: =+Q13+Q18+Q24 -> 4.3141676e+08 | ... U12: =+U13+U18+U24 -> 1103999976 | V12: =SUM(J12:U12) -> 6.426499e+09 | W12: =+I12-V12 -> -0.47999954 | Y12: 2 | Z12: Ingresos Corrientes | AA12: =+AA13+AA18+AA24 -> 6426498963 | AB12: =+E12 -> 1704785980 | AC12: =+F12 -> 182907580 | AD12: =+G12 -> 0 | AE12: =+H12 -> 0 | AF12: =+I12 -> 6426498963 | AG12: =+AG13+AG18+AG24 -> 9426298.6 | AH12: =+AH13+AH18+AH24 -> 2.4070375e+08 | AI12: =+AI13+AI18+AI24 -> 2.6914134e+08 | AJ12: =+AJ13+AJ18+AJ24 -> 2.8496716e+08 | AK12: =+AK13+AK18 -> 55058662 | AL12: =+AL13+AL18 -> 2.8288638e+08 | AM12: =+AM13+AM18 -> 3.910613e+08 | AN12: =+AN13+AN18 -> 15607472 | AO12: =+AO13+AO18 -> 2.2593426e+08 | AP12: =+AP13+AP18 -> 0 | AQ12: =+AQ13+AQ18 -> 0 | AR12: =+AR13+AR18 -> 0 | AS12: =SUM(AG12:AR12) -> 1.7747866e+09 | AV12: 2 | AW12: Ingresos Corrientes | AX12: =+AX13+AX18+AX24 -> 6426498963 | AY12: =+E12 -> 1704785980 | AZ12: =+F12 -> 182907580 | BA12: =+G12 -> 0 | BB12: =+H12 -> 0 | BC12: =+I12 -> 6426498963 | BD12: =+BD13+BD18 -> 9426298.6 | BE12: =+BE13+BE18 -> 9426298.6 | BF12: =+K12 -> 2.4097187e+08 | BG12: =+AH12 -> 2.4070375e+08 | BH12: =L12 -> 356593626 | BI12: =AI12 -> 2.6914134e+08 | BJ12: =M12 -> 283148017 | BK12: =AJ12 -> 2.8496716e+08 | BL12: =N12 -> 222042047 | BM12: =AK12 -> 55058662 | BN12: =O12 -> 323637071 | BO12: =AL12 -> 2.8288638e+08 | BP12: =P12 -> 4.590868e+08 | BQ12: =AM12 -> 3.910613e+08 | BR12: =Q12 -> 4.3141676e+08 | BS12: =AN12 -> 15607472 | BT12: =R12 -> 1.0718417e+09 | BU12: =AO12 -> 2.2593426e+08 | BV12: =S12 -> 713478504 | BW12: =AP12 -> 0 | BX12: =T12 -> 1210856264 | BY12: =AQ12 -> 0 | BZ12: =U12 -> 1103999976 | CA12: =AR12 -> 0 | CB12: =+BD12+BF12+BH12+BJ12+BL12+BN12+BP12+BR12+BT12+BV12+BX12+BZ12 -> 6.426499e+09 | CC12: =+BE12+BG12+BI12+BK12+BM12+BO12+BQ12+BS12+BU12+BW12+BY12+CA12 -> 1.7747866e+09
C13: Tributarios | D13: =+D14+D15+D16+D17 -> 2558620563 | E13: =+E14+E15+E16+E17 -> 0 | F13: =+F14+F15+F16+F17 -> 0 | I13: =+I14+I15+I16+I17 -> 2558620563 | J13: =+J14+J15+J16+J17 -> 0 | K13: =+K14+K15+K16+K17 -> 2.3154557e+08 | L13: =+L14+L15+L16+L17 -> 198893626 | M13: =+M14+M15+M16+M17 -> 201048017 | N13: =+N14+N15+N16+N17 -> 214042047 | O13: =+O14+O15+O16+O17 -> 193670405 | P13: =+P14+P15+P16+P17 -> 3.2912013e+08 | ... U13: =+U14+U15+U16+U17 -> 289394208 | V13: =SUM(J13:U13) -> 2.5586206e+09 | W13: =+I13-V13 -> -0.22000027 | Z13: Tributarios | AA13: =+AA14+AA15+AA16+AA17 -> 2558620563 | AB13: =+E13 -> 0 | AC13: =+F13 -> 0 | AD13: =+G13 -> 0 | AE13: =+H13 -> 0 | AF13: =+I13 -> 2558620563 | AG13: =+AG14+AG15+AG16+AG17 -> 0 | AH13: =+AH14+AH15+AH16+AH17 -> 2.3154557e+08 | AI13: =+AI14+AI15+AI16+AI17 -> 1.1177983e+08 | AJ13: =+AJ14+AJ15+AJ16+AJ17 -> 1.9191729e+08 | AK13: =+AK14+AK15+AK16+AK17 -> 35035240 | AL13: =+AL14+AL15+AL16+AL17 -> 2.6982413e+08 | AM13: =+AM14+AM15+AM16+AM17 -> 3.9019143e+08 | AN13: =+AN14+AN15+AN16+AN17 -> 11358060 | AO13: =+AO14+AO15+AO16+AO17 -> 2.1140193e+08 | AP13: 0 | AQ13: 0 | AR13: 0 | AS13: =SUM(AG13:AR13) -> 1.4530535e+09 | AW13: Tributarios | AX13: =+AX14+AX15+AX16+AX17 -> 2558620563 | AY13: =+E13 -> 0 | AZ13: =+F13 -> 0 | BA13: =+G13 -> 0 | BB13: =+H13 -> 0 | BC13: =+I13 -> 2558620563 | BD13: =+J13 -> 0 | BE13: =AG13 -> 0 | BF13: =+K13 -> 2.3154557e+08 | BG13: =+AH13 -> 2.3154557e+08 | BH13: =L13 -> 198893626 | BI13: =AI13 -> 1.1177983e+08 | BJ13: =M13 -> 201048017 | BK13: =AJ13 -> 1.9191729e+08 | BL13: =N13 -> 214042047 | BM13: =AK13 -> 35035240 | BN13: =O13 -> 193670405 | BO13: =AL13 -> 2.6982413e+08 | BP13: =P13 -> 3.2912013e+08 | BQ13: =AM13 -> 3.9019143e+08 | BR13: =Q13 -> 2.132001e+08 | BS13: =AN13 -> 11358060 | BT13: =R13 -> 4.3303633e+08 | BU13: =AO13 -> 2.1140193e+08 | BV13: =S13 -> 60000000 | BW13: =AP13 -> 0 | BX13: =T13 -> 194670132 | BY13: =AQ13 -> 0 | BZ13: =U13 -> 289394208 | CA13: =AR13 -> 0 | CB13: =+BD13+BF13+BH13+BJ13+BL13+BN13+BP13+BR13+BT13+BV13+BX13+BZ13 -> 2.5586206e+09 | CC13: =+BE13+BG13+BI13+BK13+BM13+BO13+BQ13+BS13+BU13+BW13+BY13+CA13 -> 1.4530535e+09
C14: cigarrillos nacionales | D14: 0 | E14: 0 | F14: 0 | I14: =+D14+E14-F14 -> 0 | J14: =ROUND(I14/12,0) -> 0 | K14: =ROUND(I14/12,0) -> 0 | L14: =K14 -> 0 | M14: =L14 -> 0 | N14: =M14 -> 0 | O14: =N14 -> 0 | P14: =O14 -> 0 | Q14: =P14 -> 0 | R14: =Q14 -> 0 | S14: =R14 -> 0 | T14: =S14 -> 0 | U14: 0 | V14: =SUM(J14:U14) -> 0 | W14: =+I14-V14 -> 0 | Z14: cigarrillos nacionales | AA14: =D14 -> 0 | AB14: =+E14 -> 0 | AC14: =+F14 -> 0 | AD14: =+G14 -> 0 | AE14: =+H14 -> 0 | AF14: =+I14 -> 0 | AG14: 0 | AH14: 0 | AI14: 0 | AJ14: 0 | AK14: 0 | AL14: 0 | AM14: 0 | AN14: 0 | AO14: 0 | AP14: 0 | AQ14: 0 | AR14: 0 | AS14: =SUM(AG14:AR14) -> 0 | AW14: cigarrillos nacionales | AX14: =AF14 -> 0 | AY14: =+E14 -> 0 | AZ14: =+F14 -> 0 | BA14: =+G14 -> 0 | BB14: =+H14 -> 0 | BC14: =+I14 -> 0 | BD14: =+J14 -> 0 | BE14: =AG14 -> 0 | BF14: =+K14 -> 0 | BG14: =+AH14 -> 0 | BH14: =L14 -> 0 | BI14: =AI14 -> 0 | BJ14: =M14 -> 0 | BK14: =AJ14 -> 0 | BL14: =N14 -> 0 | BM14: =AK14 -> 0 | BN14: =O14 -> 0 | BO14: =AL14 -> 0 | BP14: =P14 -> 0 | BQ14: =AM14 -> 0 | BR14: =Q14 -> 0 | BS14: =AN14 -> 0 | BT14: =R14 -> 0 | BU14: =AO14 -> 0 | BV14: =S14 -> 0 | BW14: =AP14 -> 0 | BX14: =T14 -> 0 | BY14: =AQ14 -> 0 | BZ14: =U14 -> 0 | CA14: =AR14 -> 0 | CB14: =+BD14+BF14+BH14+BJ14+BL14+BN14+BP14+BR14+BT14+BV14+BX14+BZ14 -> 0 | CC14: =+BE14+BG14+BI14+BK14+BM14+BO14+BQ14+BS14+BU14+BW14+BY14+CA14 -> 0
C15: cigarrillos extranjeros (improex) | D15: 1878133989 | E15: 0 | F15: 0 | I15: =+D15+E15-F15 -> 1878133989 | J15: 0 | K15: 2.3154557e+08 | L15: 106393626 | M15: 163548017 | N15: 172042047 | O15: 134670405 | P15: 2.5912013e+08 | Q15: 1.582001e+08 | R15: 3.7803633e+08 | S15: 0 | T15: 134670132 | U15: 139907634 | V15: =SUM(J15:U15) -> 1.878134e+09 | W15: =+I15-V15 -> -0.21999979 | Z15: cigarrillos extranjeros (improex) | AA15: =I15 -> 1878133989 | AB15: =+E15 -> 0 | AC15: =+F15 -> 0 | AD15: =+G15 -> 0 | AE15: =+H15 -> 0 | AF15: =+I15 -> 1878133989 | AG15: 0 | AH15: 2.3154557e+08 | AI15: 44676096 | AJ15: 1.1541916e+08 | AK15: 0 | AL15: 2.6982413e+08 | AM15: 2.1311735e+08 | AN15: 0 | AO15: 1.6818411e+08 | AP15: 0 | AQ15: 0 | AR15: 0 | AS15: =SUM(AG15:AR15) -> 1.0427664e+09 | AW15: cigarrillos extranjeros (improex) | AX15: =AF15 -> 1878133989 | AY15: =+E15 -> 0 | AZ15: =+F15 -> 0 | BA15: =+G15 -> 0 | BB15: =+H15 -> 0 | BC15: =+I15 -> 1878133989 | BD15: =+J15 -> 0 | BE15: =AG15 -> 0 | BF15: =+K15 -> 2.3154557e+08 | BG15: =+AH15 -> 2.3154557e+08 | BH15: =L15 -> 106393626 | BI15: =AI15 -> 44676096 | BJ15: =M15 -> 163548017 | BK15: =AJ15 -> 1.1541916e+08 | BL15: =N15 -> 172042047 | BM15: =AK15 -> 0 | BN15: =O15 -> 134670405 | BO15: =AL15 -> 2.6982413e+08 | BP15: =P15 -> 2.5912013e+08 | BQ15: =AM15 -> 2.1311735e+08 | BR15: =Q15 -> 1.582001e+08 | BS15: =AN15 -> 0 | BT15: =R15 -> 3.7803633e+08 | BU15: =AO15 -> 1.6818411e+08 | BV15: =S15 -> 0 | BW15: =AP15 -> 0 | BX15: =T15 -> 134670132 | BY15: =AQ15 -> 0 | BZ15: =U15 -> 139907634 | CA15: =AR15 -> 0 | CB15: =+BD15+BF15+BH15+BJ15+BL15+BN15+BP15+BR15+BT15+BV15+BX15+BZ15 -> 1.878134e+09 | CC15: =+BE15+BG15+BI15+BK15+BM15+BO15+BQ15+BS15+BU15+BW15+BY15+CA15 -> 1.0427664e+09
C16: IVA telefonia celular | D16: 0 | E16: 0 | F16: 0 | I16: =+D16+E16-F16 -> 0 | J16: =ROUND(I16/12,0) -> 0 | K16: =ROUND(I16/12,0) -> 0 | L16: =+K16 -> 0 | M16: =+L16 -> 0 | N16: =+M16 -> 0 | O16: =+N16 -> 0 | P16: =+O16 -> 0 | Q16: =+P16 -> 0 | R16: =+Q16 -> 0 | S16: =+R16 -> 0 | T16: =+S16 -> 0 | U16: 0 | V16: =SUM(J16:U16) -> 0 | W16: =+I16-V16 -> 0 | Z16: IVA telefonia celular | AA16: =I16 -> 0 | AB16: =+E16 -> 0 | AC16: =+F16 -> 0 | AD16: =+G16 -> 0 | AE16: =+H16 -> 0 | AF16: =+I16 -> 0 | AG16: 0 | AH16: 0 | AI16: 0 | AJ16: 0 | AK16: 0 | AL16: 0 | AM16: 0 | AN16: 0 | AO16: 0 | AP16: 0 | AQ16: 0 | AR16: 0 | AS16: =SUM(AG16:AR16) -> 0 | AW16: IVA telefonia celular | AX16: =AF16 -> 0 | AY16: =+E16 -> 0 | AZ16: =+F16 -> 0 | BA16: =+G16 -> 0 | BB16: =+H16 -> 0 | BC16: =+I16 -> 0 | BD16: =+J16 -> 0 | BE16: =AG16 -> 0 | BF16: =+K16 -> 0 | BG16: =+AH16 -> 0 | BH16: =L16 -> 0 | BI16: =AI16 -> 0 | BJ16: =M16 -> 0 | BK16: =AJ16 -> 0 | BL16: =N16 -> 0 | BM16: =AK16 -> 0 | BN16: =O16 -> 0 | BO16: =AL16 -> 0 | BP16: =P16 -> 0 | BQ16: =AM16 -> 0 | BR16: =Q16 -> 0 | BS16: =AN16 -> 0 | BT16: =R16 -> 0 | BU16: =AO16 -> 0 | BV16: =S16 -> 0 | BW16: =AP16 -> 0 | BX16: =T16 -> 0 | BY16: =AQ16 -> 0 | BZ16: =U16 -> 0 | CA16: =AR16 -> 0 | CB16: =+BD16+BF16+BH16+BJ16+BL16+BN16+BP16+BR16+BT16+BV16+BX16+BZ16 -> 0 | CC16: =+BE16+BG16+BI16+BK16+BM16+BO16+BQ16+BS16+BU16+BW16+BY16+CA16 -> 0
C17: IVA licores | D17: 680486574 | E17: 0 | F17: 0 | I17: =+D17+E17-F17 -> 680486574 | J17: 0 | K17: 0 | L17: 92500000 | M17: 37500000 | N17: 42000000 | O17: 59000000 | P17: 70000000 | Q17: 55000000 | R17: =+Q17 -> 55000000 | S17: 60000000 | T17: =+S17 -> 60000000 | U17: 149486574 | V17: =SUM(J17:U17) -> 680486574 | W17: =+I17-V17 -> 0 | Z17: IVA licores | AA17: =I17 -> 680486574 | AB17: =+E17 -> 0 | AC17: =+F17 -> 0 | AD17: =+G17 -> 0 | AE17: =+H17 -> 0 | AF17: =+I17 -> 680486574 | AG17: 0 | AH17: 0 | AI17: 67103730 | AJ17: 76498133 | AK17: 35035240 | AL17: 0 | AM17: 177074080 | AN17: 11358060 | AO17: 43217820 | AP17: 0 | AQ17: 0 | AR17: 0 | AS17: =SUM(AG17:AR17) -> 410287063 | AW17: IVA licores | AX17: =AF17 -> 680486574 | AY17: =+E17 -> 0 | AZ17: =+F17 -> 0 | BA17: =+G17 -> 0 | BB17: =+H17 -> 0 | BC17: =+I17 -> 680486574 | BD17: =+J17 -> 0 | BE17: =AG17 -> 0 | BF17: =+K17 -> 0 | BG17: =+AH17 -> 0 | BH17: =L17 -> 92500000 | BI17: =AI17 -> 67103730 | BJ17: =M17 -> 37500000 | BK17: =AJ17 -> 76498133 | BL17: =N17 -> 42000000 | BM17: =AK17 -> 35035240 | BN17: =O17 -> 59000000 | BO17: =AL17 -> 0 | BP17: =P17 -> 70000000 | BQ17: =AM17 -> 177074080 | BR17: =Q17 -> 55000000 | BS17: =AN17 -> 11358060 | BT17: =R17 -> 55000000 | BU17: =AO17 -> 43217820 | BV17: =S17 -> 60000000 | BW17: =AP17 -> 0 | BX17: =T17 -> 60000000 | BY17: =AQ17 -> 0 | BZ17: =U17 -> 149486574 | CA17: =AR17 -> 0 | CB17: =+BD17+BF17+BH17+BJ17+BL17+BN17+BP17+BR17+BT17+BV17+BX17+BZ17 -> 680486574 | CC17: =+BE17+BG17+BI17+BK17+BM17+BO17+BQ17+BS17+BU17+BW17+BY17+CA17 -> 410287063
C18: No Tributarios | D18: =+D19 -> 350000000 | E18: =+E19 -> 0 | F18: =+F19 -> 0 | I18: =+D18+E18-F18 -> 350000000 | J18: =+J19 -> 9426298.6 | K18: =+K19 -> 9426298.6 | L18: =+L19 -> 6500000 | M18: =+M19 -> 6500000 | N18: =+N19 -> 8000000 | O18: =+O19 -> 6000000 | P18: =+P19 -> 6000000 | Q18: =+Q19 -> 6000000 | R18: =+R19 -> 10600480 | S18: 6000000 | T18: 6000000 | U18: =+U19 -> 269546923 | V18: =SUM(J18:U18) -> 3.5e+08 | W18: =+I18-V18 -> -0.25999999 | Z18: No Tributarios | AA18: =+AA19 -> 350000000 | AB18: =+E18 -> 0 | AC18: =+F18 -> 0 | AD18: =+G18 -> 0 | AE18: =+H18 -> 0 | AF18: =+I18 -> 350000000 | AG18: =+J18 -> 9426298.6 | AH18: =+AH19 -> 9158175 | AI18: =+AI19 -> 6161512 | AJ18: =+AJ19 -> 17449868 | AK18: =+AK19 -> 20023422 | AL18: =+AL19 -> 13062244 | AM18: =+AM19 -> 869874 | AN18: 4249411.7 | AO18: =+AO19 -> 14532332 | AP18: 0 | AQ18: 0 | AR18: 0 | AS18: =SUM(AG18:AR18) -> 94933137 | AW18: No Tributarios | AX18: =+AX19 -> 350000000 | AY18: =+E18 -> 0 | AZ18: =+F18 -> 0 | BA18: =+G18 -> 0 | BB18: =+H18 -> 0 | BC18: =+I18 -> 350000000 | BD18: =+J18 -> 9426298.6 | BE18: =+AG18 -> 9426298.6 | BF18: =+K18 -> 9426298.6 | BG18: =+AH18 -> 9158175 | BH18: =L18 -> 6500000 | BI18: =AI18 -> 6161512 | BJ18: =M18 -> 6500000 | BK18: =AJ18 -> 17449868 | BL18: =N18 -> 8000000 | BM18: =AK18 -> 20023422 | BN18: =O18 -> 6000000 | BO18: =AL18 -> 13062244 | BP18: =P18 -> 6000000 | BQ18: =AM18 -> 869874 | BR18: =Q18 -> 6000000 | BS18: =AN18 -> 4249411.7 | BT18: =R18 -> 10600480 | BU18: =AO18 -> 14532332 | BV18: =S18 -> 6000000 | BW18: =AP18 -> 0 | BX18: =T18 -> 6000000 | BY18: =AQ18 -> 0 | BZ18: =U18 -> 269546923 | CA18: =AR18 -> 0 | CB18: =+BD18+BF18+BH18+BJ18+BL18+BN18+BP18+BR18+BT18+BV18+BX18+BZ18 -> 3.5e+08 | CC18: =+BE18+BG18+BI18+BK18+BM18+BO18+BQ18+BS18+BU18+BW18+BY18+CA18 -> 94933137
C19: venta de bienes y servicios | D19: 350000000 | E19: 0 | F19: 0 | I19: =+D19+E19-F19 -> 350000000 | J19: 9426298.6 | K19: 9426298.6 | L19: 6500000 | M19: =L19 -> 6500000 | N19: 8000000 | O19: 6000000 | P19: =O19 -> 6000000 | Q19: =P19 -> 6000000 | R19: 10600480 | S19: 6000000 | T19: =S19 -> 6000000 | U19: 269546923 | V19: =SUM(J19:U19) -> 3.5e+08 | W19: =+I19-V19 -> -0.25999999 | Z19: venta de bienes y servicios | AA19: =I19 -> 350000000 | AB19: =+E19 -> 0 | AC19: =+F19 -> 0 | AD19: =+G19 -> 0 | AE19: =+H19 -> 0 | AF19: =+I19 -> 350000000 | AG19: 9426299 | AH19: 9158175 | AI19: 6161512 | AJ19: 17449868 | AK19: 20023422 | AL19: 13062244 | AM19: 869874 | AN19: 4249412 | AO19: 14532332 | AP19: 0 | AQ19: 0 | AR19: 0 | AS19: =SUM(AG19:AR19) -> 94933138 | AW19: venta de bienes y servicios | AX19: =AF19 -> 350000000 | AY19: =+E19 -> 0 | AZ19: =+F19 -> 0 | BA19: =+G19 -> 0 | BB19: =+H19 -> 0 | BC19: =+I19 -> 350000000 | BD19: =J19 -> 9426298.6 | BE19: 9426299 | BF19: =+K19 -> 9426298.6 | BG19: =+AH19 -> 9158175 | BH19: =L19 -> 6500000 | BI19: =AI19 -> 6161512 | BJ19: =M19 -> 6500000 | BK19: =AJ19 -> 17449868 | BL19: =N19 -> 8000000 | BM19: =AK19 -> 20023422 | BN19: =O19 -> 6000000 | BO19: =AL19 -> 13062244 | BP19: =P19 -> 6000000 | BQ19: =AM19 -> 869874 | BR19: =Q19 -> 6000000 | BS19: =AN19 -> 4249412 | BT19: =R19 -> 10600480 | BU19: =AO19 -> 14532332 | BV19: =S19 -> 6000000 | BW19: =AP19 -> 0 | BX19: =T19 -> 6000000 | BY19: =AQ19 -> 0 | BZ19: =U19 -> 269546923 | CA19: =AR19 -> 0 | CB19: =+BD19+BF19+BH19+BJ19+BL19+BN19+BP19+BR19+BT19+BV19+BX19+BZ19 -> 3.5e+08 | CC19: =+BE19+BG19+BI19+BK19+BM19+BO19+BQ19+BS19+BU19+BW19+BY19+CA19 -> 94933138
B20: 3 | C20: Ingresos Capital | D20: =SUM(D21:D23) -> 2000000 | E20: 2.2443671e+08 | F20: =SUM(F21:F23) -> 0 | I20: =+D20+E20-F20 -> 2.2643671e+08 | J20: =SUM(J21:J23) -> 0 | K20: =SUM(K21:K23) -> 495000 | L20: =SUM(L21:L23) -> 495000 | M20: =SUM(M21:M23) -> 578861 | N20: =SUM(N21:N23) -> 431139 | O20: =SUM(O21:O23) -> 0 | P20: =SUM(P21:P23) -> 0 | Q20: =SUM(Q21:Q23) -> 0 | ... U20: =SUM(U21:U23) -> 0 | V20: =SUM(J20:U20) -> 226436709 | W20: =+I20-V20 -> -0.38999999 | Y20: 3 | Z20: Ingresos Capital | AA20: =SUM(AA21:AA23) -> 2.2643671e+08 | AB20: =+E20 -> 2.2443671e+08 | AC20: =+F20 -> 0 | AD20: =+G20 -> 0 | AE20: =+H20 -> 0 | AF20: =+I20 -> 2.2643671e+08 | AG20: =SUM(AG21:AG23) -> 0 | AH20: =SUM(AH21:AH23) -> 1078754 | AI20: =SUM(AI21:AI23) -> 567323 | AJ20: =SUM(AJ21:AJ23) -> 608483 | AK20: =SUM(AK21:AK23) -> 537656 | AL20: =SUM(AL21:AL23) -> 230806.14 | AM20: =SUM(AM21:AM23) -> 408928 | AN20: =SUM(AN21:AN23) -> 717603 | ... AR20: =SUM(AR21:AR23) -> 0 | AS20: =SUM(AG20:AR20) -> 4926349.9 | AV20: 3 | AW20: Ingresos Capital | AX20: =SUM(AX21:AX23) -> 2.2643671e+08 | AY20: =+E20 -> 2.2443671e+08 | AZ20: =+F20 -> 0 | BA20: =+G20 -> 0 | BB20: =+H20 -> 0 | BC20: =+I20 -> 2.2643671e+08 | BD20: =SUM(BD21:BD23) -> 0 | BE20: =SUM(BE21:BE23) -> 0 | BF20: =+K20 -> 495000 | BG20: =+AH20 -> 1078754 | BH20: =L20 -> 495000 | BI20: =AI20 -> 567323 | BJ20: =M20 -> 578861 | BK20: =AJ20 -> 608483 | BL20: =N20 -> 431139 | BM20: =AK20 -> 537656 | BN20: =O20 -> 0 | BO20: =AL20 -> 230806.14 | BP20: =P20 -> 0 | BQ20: =AM20 -> 408928 | BR20: =Q20 -> 0 | BS20: =AN20 -> 717603 | BT20: =R20 -> 0 | BU20: =AO20 -> 776796.72 | BV20: =S20 -> 100000000 | BW20: =AP20 -> 0 | BX20: =T20 -> 124436709 | BY20: =AQ20 -> 0 | BZ20: =U20 -> 0 | CA20: =AR20 -> 0 | CB20: =+BD20+BF20+BH20+BJ20+BL20+BN20+BP20+BR20+BT20+BV20+BX20+BZ20 -> 226436709 | CC20: =+BE20+BG20+BI20+BK20+BM20+BO20+BQ20+BS20+BU20+BW20+BY20+CA20 -> 4926349.9
C21: Superavit | D21: 0 | E21: 2.2443671e+08 | F21: 0 | I21: =+D21+E21-F21 -> 2.2443671e+08 | K21: 0 | L21: =+K21 -> 0 | M21: 0 | N21: 0 | O21: =+N21 -> 0 | P21: 0 | Q21: 0 | R21: 0 | S21: 100000000 | T21: 124436709 | U21: 0 | V21: =SUM(J21:U21) -> 224436709 | W21: =+I21-V21 -> -0.38999999 | Z21: Superavit | AA21: =I21 -> 2.2443671e+08 | AB21: =+E21 -> 2.2443671e+08 | AC21: =+F21 -> 0 | AD21: =+G21 -> 0 | AE21: =+H21 -> 0 | AF21: =+I21 -> 2.2443671e+08 | AG21: 0 | AH21: 0 | AI21: 0 | AJ21: 0 | AK21: 0 | AL21: 0 | AM21: 0 | AN21: 0 | AO21: 0 | AP21: 0 | AQ21: 0 | AR21: 0 | AS21: =SUM(AG21:AR21) -> 0 | AW21: Superavit | AX21: =AF21 -> 2.2443671e+08 | AY21: =+E21 -> 2.2443671e+08 | AZ21: =+F21 -> 0 | BA21: =+G21 -> 0 | BB21: =+H21 -> 0 | BC21: =+I21 -> 2.2443671e+08 | BD21: =+J21 -> 0 | BE21: =+AG21 -> 0 | BF21: =+K21 -> 0 | BG21: =+AH21 -> 0 | BH21: =L21 -> 0 | BI21: =AI21 -> 0 | BJ21: =M21 -> 0 | BK21: =AJ21 -> 0 | BL21: =N21 -> 0 | BM21: =AK21 -> 0 | BN21: =O21 -> 0 | BO21: =AL21 -> 0 | BP21: =P21 -> 0 | BQ21: =AM21 -> 0 | BR21: =Q21 -> 0 | BS21: =AN21 -> 0 | BT21: =R21 -> 0 | BU21: =AO21 -> 0 | BV21: =S21 -> 100000000 | BW21: =AP21 -> 0 | BX21: =T21 -> 124436709 | BY21: =AQ21 -> 0 | BZ21: =U21 -> 0 | CA21: =AR21 -> 0 | CB21: =+BD21+BF21+BH21+BJ21+BL21+BN21+BP21+BR21+BT21+BV21+BX21+BZ21 -> 224436709 | CC21: =+BE21+BG21+BI21+BK21+BM21+BO21+BQ21+BS21+BU21+BW21+BY21+CA21 -> 0
C22: Rendimientos Fcros | D22: 2000000 | E22: 0 | F22: 0 | I22: =+D22+E22-F22 -> 2000000 | J22: 0 | K22: 495000 | L22: =K22 -> 495000 | M22: 578861 | N22: 431139 | O22: 0 | P22: =+O22 -> 0 | Q22: =+P22 -> 0 | R22: =+Q22 -> 0 | S22: =+R22 -> 0 | T22: =+S22 -> 0 | U22: =+T22 -> 0 | V22: =SUM(J22:U22) -> 2000000 | W22: =+I22-V22 -> 0 | Z22: Rendimientos Fcros | AA22: =I22 -> 2000000 | AB22: =+E22 -> 0 | AC22: =+F22 -> 0 | AD22: =+G22 -> 0 | AE22: =+H22 -> 0 | AF22: =+I22 -> 2000000 | AG22: 0 | AH22: 1078754 | AI22: 567323 | AJ22: 608483 | AK22: 537656 | AL22: 230806.14 | AM22: 408928 | AN22: 717603 | AO22: 776796.72 | AP22: 0 | AQ22: 0 | AR22: 0 | AS22: =SUM(AG22:AR22) -> 4926349.9 | AW22: Rendimientos Fcros | AX22: =AF22 -> 2000000 | AY22: =+E22 -> 0 | AZ22: =+F22 -> 0 | BA22: =+G22 -> 0 | BB22: =+H22 -> 0 | BC22: =+I22 -> 2000000 | BD22: =+J22 -> 0 | BE22: =+AG22 -> 0 | BF22: =+K22 -> 495000 | BG22: 1078754 | BH22: =L22 -> 495000 | BI22: =AI22 -> 567323 | BJ22: =M22 -> 578861 | BK22: =AJ22 -> 608483 | BL22: =N22 -> 431139 | BM22: =AK22 -> 537656 | BN22: =O22 -> 0 | BO22: =AL22 -> 230806.14 | BP22: =P22 -> 0 | BQ22: =AM22 -> 408928 | BR22: =Q22 -> 0 | BS22: =AN22 -> 717603 | BT22: =R22 -> 0 | BU22: =AO22 -> 776796.72 | BV22: =S22 -> 0 | BW22: =AP22 -> 0 | BX22: =T22 -> 0 | BY22: =AQ22 -> 0 | BZ22: =U22 -> 0 | CA22: =AR22 -> 0 | CB22: =+BD22+BF22+BH22+BJ22+BL22+BN22+BP22+BR22+BT22+BV22+BX22+BZ22 -> 2000000 | CC22: =+BE22+BG22+BI22+BK22+BM22+BO22+BQ22+BS22+BU22+BW22+BY22+CA22 -> 4926349.9
C23: Otros | D23: 0 | E23: 0 | F23: 0 | I23: =+D23+E23-F23 -> 0 | J23: 0 | K23: 0 | L23: 0 | M23: 0 | N23: 0 | O23: 0 | P23: 0 | Q23: 0 | R23: 0 | S23: 0 | T23: 0 | U23: 0 | V23: =SUM(J23:U23) -> 0 | W23: =+I23-V23 -> 0 | Z23: Otros | AA23: =I23 -> 0 | AB23: =+E23 -> 0 | AC23: =+F23 -> 0 | AD23: =+G23 -> 0 | AE23: =+H23 -> 0 | AF23: =+I23 -> 0 | AG23: 0 | AH23: 0 | AI23: 0 | AJ23: 0 | AK23: 0 | AL23: 0 | AM23: 0 | AN23: 0 | AO23: 0 | AP23: 0 | AQ23: 0 | AR23: 0 | AS23: =SUM(AG23:AR23) -> 0 | AW23: Otros | AX23: =AF23 -> 0 | AY23: =+E23 -> 0 | AZ23: =+F23 -> 0 | BA23: =+G23 -> 0 | BB23: =+H23 -> 0 | BC23: =+I23 -> 0 | BD23: =+J23 -> 0 | BE23: =+AG23 -> 0 | BF23: =+K23 -> 0 | BG23: =+AH23 -> 0 | BH23: =L23 -> 0 | BI23: =AI23 -> 0 | BJ23: =M23 -> 0 | BK23: =AJ23 -> 0 | BL23: =N23 -> 0 | BM23: =AK23 -> 0 | BN23: =O23 -> 0 | BO23: =AL23 -> 0 | BP23: =P23 -> 0 | BQ23: =AM23 -> 0 | BR23: =Q23 -> 0 | BS23: =AN23 -> 0 | BT23: =R23 -> 0 | BU23: =AO23 -> 0 | BV23: =S23 -> 0 | BW23: =AP23 -> 0 | BX23: =T23 -> 0 | BY23: =AQ23 -> 0 | BZ23: =U23 -> 0 | CA23: =AR23 -> 0 | CB23: =+BD23+BF23+BH23+BJ23+BL23+BN23+BP23+BR23+BT23+BV23+BX23+BZ23 -> 0 | CC23: =+BE23+BG23+BI23+BK23+BM23+BO23+BQ23+BS23+BU23+BW23+BY23+CA23 -> 0
A24: OK decreto 853 | C24: Transferencias | D24: =+D25+D26+D27 -> 1996000000 | E24: =+E25+E26+E27 -> 1704785980 | F24: =+F25+F26+F27 -> 182907580 | I24: =+D24+E24-F24 -> 3517878400 | J24: =+J25+J26+J27 -> 0 | K24: =+K25+K26+K27 -> 0 | L24: =+L25+L26+L27 -> 151200000 | M24: =+M25+M26+M27 -> 75600000 | N24: =+N25+N26+N27 -> 0 | O24: =+O25+O26+O27 -> 123966666 | P24: =+P25+P26+P27 -> 123966666 | Q24: =+Q25+Q26+Q27 -> 212216666 | ... U24: =+U25+U26+U27 -> 545058845 | V24: =SUM(J24:U24) -> 3517878400 | W24: =+I24-V24 -> 0 | Z24: Transferencias | AA24: =+AA25+AA26+AA27 -> 3517878400 | AB24: =+E24 -> 1704785980 | AC24: =+F24 -> 182907580 | AD24: =+G24 -> 0 | AE24: =+H24 -> 0 | AF24: =+I24 -> 3517878400 | AG24: =+AG25+AG26+AG27 -> 0 | AH24: =+AH25+AH26+AH27 -> 0 | AI24: =+AI25+AI26+AI27 -> 151200000 | AJ24: =+AJ25+AJ26+AJ27 -> 75600000 | AK24: =+AK25+AK26+AK27 -> 0 | AL24: =+AL25+AL26+AL27 -> 0 | AM24: =+AM25+AM26+AM27 -> 425217444 | AN24: =+AN25+AN26+AN27 -> 212514142 | ... AR24: =+AR25+AR26+AR27 -> 0 | AS24: =SUM(AG24:AR24) -> 1009623798 | AW24: Transferencias | AX24: =+AX25+AX26+AX27 -> 3517878400 | AY24: =+E24 -> 1704785980 | AZ24: =+F24 -> 182907580 | BA24: =+G24 -> 0 | BB24: =+H24 -> 0 | BC24: =+I24 -> 3517878400 | BD24: =+J24 -> 0 | BE24: =+AG24 -> 0 | BF24: =+K24 -> 0 | BG24: =+AH24 -> 0 | BH24: =L24 -> 151200000 | BI24: =AI24 -> 151200000 | BJ24: =M24 -> 75600000 | BK24: =AJ24 -> 75600000 | BL24: =N24 -> 0 | BM24: =AK24 -> 0 | BN24: =O24 -> 123966666 | BO24: =AL24 -> 0 | BP24: =P24 -> 123966666 | BQ24: =AM24 -> 425217444 | BR24: =Q24 -> 212216666 | BS24: =AN24 -> 212514142 | BT24: =R24 -> 628204921 | BU24: =AO24 -> 145092212 | BV24: =S24 -> 647478504 | BW24: =AP24 -> 0 | BX24: =T24 -> 1010186132 | BY24: =AQ24 -> 0 | BZ24: =U24 -> 545058845 | CA24: =AR24 -> 0 | CB24: =+BD24+BF24+BH24+BJ24+BL24+BN24+BP24+BR24+BT24+BV24+BX24+BZ24 -> 3517878400 | CC24: =+BE24+BG24+BI24+BK24+BM24+BO24+BQ24+BS24+BU24+BW24+BY24+CA24 -> 1009623798
C25: Nacionales | D25: 0 | E25: 704785980 | F25: 0 | I25: =+D25+E25-F25 -> 704785980 | J25: 0 | K25: 0 | L25: 0 | M25: 0 | N25: 0 | O25: 0 | P25: 0 | Q25: 0 | R25: 422871588 | S25: 211435794 | T25: 0 | U25: 70478598 | V25: =SUM(J25:U25) -> 704785980 | W25: =+I25-V25 -> 0 | Z25: Nacionales | AA25: =I25 -> 704785980 | AB25: =+E25 -> 704785980 | AC25: =+F25 -> 0 | AD25: =+G25 -> 0 | AE25: =+H25 -> 0 | AF25: =+I25 -> 704785980 | AG25: 0 | AH25: 0 | AI25: 0 | AJ25: 0 | AK25: 0 | AL25: 0 | AM25: 0 | AN25: 0 | AO25: 80175546 | AP25: 0 | AQ25: 0 | AR25: 0 | AS25: =SUM(AG25:AR25) -> 80175546 | AW25: Nacionales | AX25: =AF25 -> 704785980 | AY25: =+E25 -> 704785980 | AZ25: =+F25 -> 0 | BA25: =+G25 -> 0 | BB25: =+H25 -> 0 | BC25: =+I25 -> 704785980 | BD25: =+J25 -> 0 | BE25: =+AG25 -> 0 | BF25: =+K25 -> 0 | BG25: =+AH25 -> 0 | BH25: =L25 -> 0 | BI25: =AI25 -> 0 | BJ25: =M25 -> 0 | BK25: =AJ25 -> 0 | BL25: =N25 -> 0 | BM25: =AK25 -> 0 | BN25: =O25 -> 0 | BO25: =AL25 -> 0 | BP25: =P25 -> 0 | BQ25: =AM25 -> 0 | BR25: =Q25 -> 0 | BS25: =AN25 -> 0 | BT25: =R25 -> 422871588 | BU25: =AO25 -> 80175546 | BV25: =S25 -> 211435794 | BW25: =AP25 -> 0 | BX25: =T25 -> 0 | BY25: =AQ25 -> 0 | BZ25: =U25 -> 70478598 | CA25: =AR25 -> 0 | CB25: =+BD25+BF25+BH25+BJ25+BL25+BN25+BP25+BR25+BT25+BV25+BX25+BZ25 -> 704785980 | CC25: =+BE25+BG25+BI25+BK25+BM25+BO25+BQ25+BS25+BU25+BW25+BY25+CA25 -> 80175546
C26: Departamentales | D26: 1996000000 | E26: 1000000000 | F26: 182907580 | I26: =+D26+E26-F26 -> 2813092420 | J26: =+J95-J149 -> 0 | K26: =+K95-K149 -> 0 | L26: =+L95-L149 -> 151200000 | M26: =+M95-M149 -> 75600000 | N26: =+N95-N149 -> 0 | O26: =+O95-O149 -> 123966666 | P26: =+P95-P149 -> 123966666 | Q26: =+Q95-Q149 -> 212216666 | ... U26: =+U95-U149 -> 474580247 | V26: =SUM(J26:U26) -> 2813092420 | W26: =+I26-V26 -> 0 | Z26: Departamentales | AA26: =I26 -> 2813092420 | AB26: =+E26 -> 1000000000 | AC26: =+F26 -> 182907580 | AD26: =+G26 -> 0 | AE26: =+H26 -> 0 | AF26: =+I26 -> 2813092420 | AG26: 0 | AH26: 0 | AI26: 151200000 | AJ26: 75600000 | AK26: 0 | AL26: 0 | AM26: 425217444 | AN26: 212514142 | AO26: 64916666 | AP26: 0 | AQ26: 0 | AR26: 0 | AS26: =SUM(AG26:AR26) -> 929448252 | AW26: Departamentales | AX26: =AF26 -> 2813092420 | AY26: =+E26 -> 1000000000 | AZ26: =+F26 -> 182907580 | BA26: =+G26 -> 0 | BB26: =+H26 -> 0 | BC26: =+I26 -> 2813092420 | BD26: =+J26 -> 0 | BE26: =+AG26 -> 0 | BF26: =+K26 -> 0 | BG26: =+AH26 -> 0 | BH26: =L26 -> 151200000 | BI26: =AI26 -> 151200000 | BJ26: =M26 -> 75600000 | BK26: =AJ26 -> 75600000 | BL26: =N26 -> 0 | BM26: =AK26 -> 0 | BN26: =O26 -> 123966666 | BO26: =AL26 -> 0 | BP26: =P26 -> 123966666 | BQ26: =AM26 -> 425217444 | BR26: =Q26 -> 212216666 | BS26: =AN26 -> 212514142 | BT26: =R26 -> 205333333 | BU26: =AO26 -> 64916666 | BV26: =S26 -> 436042710 | BW26: =AP26 -> 0 | BX26: =T26 -> 1010186132 | BY26: =AQ26 -> 0 | BZ26: =U26 -> 474580247 | CA26: =AR26 -> 0 | CB26: =+BD26+BF26+BH26+BJ26+BL26+BN26+BP26+BR26+BT26+BV26+BX26+BZ26 -> 2813092420 | CC26: =+BE26+BG26+BI26+BK26+BM26+BO26+BQ26+BS26+BU26+BW26+BY26+CA26 -> 929448252
C27: Otras Transferencias | D27: 0 | E27: 0 | F27: 0 | I27: =+D27+E27-F27 -> 0 | J27: 0 | K27: 0 | L27: 0 | M27: 0 | N27: 0 | O27: 0 | P27: 0 | Q27: 0 | R27: 0 | S27: 0 | T27: 0 | U27: 0 | V27: =SUM(J27:U27) -> 0 | W27: =+I27-V27 -> 0 | Z27: Otras Transferencias | AA27: =I27 -> 0 | AB27: =+E27 -> 0 | AC27: =+F27 -> 0 | AD27: =+G27 -> 0 | AE27: =+H27 -> 0 | AF27: =+I27 -> 0 | AG27: 0 | AH27: 0 | AI27: 0 | AJ27: 0 | AK27: 0 | AL27: 0 | AM27: 0 | AN27: 0 | AO27: 0 | AP27: 0 | AQ27: 0 | AR27: 0 | AS27: =SUM(AG27:AR27) -> 0 | AW27: Otras Transferencias | AX27: =AF27 -> 0 | AY27: =+E27 -> 0 | AZ27: =+F27 -> 0 | BA27: =+G27 -> 0 | BB27: =+H27 -> 0 | BC27: =+I27 -> 0 | BD27: =+J27 -> 0 | BE27: =+AG27 -> 0 | BF27: =+K27 -> 0 | BG27: =+AH27 -> 0 | BH27: =L27 -> 0 | BI27: =AI27 -> 0 | BJ27: =M27 -> 0 | BK27: =AJ27 -> 0 | BL27: =N27 -> 0 | BM27: =AK27 -> 0 | BN27: =O27 -> 0 | BO27: =AL27 -> 0 | BP27: =P27 -> 0 | BQ27: =AM27 -> 0 | BR27: =Q27 -> 0 | BS27: =AN27 -> 0 | BT27: =R27 -> 0 | BU27: =AO27 -> 0 | BV27: =S27 -> 0 | BW27: =AP27 -> 0 | BX27: =T27 -> 0 | BY27: =AQ27 -> 0 | BZ27: =U27 -> 0 | CA27: =AR27 -> 0 | CB27: =+BD27+BF27+BH27+BJ27+BL27+BN27+BP27+BR27+BT27+BV27+BX27+BZ27 -> 0 | CC27: =+BE27+BG27+BI27+BK27+BM27+BO27+BQ27+BS27+BU27+BW27+BY27+CA27 -> 0
B28: A | C28: Total Ingresos (1+2+3) | D28: =+D8+D12+D20 -> 4906620563 | E28: =+E8+E12+E20 -> 1.9292227e+09 | F28: =+F8+F12+F20 -> 182907580 | I28: =+I8+I12+I20 -> 6.6529357e+09 | J28: =+J8+J12+J20 -> 9426298.6 | K28: =+K8+K12+K20 -> 2.4146687e+08 | L28: =+L8+L12+L20 -> 357088626 | M28: =+M8+M12+M20 -> 283726878 | N28: =+N8+N12+N20 -> 222473186 | O28: =+O8+O12+O20 -> 323637071 | P28: =+P8+P12+P20 -> 4.590868e+08 | ... U28: =+U8+U12+U20 -> 1103999976 | V28: =SUM(J28:U28) -> 6.6529357e+09 | Y28: A | Z28: Total Ingresos (1+2+3) | AA28: =+AA8+AA12+AA20 -> 6.6529357e+09 | AB28: =+E28 -> 1.9292227e+09 | AC28: =+F28 -> 182907580 | AD28: =+G28 -> 0 | AE28: =+H28 -> 0 | AF28: =+I28 -> 6.6529357e+09 | AG28: =+AG8+AG12+AG20+AG24 -> 9426298.6 | AH28: =+AH8+AH12+AH20+AH24 -> 2.5045297e+08 | AI28: =+AI8+AI12+AI20 -> 3.220352e+08 | AJ28: =+AJ12+AJ20+AJ8 -> 4.0854988e+08 | AK28: =+AK8+AK12+AK20+AK24 -> 2.3850705e+08 | AL28: =+AL8+AL12+AL20+AL24 -> 3.4730873e+08 | AM28: =+AM8+AM12+AM20+AM24 -> 1.0450705e+09 | AN28: =+AN8+AN12+AN20+AN24 -> 1.1365551e+09 | AO28: =+AO8+AO12+AO20+AO24 -> 1.2097501e+09 | AP28: =+AP8+AP12+AP20+AP24 -> 0 | AQ28: =+AQ8+AQ12+AQ20+AQ24 -> 0 | AR28: =+AR8+AR12+AR20+AR24 -> 0 | AS28: =+AS8+AS12+AS20+AS24 -> 5.1944558e+09 | AV28: A | AW28: Total Ingresos (1+2+3) | AX28: =+AX8+AX12+AX20 -> 6.6529357e+09 | AY28: =+AY8+AY12+AY20 -> 1.9292227e+09 | AZ28: =+AZ8+AZ12+AZ20 -> 182907580 | BA28: =+BA8+BA12+BA20 -> 0 | BB28: =+BB8+BB12+BB20 -> 0 | BC28: =+BC8+BC12+BC20 -> 6.6529357e+09 | BD28: =J28 -> 9426298.6 | BE28: =AG28 -> 9426298.6 | BF28: =K28 -> 2.4146687e+08 | BG28: =AH28 -> 2.5045297e+08 | BH28: =L28 -> 357088626 | BI28: =AI28 -> 3.220352e+08 | BJ28: =M28 -> 283726878 | BK28: =AJ28 -> 4.0854988e+08 | BL28: =N28 -> 222473186 | BM28: =AK28 -> 2.3850705e+08 | BN28: =O28 -> 323637071 | BO28: =AL28 -> 3.4730873e+08 | BP28: =P28 -> 4.590868e+08 | BQ28: =AM28 -> 1.0450705e+09 | BR28: =Q28 -> 4.3141676e+08 | BS28: =AN28 -> 1.1365551e+09 | BT28: =R28 -> 1.0718417e+09 | BU28: =AO28 -> 1.2097501e+09 | BV28: =S28 -> 813478504 | BW28: =AP28 -> 0 | BX28: =T28 -> 1335292973 | BY28: =AQ28 -> 0 | BZ28: =U28 -> 1103999976 | CA28: =AR28 -> 0 | CB28: =+BD28+BF28+BH28+BJ28+BL28+BN28+BP28+BR28+BT28+BV28+BX28+BZ28 -> 6.6529357e+09 | CC28: =+BE28+BG28+BI28+BK28+BM28+BO28+BQ28+BS28+BU28+BW28+BY28+CA28 -> 4.9676558e+09
C29: GASTOS | D29: Apro Inicial | E29: Adiciones | F29: Reduccion | G29: Creditos | H29: Contracred | I29: Apro Definitiva | J29: Enero | K29: Febrero | L29: Marzo | M29: Abril | N29: Mayo | O29: Junio | P29: Julio | Q29: Agosto | R29: Septiembre | S29: Octubre | T29: Noviembre | U29: Diciembre | V29: Total | Z29: GASTOS | AA29: Apro Inicial | AB29: Adiciones | AC29: Reduccion | AD29: Creditos | AE29: Contracred | AF29: Apro Definitiva | AG29: Enero | AH29: Febrero | AI29: Marzo | AJ29: Abril | AK29: Mayo | AL29: Junio | AM29: Julio | AN29: Agosto | AO29: Septiembre | AP29: Octubre | AQ29: Noviembre | AR29: Diciembre | AS29: Total | AW29: =+C29 -> GASTOS | AX29: Apro Inicial | AY29: =+E29 -> Adiciones | AZ29: =+F29 -> Reduccion | BA29: =+G29 -> Creditos | BB29: =+H29 -> Contracred | BC29: =+I29 -> Apro Definitiva | BD29: Prog Enero | BE29: Ejec Enero | BF29: Prog Febrero | BG29: Ejec Febrero | BH29: Prog Marzo | BI29: Ejec Marzo | BJ29: Prog Abril | BK29: Ejec Abril | BL29: Prog Mayo | BM29: Ejec Mayo | BN29: Prog Junio | BO29: Ejec Junio | BP29: Prog Julio | BQ29: Ejec Julio | BR29: Prog Agosto | BS29: Ejec Agosto | BT29: Prog Septiembre | BU29: Ejec Septiembre | BV29: Prog Octubre | BW29: Ejec Octubre | BX29: Prog Noviembre | BY29: Ejec Noviembre | BZ29: Prog Diciembre | CA29: Ejec Diciembre | CB29: Total Prog | CC29: Total Ejec
B30: 1 | C30: Funcionamiento | D30: =D31+D83+D59+D90 -> 2910620563 | E30: =E31+E83+E59+E90 -> 2.2442671e+08 | F30: =F31+F83+F59+F90 -> 0 | G30: =G31+G83+G59 -> 127335839 | H30: =H31+H83+H59+H90 -> 127335839 | I30: =+D30+E30-F30+G30-H30 -> 3.1350473e+09 | J30: =J31+J83+J59 -> 123952350 | K30: =K31+K83+K59 -> 121118856 | L30: =L31+L83+L59 -> 130124621 | M30: =M31+M83+M59 -> 160344162 | N30: =N31+N83+N59 -> 123974621 | O30: =O31+O83+O59+O90 -> 146410817 | P30: =P31+P83+P59+P90 -> 5.7181653e+08 | Q30: =Q31+Q83+Q59+Q90 -> 168932842 | R30: =R31+R83+R59+R90 -> 274947528 | S30: =S31+S83+S59+S90 -> 190051107 | T30: =T31+T83+T59+T90 -> 3.2722358e+08 | U30: =U31+U83+U59+U90 -> 7.9615026e+08 | V30: =SUM(J30:U30) -> 3.1350473e+09 | W30: =+I30-V30 -> -0.31999969 | Y30: 1 | Z30: Funcionamiento | AA30: =AA31+AA83+AA59+AA90+AA56 -> 3.1315473e+09 | AB30: =+E30 -> 2.2442671e+08 | AC30: =+F30 -> 0 | AD30: =+G30 -> 127335839 | AE30: =+H30 -> 127335839 | AF30: =+I30 -> 3.1350473e+09 | AG30: =AG31+AG83+AG59+AG90 -> 755827 | AH30: =AH31+AH83+AH59+AH90 -> 1.9812643e+08 | AI30: =+AI31+AI65 -> 138960963 | AJ30: =+AJ31+AJ65 -> 149539148 | AK30: =+AK31+AK65+AK84 -> 95345501 | AL30: =+AL31+AL59+AL84 -> 107325890 | AM30: =+AM31+AM59+AM84 -> 137354671 | AN30: =+AN31+AN59+AN84 -> 118591057 | AO30: =AO31+AO83+AO59+AO90 -> 196186921 | AP30: =SUM(AP31:AP83) -> 0 | AQ30: =SUM(AQ31:AQ83) -> 0 | AR30: =SUM(AR31:AR83) -> 0 | AS30: =SUM(AG30:AR30) -> 1.1421864e+09 | AV30: 1 | AW30: =+C30 -> Funcionamiento | AX30: =AX31+AX83+AX59+AX90 -> 3.1350473e+09 | AY30: =+E30 -> 2.2442671e+08 | AZ30: =+F30 -> 0 | BA30: =+G30 -> 127335839 | BB30: =+H30 -> 127335839 | BC30: =+I30 -> 3.1350473e+09 | BD30: =J30 -> 123952350 | BE30: =AG30 -> 755827 | BF30: =K30 -> 121118856 | BG30: =AH30 -> 1.9812643e+08 | BH30: =L30 -> 130124621 | BI30: =AI30 -> 138960963 | BJ30: =M30 -> 160344162 | BK30: =AJ30 -> 149539148 | BL30: =N30 -> 123974621 | BM30: =AK30 -> 95345501 | BN30: =O30 -> 146410817 | BO30: =AL30 -> 107325890 | BP30: =P30 -> 5.7181653e+08 | BQ30: =AM30 -> 137354671 | BR30: =Q30 -> 168932842 | BS30: =AN30 -> 118591057 | BT30: =R30 -> 274947528 | BU30: =AO30 -> 196186921 | BV30: =S30 -> 190051107 | BW30: =AP30 -> 0 | BX30: =T30 -> 3.2722358e+08 | BY30: =AQ30 -> 0 | BZ30: =U30 -> 7.9615026e+08 | CA30: =AR30 -> 0 | CB30: =+BD30+BF30+BH30+BJ30+BL30+BN30+BP30+BR30+BT30+BV30+BX30+BZ30 -> 3.1350473e+09 | CC30: =+BE30+BG30+BI30+BK30+BM30+BO30+BQ30+BS30+BU30+BW30+BY30+CA30 -> 1.1421864e+09
C31: Gastos Personal | D31: =D32+D41+D46+D53+D56 -> 2314180366 | E31: =E32+E41+E46+E53 -> 70917500 | F31: =F32+F41+F46+F53 -> 0 | G31: =G32+G41+G46+G53 -> 86035839 | H31: =H32+H41+H46+H53 -> 109280000 | I31: =+D31+E31-F31+G31-H31 -> 2.3618537e+09 | J31: =J32+J41+J46+J53+J56 -> 123196523 | K31: =K32+K41+K46+K53+K56 -> 117722663 | L31: =L32+L41+L46+L56+L53 -> 125559038 | M31: =M32+M41+M46+M56+M53 -> 146734418 | N31: =N32+N41+N46+N53+J56 -> 119759038 | O31: =O32+O41+O46+O53+O56 -> 134395234 | P31: =P32+P41+P46+P53+P56 -> 283280846 | Q31: =Q32+Q41+Q46+Q53+Q56 -> 168219376 | R31: =R32+R41+R46+R53+R56 -> 274947528 | S31: =S32+S41+S46+S53+S56 -> 190051107 | T31: =T32+T41+T46+T53+T56 -> 173714376 | U31: =U32+U41+U46+U53+U56 -> 504273558 | V31: =SUM(J31:U31) -> 2361853705 | W31: =+I31-V31 -> -0.32000017 | Z31: Gastos Personal | AA31: =AA32+AA41+AA46+AA53 -> 2.2856537e+09 | AB31: =+E31 -> 70917500 | AC31: =+F31 -> 0 | AD31: =+G31 -> 86035839 | AE31: =+H31 -> 109280000 | AF31: =+I31 -> 2.3618537e+09 | AG31: =AG32+AG41+AG46+AG53 -> 0 | AH31: =AH32+AH41+AH46+AH53 -> 1.9203024e+08 | AI31: =AI32+AI41+AI46+AI53 -> 138295380 | AJ31: =AJ32+AJ41+AJ46+AJ53 -> 149539148 | AK31: =AK32+AK41+AK46+AK53 -> 90401340 | AL31: =AL32+AL41+AL46+AL53 -> 106270690 | AM31: =AM32+AM41+AM46+AM53 -> 128743554 | AN31: =AN32+AN41+AN46+AN53 -> 115634797 | AO31: =AO32+AO41+AO46+AO53 -> 171162294 | AP31: 0 | AQ31: 0 | AR31: 0 | AS31: =SUM(AG31:AR31) -> 1092077444 | AW31: =+C31 -> Gastos Personal | AX31: =AX32+AX41+AX46+AX53 -> 2.3618537e+09 | AY31: =+E31 -> 70917500 | AZ31: =+F31 -> 0 | BA31: =+G31 -> 86035839 | BB31: =+H31 -> 109280000 | BC31: =+I31 -> 2.3618537e+09 | BD31: =J31 -> 123196523 | BE31: =AG31 -> 0 | BF31: =K31 -> 117722663 | BG31: =AH31 -> 1.9203024e+08 | BH31: =L31 -> 125559038 | BI31: =AJ31 -> 149539148 | BJ31: =+M31 -> 146734418 | BK31: =AJ31 -> 149539148 | BL31: =+N31 -> 119759038 | BM31: =AK31 -> 90401340 | BN31: =+O31 -> 134395234 | BO31: =AL31 -> 106270690 | BP31: =+P31 -> 283280846 | BQ31: =AM31 -> 128743554 | BR31: =Q31 -> 168219376 | BS31: =AN31 -> 115634797 | BT31: =R31 -> 274947528 | BU31: =AO31 -> 171162294 | BV31: =S31 -> 190051107 | BW31: =AP31 -> 0 | BX31: =T31 -> 173714376 | BY31: =AQ31 -> 0 | BZ31: =U31 -> 504273558 | CA31: =AR31 -> 0 | CB31: =+BD31+BF31+BH31+BJ31+BL31+BN31+BP31+BR31+BT31+BV31+BX31+BZ31 -> 2361853705 | CC31: =+BE31+BG31+BI31+BK31+BM31+BO31+BQ31+BS31+BU31+BW31+BY31+CA31 -> 1103321212
A32: OK decreto 853 | C32: SERVICIOS PERSONALES ASOCIADOS A LA NOMINA | D32: =SUM(D33:D40) -> 1554924012 | E32: =SUM(E33:E40) -> 69704307 | F32: 0 | G32: =SUM(G33:G40) -> 35000000 | H32: =SUM(H33:H40) -> 109280000 | I32: =+D32+E32-F32+G32-H32 -> 1.5503483e+09 | J32: =SUM(J33:J40) -> 89233899 | K32: =SUM(K33:K40) -> 83761639 | L32: =SUM(L33:L40) -> 85908714 | M32: =SUM(M33:M40) -> 103908714 | N32: =SUM(N33:N40) -> 79408714 | O32: =SUM(O33:O40) -> 89245234 | P32: =SUM(P33:P40) -> 229785846 | Q32: =SUM(Q33:Q40) -> 114319376 | ... U32: =SUM(U33:U40) -> 188509011 | V32: =SUM(J32:U32) -> 1550348319 | W32: =+I32-V32 -> -0.31999993 | Z32: SERVICIOS PERSONALES ASOCIADOS A LA NOMINA | AA32: =SUM(AA33:AA40) -> 1.5503483e+09 | AB32: =+E32 -> 69704307 | AC32: =+F32 -> 0 | AD32: =+G32 -> 35000000 | AE32: =+H32 -> 109280000 | AF32: =+I32 -> 1.5503483e+09 | AG32: =SUM(AG33:AG40) -> 0 | AH32: =SUM(AH33:AH40) -> 1.5422229e+08 | AI32: =SUM(AI33:AI40) -> 87312080 | AJ32: =SUM(AJ33:AJ40) -> 123092688 | AK32: =SUM(AK33:AK40) -> 82537084 | AL32: =SUM(AL33:AL40) -> 81403190 | AM32: =SUM(AM33:AM40) -> 104966754 | AN32: =SUM(AN33:AN40) -> 81268008 | ... AS32: =SUM(AS33:AS40) -> 8.5327556e+08 | AW32: =+C32 -> SERVICIOS PERSONALES ASOCIADOS A LA NOMINA | AX32: =SUM(AX33:AX40) -> 1.5503483e+09 | AY32: =+E32 -> 69704307 | AZ32: =+F32 -> 0 | BA32: =+G32 -> 35000000 | BB32: =+H32 -> 109280000 | BC32: =+I32 -> 1.5503483e+09 | BD32: =J32 -> 89233899 | BE32: =AG32 -> 0 | BF32: =K32 -> 83761639 | BG32: =AH32 -> 1.5422229e+08 | BH32: =L32 -> 85908714 | BI32: =AI32 -> 87312080 | BJ32: =+M32 -> 103908714 | BK32: =AJ32 -> 123092688 | BL32: =+N32 -> 79408714 | BM32: =AK32 -> 82537084 | BN32: =+O32 -> 89245234 | BO32: =AL32 -> 81403190 | BP32: =+P32 -> 229785846 | BQ32: =AM32 -> 104966754 | BR32: =Q32 -> 114319376 | BS32: =AN32 -> 81268008 | BT32: =R32 -> 218646689 | BU32: =AO32 -> 138473474 | BV32: =S32 -> 142301107 | BW32: =AP32 -> 0 | BX32: =T32 -> 125319376 | BY32: =AQ32 -> 0 | BZ32: =U32 -> 188509011 | CA32: =AR32 -> 0 | CB32: =+BD32+BF32+BH32+BJ32+BL32+BN32+BP32+BR32+BT32+BV32+BX32+BZ32 -> 1550348319 | CC32: =+BE32+BG32+BI32+BK32+BM32+BO32+BQ32+BS32+BU32+BW32+BY32+CA32 -> 8.5327556e+08
C33: Sueldos Personal de Nomina | D33: 1208424012 | E33: 69704307 | F33: 0 | G33: 0 | H33: 105780000 | I33: =+D33+E33-F33+G33-H33 -> 1.1723483e+09 | J33: 81727834 | K33: 78908714 | L33: =K33 -> 78908714 | M33: =L33 -> 78908714 | N33: =M33 -> 78908714 | O33: 82065062 | P33: 114319376 | Q33: =P33 -> 114319376 | R33: 160147807 | S33: 114319376 | T33: =S33 -> 114319376 | U33: 75495256 | V33: =SUM(J33:U33) -> 1172348319 | W33: =+I33-V33 -> -0.31999993 | Z33: Sueldos Personal de Nomina | AA33: =I33 -> 1.1723483e+09 | AB33: =+E33 -> 69704307 | AC33: =+F33 -> 0 | AD33: =+G33 -> 0 | AE33: =+H33 -> 105780000 | AF33: =+I33 -> 1.1723483e+09 | AG33: 0 | AH33: 1.418633e+08 | AI33: 87312080 | AJ33: 94727858 | AK33: 0 | AL33: 81403190 | AM33: 75432637 | AN33: 73947220 | AO33: 80943917 | AP33: 0 | AQ33: 0 | AR33: 0 | AS33: =SUM(AG33:AR33) -> 6.356302e+08 | AW33: =+C33 -> Sueldos Personal de Nomina | AX33: =AF33 -> 1.1723483e+09 | AY33: =+E33 -> 69704307 | AZ33: =+F33 -> 0 | BA33: =+G33 -> 0 | BB33: =+H33 -> 105780000 | BC33: =+I33 -> 1.1723483e+09 | BD33: =J33 -> 81727834 | BE33: =AG33 -> 0 | BF33: =K33 -> 78908714 | BG33: =AH33 -> 1.418633e+08 | BH33: =L33 -> 78908714 | BI33: =AI33 -> 87312080 | BJ33: =+M33 -> 78908714 | BK33: =AJ33 -> 94727858 | BL33: =+N33 -> 78908714 | BM33: =AK33 -> 0 | BN33: =+O33 -> 82065062 | BO33: =AL33 -> 81403190 | BP33: =+P33 -> 114319376 | BQ33: =AM33 -> 75432637 | BR33: =Q33 -> 114319376 | BS33: =AN33 -> 73947220 | BT33: =R33 -> 160147807 | BU33: =AO33 -> 80943917 | BV33: =S33 -> 114319376 | BW33: =AP33 -> 0 | BX33: =T33 -> 114319376 | BY33: =AQ33 -> 0 | BZ33: =U33 -> 75495256 | CA33: =AR33 -> 0 | CB33: =+BD33+BF33+BH33+BJ33+BL33+BN33+BP33+BR33+BT33+BV33+BX33+BZ33 -> 1172348319 | CC33: =+BE33+BG33+BI33+BK33+BM33+BO33+BQ33+BS33+BU33+BW33+BY33+CA33 -> 6.356302e+08
C34: Indemnización de Vacaciones | D34: 40000000 | E34: 0 | F34: 0 | G34: 35000000 | H34: 0 | I34: =+D34+E34-F34+G34-H34 -> 75000000 | J34: 0 | K34: 0 | L34: 0 | M34: 0 | N34: 0 | O34: 1148183 | P34: 40325191 | Q34: 0 | R34: 24243913 | S34: 9282713 | T34: 0 | U34: =T34 -> 0 | V34: =SUM(J34:U34) -> 75000000 | W34: =+I34-V34 -> 0 | Z34: Indemnización de Vacaciones | AA34: =I34 -> 75000000 | AB34: =+E34 -> 0 | AC34: =+F34 -> 0 | AD34: =+G34 -> 35000000 | AE34: =+H34 -> 0 | AF34: =+I34 -> 75000000 | AG34: 0 | AH34: 0 | AI34: 0 | AJ34: 16933844 | AK34: 33340239 | AL34: 0 | AM34: 0 | AN34: 1645627 | AO34: 24243913 | AP34: 0 | AQ34: 0 | AR34: 0 | AS34: =SUM(AG34:AR34) -> 76163623 | AW34: =+C34 -> Indemnización de Vacaciones | AX34: =AF34 -> 75000000 | AY34: =+E34 -> 0 | AZ34: =+F34 -> 0 | BA34: =+G34 -> 35000000 | BB34: =+H34 -> 0 | BC34: =+I34 -> 75000000 | BD34: =J34 -> 0 | BE34: =AG34 -> 0 | BF34: =K34 -> 0 | BG34: =AH34 -> 0 | BH34: =L34 -> 0 | BI34: =AI34 -> 0 | BJ34: =+M34 -> 0 | BK34: =AJ34 -> 16933844 | BL34: =+N34 -> 0 | BM34: =AK34 -> 33340239 | BN34: =+O34 -> 1148183 | BO34: =AL34 -> 0 | BP34: =+P34 -> 40325191 | BQ34: =AM34 -> 0 | BR34: =Q34 -> 0 | BS34: =AN34 -> 1645627 | BT34: =R34 -> 24243913 | BU34: =AO34 -> 24243913 | BV34: =S34 -> 9282713 | BW34: =AP34 -> 0 | BX34: =T34 -> 0 | BY34: =AQ34 -> 0 | BZ34: =U34 -> 0 | CA34: =AR34 -> 0 | CB34: =+BD34+BF34+BH34+BJ34+BL34+BN34+BP34+BR34+BT34+BV34+BX34+BZ34 -> 75000000 | CC34: =+BE34+BG34+BI34+BK34+BM34+BO34+BQ34+BS34+BU34+BW34+BY34+CA34 -> 76163623
C35: Bonificación por Servicios Prestados | D35: 25000000 | E35: 0 | F35: 0 | G35: 0 | H35: 0 | I35: =+D35+E35-F35+G35-H35 -> 25000000 | J35: 7506065 | K35: 4852925 | L35: 7000000 | M35: 0 | N35: 500000 | O35: =700000+803728 -> 1503728 | P35: 0 | Q35: 0 | R35: 2735929 | S35: 901353 | T35: 0 | U35: 0 | V35: =SUM(J35:U35) -> 25000000 | W35: =+I35-V35 -> 0 | Z35: Bonificación por Servicios Prestados | AA35: =I35 -> 25000000 | AB35: =+E35 -> 0 | AC35: =+F35 -> 0 | AD35: =+G35 -> 0 | AE35: =+H35 -> 0 | AF35: =+I35 -> 25000000 | AG35: 0 | AH35: 12358990 | AI35: 0 | AJ35: 2296832 | AK35: 1744327 | AL35: 0 | AM35: 2399915 | AN35: 803728 | AO35: 1766604 | AP35: 0 | AQ35: 0 | AR35: 0 | AS35: =SUM(AG35:AR35) -> 21370396 | AW35: =+C35 -> Bonificación por Servicios Prestados | AX35: =AF35 -> 25000000 | AY35: =+E35 -> 0 | AZ35: =+F35 -> 0 | BA35: =+G35 -> 0 | BB35: =+H35 -> 0 | BC35: =+I35 -> 25000000 | BD35: =J35 -> 7506065 | BE35: =AG35 -> 0 | BF35: =K35 -> 4852925 | BG35: =AH35 -> 12358990 | BH35: =L35 -> 7000000 | BI35: =AI35 -> 0 | BJ35: =+M35 -> 0 | BK35: =AJ35 -> 2296832 | BL35: =+N35 -> 500000 | BM35: =AK35 -> 1744327 | BN35: =+O35 -> 1503728 | BO35: =AL35 -> 0 | BP35: =+P35 -> 0 | BQ35: =AM35 -> 2399915 | BR35: =Q35 -> 0 | BS35: =AN35 -> 803728 | BT35: =R35 -> 2735929 | BU35: =AO35 -> 1766604 | BV35: =S35 -> 901353 | BW35: =AP35 -> 0 | BX35: =T35 -> 0 | BY35: =AQ35 -> 0 | BZ35: =U35 -> 0 | CA35: =AR35 -> 0 | CB35: =+BD35+BF35+BH35+BJ35+BL35+BN35+BP35+BR35+BT35+BV35+BX35+BZ35 -> 25000000 | CC35: =+BE35+BG35+BI35+BK35+BM35+BO35+BQ35+BS35+BU35+BW35+BY35+CA35 -> 21370396
C36: Prima de Navidad | D36: 117300000 | E36: 0 | F36: 0 | G36: 0 | H36: 0 | I36: =+D36+E36-F36+G36-H36 -> 117300000 | J36: 0 | K36: 0 | L36: =K36 -> 0 | M36: =L36 -> 0 | N36: =M36 -> 0 | O36: 2328261 | P36: 4141279 | Q36: 0 | R36: 8046218 | S36: 4000000 | T36: 0 | U36: 98784242 | V36: =SUM(J36:U36) -> 117300000 | W36: =+I36-V36 -> 0 | Z36: Prima de Navidad | AA36: =I36 -> 117300000 | AB36: =+E36 -> 0 | AC36: =+F36 -> 0 | AD36: =+G36 -> 0 | AE36: =+H36 -> 0 | AF36: =+I36 -> 117300000 | AG36: 0 | AH36: 0 | AI36: 0 | AJ36: 443928 | AK36: 1803868 | AL36: 0 | AM36: 0 | AN36: 2383548 | AO36: 8046218 | AP36: 0 | AQ36: 0 | AR36: 0 | AS36: =SUM(AG36:AR36) -> 12677562 | AW36: =+C36 -> Prima de Navidad | AX36: =AF36 -> 117300000 | AY36: =+E36 -> 0 | AZ36: =+F36 -> 0 | BA36: =+G36 -> 0 | BB36: =+H36 -> 0 | BC36: =+I36 -> 117300000 | BD36: =J36 -> 0 | BE36: =AG36 -> 0 | BF36: =K36 -> 0 | BG36: =AH36 -> 0 | BH36: =L36 -> 0 | BI36: =AI36 -> 0 | BJ36: =+M36 -> 0 | BK36: =AJ36 -> 443928 | BL36: =+N36 -> 0 | BM36: =AK36 -> 1803868 | BN36: =+O36 -> 2328261 | BO36: =AL36 -> 0 | BP36: =+P36 -> 4141279 | BQ36: =AM36 -> 0 | BR36: =Q36 -> 0 | BS36: =AN36 -> 2383548 | BT36: =R36 -> 8046218 | BU36: =AO36 -> 8046218 | BV36: =S36 -> 4000000 | BW36: =AP36 -> 0 | BX36: =T36 -> 0 | BY36: =AQ36 -> 0 | BZ36: =U36 -> 98784242 | CA36: =AR36 -> 0 | CB36: =+BD36+BF36+BH36+BJ36+BL36+BN36+BP36+BR36+BT36+BV36+BX36+BZ36 -> 117300000 | CC36: =+BE36+BG36+BI36+BK36+BM36+BO36+BQ36+BS36+BU36+BW36+BY36+CA36 -> 12677562
C37: Prima Tecnica | D37: 0 | E37: 0 | F37: 0 | G37: 0 | H37: 0 | I37: =+D37+E37-F37+G37-H37 -> 0 | J37: =I37/12 -> 0 | K37: 0 | L37: 0 | M37: 0 | N37: 0 | O37: 0 | P37: 0 | Q37: 0 | R37: 0 | S37: 0 | T37: 0 | U37: 0 | V37: =SUM(J37:U37) -> 0 | W37: =+I37-V37 -> 0 | Z37: Prima Tecnica | AA37: =I37 -> 0 | AB37: =+E37 -> 0 | AC37: =+F37 -> 0 | AD37: =+G37 -> 0 | AE37: =+H37 -> 0 | AF37: =+I37 -> 0 | AG37: 0 | AH37: 0 | AI37: 0 | AJ37: 0 | AK37: 0 | AL37: 0 | AM37: 0 | AN37: 0 | AO37: 0 | AP37: 0 | AQ37: 0 | AR37: 0 | AS37: =SUM(AG37:AR37) -> 0 | AW37: =+C37 -> Prima Tecnica | AX37: =AF37 -> 0 | AY37: =+E37 -> 0 | AZ37: =+F37 -> 0 | BA37: =+G37 -> 0 | BB37: =+H37 -> 0 | BC37: =+I37 -> 0 | BD37: =J37 -> 0 | BE37: =AG37 -> 0 | BF37: =K37 -> 0 | BG37: =AH37 -> 0 | BH37: =L37 -> 0 | BI37: =AI37 -> 0 | BJ37: =+M37 -> 0 | BK37: =AJ37 -> 0 | BL37: =+N37 -> 0 | BM37: =AK37 -> 0 | BN37: =+O37 -> 0 | BO37: =AL37 -> 0 | BP37: =+P37 -> 0 | BQ37: =AM37 -> 0 | BR37: =Q37 -> 0 | BS37: =AN37 -> 0 | BT37: =R37 -> 0 | BU37: =AO37 -> 0 | BV37: =S37 -> 0 | BW37: =AP37 -> 0 | BX37: =T37 -> 0 | BY37: =AQ37 -> 0 | BZ37: =U37 -> 0 | CA37: =AR37 -> 0 | CB37: =+BD37+BF37+BH37+BJ37+BL37+BN37+BP37+BR37+BT37+BV37+BX37+BZ37 -> 0 | CC37: =+BE37+BG37+BI37+BK37+BM37+BO37+BQ37+BS37+BU37+BW37+BY37+CA37 -> 0
C38: Prima de Servicios | D38: 63200000 | E38: 0 | F38: 0 | G38: 0 | H38: 0 | I38: =+D38+E38-F38+G38-H38 -> 63200000 | J38: 0 | K38: 0 | L38: 0 | M38: 0 | N38: 0 | O38: 0 | P38: 50200000 | Q38: 0 | R38: 3626459 | S38: 2500000 | T38: 0 | U38: 6873541 | V38: =SUM(J38:U38) -> 63200000 | W38: =+I38-V38 -> 0 | Z38: Prima de Servicios | AA38: =I38 -> 63200000 | AB38: =+E38 -> 0 | AC38: =+F38 -> 0 | AD38: =+G38 -> 0 | AE38: =+H38 -> 0 | AF38: =+I38 -> 63200000 | AG38: 0 | AH38: 0 | AI38: 0 | AJ38: 1918409 | AK38: 8215623 | AL38: 0 | AM38: 27134202 | AN38: 1159346 | AO38: 3626459 | AP38: 0 | AQ38: 0 | AR38: 0 | AS38: =SUM(AG38:AR38) -> 42054039 | AW38: =+C38 -> Prima de Servicios | AX38: =AF38 -> 63200000 | AY38: =+E38 -> 0 | AZ38: =+F38 -> 0 | BA38: =+G38 -> 0 | BB38: =+H38 -> 0 | BC38: =+I38 -> 63200000 | BD38: =J38 -> 0 | BE38: =AG38 -> 0 | BF38: =K38 -> 0 | BG38: =AH38 -> 0 | BH38: =L38 -> 0 | BI38: =AI38 -> 0 | BJ38: =+M38 -> 0 | BK38: =AJ38 -> 1918409 | BL38: =+N38 -> 0 | BM38: =AK38 -> 8215623 | BN38: =+O38 -> 0 | BO38: =AL38 -> 0 | BP38: =+P38 -> 50200000 | BQ38: =AM38 -> 27134202 | BR38: =Q38 -> 0 | BS38: =AN38 -> 1159346 | BT38: =R38 -> 3626459 | BU38: =AO38 -> 3626459 | BV38: =S38 -> 2500000 | BW38: =AP38 -> 0 | BX38: =T38 -> 0 | BY38: =AQ38 -> 0 | BZ38: =U38 -> 6873541 | CA38: =AR38 -> 0 | CB38: =+BD38+BF38+BH38+BJ38+BL38+BN38+BP38+BR38+BT38+BV38+BX38+BZ38 -> 63200000 | CC38: =+BE38+BG38+BI38+BK38+BM38+BO38+BQ38+BS38+BU38+BW38+BY38+CA38 -> 42054039
C39: Prima de Vacaciones | D39: 88000000 | E39: 0 | F39: 0 | G39: 0 | H39: 3500000 | I39: =+D39+E39-F39+G39-H39 -> 84500000 | J39: 0 | K39: 0 | L39: 0 | M39: 25000000 | N39: 0 | O39: 2000000 | P39: 18000000 | Q39: 0 | R39: 17644028 | S39: 8500000 | T39: 8000000 | U39: 5355972 | V39: =SUM(J39:U39) -> 84500000 | W39: =+I39-V39 -> 0 | Z39: Prima de Vacaciones | AA39: =I39 -> 84500000 | AB39: =+E39 -> 0 | AC39: =+F39 -> 0 | AD39: =+G39 -> 0 | AE39: =+H39 -> 3500000 | AF39: =+I39 -> 84500000 | AG39: 0 | AH39: 0 | AI39: 0 | AJ39: 6019438 | AK39: 33277125 | AL39: 0 | AM39: 0 | AN39: 1175448 | AO39: 17644028 | AP39: 0 | AQ39: 0 | AR39: 0 | AS39: =SUM(AG39:AR39) -> 58116039 | AW39: =+C39 -> Prima de Vacaciones | AX39: =AF39 -> 84500000 | AY39: =+E39 -> 0 | AZ39: =+F39 -> 0 | BA39: =+G39 -> 0 | BB39: =+H39 -> 3500000 | BC39: =+I39 -> 84500000 | BD39: =J39 -> 0 | BE39: =AG39 -> 0 | BF39: =K39 -> 0 | BG39: =AH39 -> 0 | BH39: =L39 -> 0 | BI39: =AI39 -> 0 | BJ39: =+M39 -> 25000000 | BK39: =AJ39 -> 6019438 | BL39: =+N39 -> 0 | BM39: =AK39 -> 33277125 | BN39: =+O39 -> 2000000 | BO39: =AL39 -> 0 | BP39: =+P39 -> 18000000 | BQ39: =AM39 -> 0 | BR39: =Q39 -> 0 | BS39: =AN39 -> 1175448 | BT39: =R39 -> 17644028 | BU39: =AO39 -> 17644028 | BV39: =S39 -> 8500000 | BW39: =AP39 -> 0 | BX39: =T39 -> 8000000 | BY39: =AQ39 -> 0 | BZ39: =U39 -> 5355972 | CA39: =AR39 -> 0 | CB39: =+BD39+BF39+BH39+BJ39+BL39+BN39+BP39+BR39+BT39+BV39+BX39+BZ39 -> 84500000 | CC39: =+BE39+BG39+BI39+BK39+BM39+BO39+BQ39+BS39+BU39+BW39+BY39+CA39 -> 58116039
C40: Bonificación Recreacional | D40: 13000000 | E40: 0 | F40: 0 | G40: 0 | H40: 0 | I40: =+D40+E40-F40+G40-H40 -> 13000000 | J40: 0 | K40: 0 | L40: 0 | M40: =L40 -> 0 | N40: 0 | O40: 200000 | P40: 2800000 | Q40: 0 | R40: 2202335 | S40: 2797665 | T40: 3000000 | U40: 2000000 | V40: =SUM(J40:U40) -> 13000000 | W40: =+I40-V40 -> 0 | Z40: Bonificación Recreacional | AA40: =D40 -> 13000000 | AB40: =+E40 -> 0 | AC40: =+F40 -> 0 | AD40: =+G40 -> 0 | AE40: =+H40 -> 0 | AF40: =+I40 -> 13000000 | AG40: 0 | AH40: 0 | AI40: 0 | AJ40: 752379 | AK40: 4155902 | AL40: 0 | AM40: 0 | AN40: 153091 | AO40: 2202335 | AP40: 0 | AQ40: 0 | AR40: 0 | AS40: =SUM(AG40:AR40) -> 7263707 | AW40: =+C40 -> Bonificación Recreacional | AX40: =AF40 -> 13000000 | AY40: =+E40 -> 0 | AZ40: =+F40 -> 0 | BA40: =+G40 -> 0 | BB40: =+H40 -> 0 | BC40: =+I40 -> 13000000 | BD40: =J40 -> 0 | BE40: =AG40 -> 0 | BF40: =K40 -> 0 | BG40: =AH40 -> 0 | BH40: =L40 -> 0 | BI40: =AI40 -> 0 | BJ40: =+M40 -> 0 | BK40: =AJ40 -> 752379 | BL40: =+N40 -> 0 | BM40: =AK40 -> 4155902 | BN40: =+O40 -> 200000 | BO40: =AL40 -> 0 | BP40: =+P40 -> 2800000 | BQ40: =AM40 -> 0 | BR40: =Q40 -> 0 | BS40: =AN40 -> 153091 | BT40: =R40 -> 2202335 | BU40: =AO40 -> 2202335 | BV40: =S40 -> 2797665 | BW40: =AP40 -> 0 | BX40: =T40 -> 3000000 | BY40: =AQ40 -> 0 | BZ40: =U40 -> 2000000 | CA40: =AR40 -> 0 | CB40: =+BD40+BF40+BH40+BJ40+BL40+BN40+BP40+BR40+BT40+BV40+BX40+BZ40 -> 13000000 | CC40: =+BE40+BG40+BI40+BK40+BM40+BO40+BQ40+BS40+BU40+BW40+BY40+CA40 -> 7263707
A41: OK decreto 853 | C41: SERVICIOS PERSONALES INDIRECTOS | D41: =SUM(D42:D45) -> 0 | E41: =SUM(E42:E45) -> 0 | F41: =SUM(F42:F45) -> 0 | G41: =SUM(G42:G45) -> 50035839 | H41: =SUM(H42:H45) -> 0 | I41: =+D41+E41-F41+G41-H41 -> 50035839 | J41: =SUM(J42:J45) -> 0 | K41: =SUM(K42:K45) -> 0 | L41: =SUM(L42:L45) -> 0 | M41: =SUM(M42:M45) -> 0 | N41: =SUM(N42:N45) -> 5000000 | O41: =SUM(O42:O45) -> 5000000 | P41: =SUM(P42:P45) -> 6345000 | Q41: =SUM(Q42:Q45) -> 10150000 | ... U41: =SUM(U42:U45) -> 2345000 | V41: =SUM(J41:U41) -> 50035839 | W41: =+I41-V41 -> 0 | Z41: SERVICIOS PERSONALES INDIRECTOS | AA41: =SUM(AA42:AA45) -> 50035839 | AB41: =+E41 -> 0 | AC41: =+F41 -> 0 | AD41: =+G41 -> 50035839 | AE41: =+H41 -> 0 | AF41: =+I41 -> 50035839 | AG41: =SUM(AG42:AG45) -> 0 | AH41: =SUM(AH42:AH45) -> 0 | AI41: =SUM(AI42:AI45) -> 0 | AJ41: =SUM(AJ42:AJ45) -> 0 | AK41: =SUM(AK42:AK45) -> 0 | AL41: =SUM(AL42:AL45) -> 0 | AM41: =SUM(AM42:AM45) -> 0 | AN41: =SUM(AN42:AN45) -> 11050000 | ... AS41: =SUM(AS42:AS45) -> 13495000 | AW41: =+C41 -> SERVICIOS PERSONALES INDIRECTOS | AX41: =SUM(AX42:AX45) -> 50035839 | AY41: =+E41 -> 0 | AZ41: =+F41 -> 0 | BA41: =+G41 -> 50035839 | BB41: =+H41 -> 0 | BC41: =+I41 -> 50035839 | BD41: =J41 -> 0 | BE41: =AG41 -> 0 | BF41: =K41 -> 0 | BG41: =AH41 -> 0 | BH41: =L41 -> 0 | BI41: =AI41 -> 0 | BJ41: =+M41 -> 0 | BK41: =AJ41 -> 0 | BL41: =+N41 -> 5000000 | BM41: =AK41 -> 0 | BN41: =+O41 -> 5000000 | BO41: =AL41 -> 0 | BP41: =+P41 -> 6345000 | BQ41: =AM41 -> 0 | BR41: =Q41 -> 10150000 | BS41: =AN41 -> 11050000 | BT41: =R41 -> 12550839 | BU41: =AO41 -> 2445000 | BV41: =S41 -> 4000000 | BW41: =AP41 -> 0 | BX41: =T41 -> 4645000 | BY41: =AQ41 -> 0 | BZ41: =U41 -> 2345000 | CA41: =AR41 -> 0 | CB41: =+BD41+BF41+BH41+BJ41+BL41+BN41+BP41+BR41+BT41+BV41+BX41+BZ41 -> 50035839 | CC41: =+BE41+BG41+BI41+BK41+BM41+BO41+BQ41+BS41+BU41+BW41+BY41+CA41 -> 13495000
C42: Honorarios Profesionales | D42: 0 | E42: 0 | F42: 0 | G42: 18600000 | H42: 0 | I42: =+D42+E42-F42+G42-H42 -> 18600000 | P42: 0 | Q42: 6150000 | R42: 6150000 | S42: 4000000 | T42: 2300000 | V42: =SUM(J42:U42) -> 18600000 | W42: =+I42-V42 -> 0 | Z42: Honorarios Profesionales | AA42: =I42 -> 18600000 | AB42: =+E42 -> 0 | AC42: =+F42 -> 0 | AD42: =+G42 -> 18600000 | AE42: =+H42 -> 0 | AF42: =+I42 -> 18600000 | AG42: 0 | AH42: 0 | AI42: 0 | AJ42: 0 | AK42: 0 | AL42: 0 | AM42: 0 | AN42: 6050000 | AO42: 100000 | AP42: 0 | AQ42: 0 | AR42: 0 | AS42: =SUM(AG42:AR42) -> 6150000 | AW42: =+C42 -> Honorarios Profesionales | AX42: =AF42 -> 18600000 | AY42: =+E42 -> 0 | AZ42: =+F42 -> 0 | BA42: =+G42 -> 18600000 | BB42: =+H42 -> 0 | BC42: =+I42 -> 18600000 | BD42: =J42 -> 0 | BE42: =AG42 -> 0 | BF42: =K42 -> 0 | BG42: =AH42 -> 0 | BH42: =L42 -> 0 | BI42: =AI42 -> 0 | BJ42: =+M42 -> 0 | BK42: =AJ42 -> 0 | BL42: =+N42 -> 0 | BM42: =AK42 -> 0 | BN42: =+O42 -> 0 | BO42: =AL42 -> 0 | BP42: =+P42 -> 0 | BQ42: =AM42 -> 0 | BR42: =Q42 -> 6150000 | BS42: =AN42 -> 6050000 | BT42: =R42 -> 6150000 | BU42: =AO42 -> 100000 | BV42: =S42 -> 4000000 | BW42: =AP42 -> 0 | BX42: =T42 -> 2300000 | BY42: =AQ42 -> 0 | BZ42: =U42 -> 0 | CA42: =AR42 -> 0 | CB42: =+BD42+BF42+BH42+BJ42+BL42+BN42+BP42+BR42+BT42+BV42+BX42+BZ42 -> 18600000 | CC42: =+BE42+BG42+BI42+BK42+BM42+BO42+BQ42+BS42+BU42+BW42+BY42+CA42 -> 6150000
C43: Personal Supernumerario | D43: 0 | E43: 0 | F43: 0 | G43: 0 | H43: 0 | I43: =+D43+E43-F43+G43-H43 -> 0 | J43: 0 | K43: 0 | L43: 0 | M43: 0 | N43: 0 | O43: 0 | P43: 0 | Q43: 0 | R43: 0 | S43: 0 | T43: 0 | U43: 0 | V43: =SUM(J43:U43) -> 0 | W43: =+I43-V43 -> 0 | Z43: Personal Supernumerario | AA43: =I43 -> 0 | AB43: =+E43 -> 0 | AC43: =+F43 -> 0 | AD43: =+G43 -> 0 | AE43: =+H43 -> 0 | AF43: =+I43 -> 0 | AG43: 0 | AH43: 0 | AI43: 0 | AJ43: 0 | AK43: 0 | AL43: 0 | AM43: 0 | AN43: 0 | AO43: 0 | AP43: 0 | AQ43: 0 | AR43: 0 | AS43: =SUM(AG43:AR43) -> 0 | AW43: =+C43 -> Personal Supernumerario | AX43: =AF43 -> 0 | AY43: =+E43 -> 0 | AZ43: =+F43 -> 0 | BA43: =+G43 -> 0 | BB43: =+H43 -> 0 | BC43: =+I43 -> 0 | BD43: =J43 -> 0 | BE43: =AG43 -> 0 | BF43: =K43 -> 0 | BG43: =AH43 -> 0 | BH43: =L43 -> 0 | BI43: =AI43 -> 0 | BJ43: =+M43 -> 0 | BK43: =AJ43 -> 0 | BL43: =+N43 -> 0 | BM43: =AK43 -> 0 | BN43: =+O43 -> 0 | BO43: =AL43 -> 0 | BP43: =+P43 -> 0 | BQ43: =AM43 -> 0 | BR43: =Q43 -> 0 | BS43: =AN43 -> 0 | BT43: =R43 -> 0 | BU43: =AO43 -> 0 | BV43: =S43 -> 0 | BW43: =AP43 -> 0 | BX43: =T43 -> 0 | BY43: =AQ43 -> 0 | BZ43: =U43 -> 0 | CA43: =AR43 -> 0 | CB43: =+BD43+BF43+BH43+BJ43+BL43+BN43+BP43+BR43+BT43+BV43+BX43+BZ43 -> 0 | CC43: =+BE43+BG43+BI43+BK43+BM43+BO43+BQ43+BS43+BU43+BW43+BY43+CA43 -> 0
C44: Remuneración Servicios Tecnicos y Profesionales | D44: 0 | E44: 0 | F44: 0 | G44: 31435839 | H44: 0 | I44: =+D44+E44-F44+G44-H44 -> 31435839 | J44: 0 | K44: 0 | L44: 0 | M44: 0 | N44: 5000000 | O44: 5000000 | P44: =2345000+4000000 -> 6345000 | Q44: 4000000 | R44: =6345000+55839 -> 6400839 | S44: 0 | T44: 2345000 | U44: 2345000 | V44: =SUM(J44:U44) -> 31435839 | W44: =+I44-V44 -> 0 | Z44: Remuneración Servicios Tecnicos y Profesionales | AA44: =I44 -> 31435839 | AB44: =+E44 -> 0 | AC44: =+F44 -> 0 | AD44: =+G44 -> 31435839 | AE44: =+H44 -> 0 | AF44: =+I44 -> 31435839 | AG44: 0 | AH44: 0 | AI44: 0 | AJ44: 0 | AK44: 0 | AL44: 0 | AM44: 0 | AN44: 5000000 | AO44: 2345000 | AP44: 0 | AQ44: 0 | AR44: 0 | AS44: =SUM(AG44:AR44) -> 7345000 | AW44: =+C44 -> Remuneración Servicios Tecnicos y Profesionales | AX44: =AF44 -> 31435839 | AY44: =+E44 -> 0 | AZ44: =+F44 -> 0 | BA44: =+G44 -> 31435839 | BB44: =+H44 -> 0 | BC44: =+I44 -> 31435839 | BD44: =J44 -> 0 | BE44: =AG44 -> 0 | BF44: =K44 -> 0 | BG44: =AH44 -> 0 | BH44: =L44 -> 0 | BI44: =AI44 -> 0 | BJ44: =+M44 -> 0 | BK44: =AJ44 -> 0 | BL44: =+N44 -> 5000000 | BM44: =AK44 -> 0 | BN44: =+O44 -> 5000000 | BO44: =AL44 -> 0 | BP44: =+P44 -> 6345000 | BQ44: =AM44 -> 0 | BR44: =Q44 -> 4000000 | BS44: =AN44 -> 5000000 | BT44: =R44 -> 6400839 | BU44: =AO44 -> 2345000 | BV44: =S44 -> 0 | BW44: =AP44 -> 0 | BX44: =T44 -> 2345000 | BY44: =AQ44 -> 0 | BZ44: =U44 -> 2345000 | CA44: =AR44 -> 0 | CB44: =+BD44+BF44+BH44+BJ44+BL44+BN44+BP44+BR44+BT44+BV44+BX44+BZ44 -> 31435839 | CC44: =+BE44+BG44+BI44+BK44+BM44+BO44+BQ44+BS44+BU44+BW44+BY44+CA44 -> 7345000
C45: Otros Servicios Personales Indirectos | D45: 0 | E45: 0 | F45: 0 | G45: 0 | H45: 0 | I45: =+D45+E45-F45+G45-H45 -> 0 | J45: 0 | K45: 0 | L45: 0 | M45: 0 | N45: 0 | O45: 0 | P45: 0 | Q45: 0 | R45: 0 | S45: 0 | T45: 0 | U45: 0 | V45: =SUM(J45:U45) -> 0 | W45: =+I45-V45 -> 0 | Z45: Otros Servicios Personales Indirectos | AA45: =I45 -> 0 | AB45: =+E45 -> 0 | AC45: =+F45 -> 0 | AD45: =+G45 -> 0 | AE45: =+H45 -> 0 | AF45: =+I45 -> 0 | AG45: 0 | AH45: 0 | AI45: 0 | AJ45: 0 | AK45: 0 | AL45: 0 | AM45: 0 | AN45: 0 | AO45: 0 | AP45: 0 | AQ45: 0 | AR45: 0 | AS45: =SUM(AG45:AR45) -> 0 | AW45: =+C45 -> Otros Servicios Personales Indirectos | AX45: =AF45 -> 0 | AY45: =+E45 -> 0 | AZ45: =+F45 -> 0 | BA45: =+G45 -> 0 | BB45: =+H45 -> 0 | BC45: =+I45 -> 0 | BD45: =J45 -> 0 | BE45: =AG45 -> 0 | BF45: =K45 -> 0 | BG45: =AH45 -> 0 | BH45: =L45 -> 0 | BI45: =AI45 -> 0 | BJ45: =+M45 -> 0 | BK45: =AJ45 -> 0 | BL45: =+N45 -> 0 | BM45: =AK45 -> 0 | BN45: =+O45 -> 0 | BO45: =AL45 -> 0 | BP45: =+P45 -> 0 | BQ45: =AM45 -> 0 | BR45: =Q45 -> 0 | BS45: =AN45 -> 0 | BT45: =R45 -> 0 | BU45: =AO45 -> 0 | BV45: =S45 -> 0 | BW45: =AP45 -> 0 | BX45: =T45 -> 0 | BY45: =AQ45 -> 0 | BZ45: =U45 -> 0 | CA45: =AR45 -> 0 | CB45: =+BD45+BF45+BH45+BJ45+BL45+BN45+BP45+BR45+BT45+BV45+BX45+BZ45 -> 0 | CC45: =+BE45+BG45+BI45+BK45+BM45+BO45+BQ45+BS45+BU45+BW45+BY45+CA45 -> 0
A46: OK decreto 853 | C46: CONTRIBUCIONES A LA NOMINA SECTOR PRIVADO | D46: =D47+D48+D49+D50+D51+D52 -> 334600000 | E46: =E47+E48+E49+E50+E51+E52 -> 1213193 | F46: =F47+F48+F49+F50+F51+F52 -> 0 | G46: =G47+G48+G49+G50+G51+G52 -> 1000000 | H46: =H47+H48+H49+H50+H51+H52 -> 0 | I46: =+D46+E46-F46+G46-H46 -> 336813193 | J46: =J47+J48+J49+J50+J51+J52 -> 19212624 | K46: =K47+K48+K49+K50+K51+K52 -> 19211024 | L46: =L47+L48+L49+L50+L51+L52 -> 23900324 | M46: =M47+M48+M49+M50+M51+M52 -> 26575704 | N46: =N47+N48+N49+N50+N51+N52 -> 19100324 | O46: =O47+O48+O49+O50+O51+O52 -> 23400000 | P46: =P47+P48+P49+P50+P51+P52 -> 27400000 | Q46: =Q47+Q48+Q49+Q50+Q51+Q52 -> 24000000 | ... U46: =U47+U48+U49+U50+U51+U52 -> 82013193 | V46: =SUM(J46:U46) -> 336813193 | W46: =+I46-V46 -> 0 | Z46: CONTRIBUCIONES A LA NOMINA SECTOR PRIVADO | AA46: =AA47+AA48+AA49+AA50+AA51+AA52 -> 336813193 | AB46: =+E46 -> 1213193 | AC46: =+F46 -> 0 | AD46: =+G46 -> 1000000 | AE46: =+H46 -> 0 | AF46: =+I46 -> 336813193 | AG46: =AG47+AG48+AG49+AG50+AG51+AG52 -> 0 | AH46: =AH47+AH48+AH49+AH50+AH51+AH52 -> 25973332 | AI46: =AI47+AI48+AI49+AI50+AI51+AI52 -> 37824400 | AJ46: =AJ47+AJ48+AJ49+AJ50+AJ51+AJ52 -> 19852360 | AK46: =AK47+AK48+AK49+AK50+AK51+AK52 -> 6946947 | AL46: =AL47+AL48+AL49+AL50+AL51+AL52 -> 18508600 | AM46: =AM47+AM48+AM49+AM50+AM51+AM52 -> 17596400 | AN46: =AN47+AN48+AN49+AN50+AN51+AN52 -> 16789023 | ... AS46: =AS47+AS48+AS49+AS50+AS51+AS52 -> 1.6260485e+08 | AW46: =+C46 -> CONTRIBUCIONES A LA NOMINA SECTOR PRIVADO | AX46: =AX47+AX48+AX49+AX50+AX51+AX52 -> 336813193 | AY46: =+E46 -> 1213193 | AZ46: =+F46 -> 0 | BA46: =+G46 -> 1000000 | BB46: =+H46 -> 0 | BC46: =+I46 -> 336813193 | BD46: =J46 -> 19212624 | BE46: =AG46 -> 0 | BF46: =K46 -> 19211024 | BG46: =AH46 -> 25973332 | BH46: =L46 -> 23900324 | BI46: =AI46 -> 37824400 | BJ46: =+M46 -> 26575704 | BK46: =AJ46 -> 19852360 | BL46: =+N46 -> 19100324 | BM46: =AK46 -> 6946947 | BN46: =+O46 -> 23400000 | BO46: =AL46 -> 18508600 | BP46: =+P46 -> 27400000 | BQ46: =AM46 -> 17596400 | BR46: =Q46 -> 24000000 | BS46: =AN46 -> 16789023 | BT46: =R46 -> 24000000 | BU46: =AO46 -> 19113790 | BV46: =S46 -> 24000000 | BW46: =AP46 -> 0 | BX46: =T46 -> 24000000 | BY46: =AQ46 -> 0 | BZ46: =U46 -> 82013193 | CA46: =AR46 -> 0 | CB46: =+BD46+BF46+BH46+BJ46+BL46+BN46+BP46+BR46+BT46+BV46+BX46+BZ46 -> 336813193 | CC46: =+BE46+BG46+BI46+BK46+BM46+BO46+BQ46+BS46+BU46+BW46+BY46+CA46 -> 1.6260485e+08
C47: Fondo de Cesantías | D47: 79000000 | E47: 1213193 | F47: 0 | G47: 0 | H47: 0 | I47: =+D47+E47-F47+G47-H47 -> 80213193 | J47: 3400324 | K47: =J47 -> 3400324 | L47: =K47 -> 3400324 | M47: =L47+1498380 -> 4898704 | N47: 3400324 | O47: =4200000+600000 -> 4800000 | P47: 5500000 | Q47: 4200000 | R47: =Q47 -> 4200000 | S47: =R47 -> 4200000 | T47: =S47 -> 4200000 | U47: 34613193 | V47: =SUM(J47:U47) -> 80213193 | W47: =+I47-V47 -> 0 | Z47: Fondo de Cesantías | AA47: =I47 -> 80213193 | AB47: =+E47 -> 1213193 | AC47: =+F47 -> 0 | AD47: =+G47 -> 0 | AE47: =+H47 -> 0 | AF47: =+I47 -> 80213193 | AG47: 0 | AH47: 791930.68 | AI47: 0 | AJ47: 1156160 | AK47: 6946947 | AL47: 0 | AM47: 0 | AN47: 0 | AO47: 0 | AP47: 0 | AQ47: 0 | AR47: 0 | AS47: =SUM(AG47:AR47) -> 8895037.7 | AW47: =+C47 -> Fondo de Cesantías | AX47: =AF47 -> 80213193 | AY47: =+E47 -> 1213193 | AZ47: =+F47 -> 0 | BA47: =+G47 -> 0 | BB47: =+H47 -> 0 | BC47: =+I47 -> 80213193 | BD47: =J47 -> 3400324 | BE47: =AG47 -> 0 | BF47: =K47 -> 3400324 | BG47: =AH47 -> 791930.68 | BH47: =L47 -> 3400324 | BI47: =AI47 -> 0 | BJ47: =+M47 -> 4898704 | BK47: =AJ47 -> 1156160 | BL47: =+N47 -> 3400324 | BM47: =AK47 -> 6946947 | BN47: =+O47 -> 4800000 | BO47: =AL47 -> 0 | BP47: =+P47 -> 5500000 | BQ47: =AM47 -> 0 | BR47: =Q47 -> 4200000 | BS47: =AN47 -> 0 | BT47: =R47 -> 4200000 | BU47: =AO47 -> 0 | BV47: =S47 -> 4200000 | BW47: =AP47 -> 0 | BX47: =T47 -> 4200000 | BY47: =AQ47 -> 0 | BZ47: =U47 -> 34613193 | CA47: =AR47 -> 0 | CB47: =+BD47+BF47+BH47+BJ47+BL47+BN47+BP47+BR47+BT47+BV47+BX47+BZ47 -> 80213193 | CC47: =+BE47+BG47+BI47+BK47+BM47+BO47+BQ47+BS47+BU47+BW47+BY47+CA47 -> 8895037.7
C48: Fondo de Pensiones | D48: 70000000 | E48: 0 | F48: 0 | G48: 0 | H48: 0 | I48: =+D48+E48-F48+G48-H48 -> 70000000 | J48: 3981100 | K48: =J48 -> 3981100 | L48: 6000000 | M48: =5500000+2037800 -> 7537800 | N48: 4200000 | O48: 5500000 | P48: 6200000 | Q48: 5600000 | R48: =Q48 -> 5600000 | S48: =R48 -> 5600000 | T48: =S48 -> 5600000 | U48: 10200000 | V48: =SUM(J48:U48) -> 70000000 | W48: =+I48-V48 -> 0 | Z48: Fondo de Pensiones | AA48: =I48 -> 70000000 | AB48: =+E48 -> 0 | AC48: =+F48 -> 0 | AD48: =+G48 -> 0 | AE48: =+H48 -> 0 | AF48: =+I48 -> 70000000 | AG48: 0 | AH48: 3981100 | AI48: 15232000 | AJ48: 7481500 | AK48: 0 | AL48: 7481500 | AM48: 7052900 | AN48: 6654900 | AO48: 7426400 | AP48: 0 | AQ48: 0 | AR48: 0 | AS48: =SUM(AG48:AR48) -> 55310300 | AW48: =+C48 -> Fondo de Pensiones | AX48: =AF48 -> 70000000 | AY48: =+E48 -> 0 | AZ48: =+F48 -> 0 | BA48: =+G48 -> 0 | BB48: =+H48 -> 0 | BC48: =+I48 -> 70000000 | BD48: =J48 -> 3981100 | BE48: =AG48 -> 0 | BF48: =K48 -> 3981100 | BG48: =AH48 -> 3981100 | BH48: =L48 -> 6000000 | BI48: =AI48 -> 15232000 | BJ48: =+M48 -> 7537800 | BK48: =AJ48 -> 7481500 | BL48: =+N48 -> 4200000 | BM48: =AK48 -> 0 | BN48: =+O48 -> 5500000 | BO48: =AL48 -> 7481500 | BP48: =+P48 -> 6200000 | BQ48: =AM48 -> 7052900 | BR48: =Q48 -> 5600000 | BS48: =AN48 -> 6654900 | BT48: =R48 -> 5600000 | BU48: =AO48 -> 7426400 | BV48: =S48 -> 5600000 | BW48: =AP48 -> 0 | BX48: =T48 -> 5600000 | BY48: =AQ48 -> 0 | BZ48: =U48 -> 10200000 | CA48: =AR48 -> 0 | CB48: =+BD48+BF48+BH48+BJ48+BL48+BN48+BP48+BR48+BT48+BV48+BX48+BZ48 -> 70000000 | CC48: =+BE48+BG48+BI48+BK48+BM48+BO48+BQ48+BS48+BU48+BW48+BY48+CA48 -> 55310300
C49: Empresas Promotoras de Salud | D49: 102600000 | E49: 0 | F49: 0 | G49: 0 | H49: 0 | I49: =+D49+E49-F49+G49-H49 -> 102600000 | J49: 7439800 | K49: =J49 -> 7439800 | L49: 9000000 | M49: =8500000+1120400 -> 9620400 | N49: 7000000 | O49: 8600000 | P49: 9000000 | Q49: 8600000 | R49: =Q49 -> 8600000 | S49: =R49 -> 8600000 | T49: =S49 -> 8600000 | U49: 10100000 | V49: =SUM(J49:U49) -> 102600000 | W49: =+I49-V49 -> 0 | Z49: Empresas Promotoras de Salud | AA49: =I49 -> 102600000 | AB49: =+E49 -> 0 | AC49: =+F49 -> 0 | AD49: =+G49 -> 0 | AE49: =+H49 -> 0 | AF49: =+I49 -> 102600000 | AG49: 0 | AH49: 8075153 | AI49: 14258100 | AJ49: 6998500 | AK49: 0 | AL49: 6919600 | AM49: 6616100 | AN49: 6285700 | AO49: 6880600 | AP49: 0 | AQ49: 0 | AR49: 0 | AS49: =SUM(AG49:AR49) -> 56033753 | AW49: =+C49 -> Empresas Promotoras de Salud | AX49: =AF49 -> 102600000 | AY49: =+E49 -> 0 | AZ49: =+F49 -> 0 | BA49: =+G49 -> 0 | BB49: =+H49 -> 0 | BC49: =+I49 -> 102600000 | BD49: =J49 -> 7439800 | BE49: =AG49 -> 0 | BF49: =K49 -> 7439800 | BG49: =AH49 -> 8075153 | BH49: =L49 -> 9000000 | BI49: =AI49 -> 14258100 | BJ49: =+M49 -> 9620400 | BK49: =AJ49 -> 6998500 | BL49: =+N49 -> 7000000 | BM49: =AK49 -> 0 | BN49: =+O49 -> 8600000 | BO49: =AL49 -> 6919600 | BP49: =+P49 -> 9000000 | BQ49: =AM49 -> 6616100 | BR49: =Q49 -> 8600000 | BS49: =AN49 -> 6285700 | BT49: =R49 -> 8600000 | BU49: =AO49 -> 6880600 | BV49: =S49 -> 8600000 | BW49: =AP49 -> 0 | BX49: =T49 -> 8600000 | BY49: =AQ49 -> 0 | BZ49: =U49 -> 10100000 | CA49: =AR49 -> 0 | CB49: =+BD49+BF49+BH49+BJ49+BL49+BN49+BP49+BR49+BT49+BV49+BX49+BZ49 -> 102600000 | CC49: =+BE49+BG49+BI49+BK49+BM49+BO49+BQ49+BS49+BU49+BW49+BY49+CA49 -> 56033753
C50: Administradoras de Riesgos Profesionales | D50: 13000000 | E50: 0 | F50: 0 | G50: 0 | H50: 0 | I50: =+D50+E50-F50+G50-H50 -> 13000000 | J50: 889800 | K50: =J50 -> 889800 | L50: 1000000 | M50: 1020400 | N50: 1000000 | O50: =N50 -> 1000000 | P50: 1200000 | Q50: 1100000 | R50: =Q50 -> 1100000 | S50: =R50 -> 1100000 | T50: =S50 -> 1100000 | U50: 1600000 | V50: =SUM(J50:U50) -> 13000000 | W50: =+I50-V50 -> 0 | Z50: Administradoras de Riesgos Profesionales | AA50: =I50 -> 13000000 | AB50: =+E50 -> 0 | AC50: =+F50 -> 0 | AD50: =+G50 -> 0 | AE50: =+H50 -> 0 | AF50: =+I50 -> 13000000 | AG50: 0 | AH50: 889800 | AI50: 1726200 | AJ50: 860500 | AK50: 0 | AL50: 850800 | AM50: 813500 | AN50: 772900 | AO50: 846000 | AP50: 0 | AQ50: 0 | AR50: 0 | AS50: =SUM(AG50:AR50) -> 6759700 | AW50: =+C50 -> Administradoras de Riesgos Profesionales | AX50: =AF50 -> 13000000 | AY50: =+E50 -> 0 | AZ50: =+F50 -> 0 | BA50: =+G50 -> 0 | BB50: =+H50 -> 0 | BC50: =+I50 -> 13000000 | BD50: =J50 -> 889800 | BE50: =AG50 -> 0 | BF50: =K50 -> 889800 | BG50: =AH50 -> 889800 | BH50: =L50 -> 1000000 | BI50: =AI50 -> 1726200 | BJ50: =+M50 -> 1020400 | BK50: =AJ50 -> 860500 | BL50: =+N50 -> 1000000 | BM50: =AK50 -> 0 | BN50: =+O50 -> 1000000 | BO50: =AL50 -> 850800 | BP50: =+P50 -> 1200000 | BQ50: =AM50 -> 813500 | BR50: =Q50 -> 1100000 | BS50: =AN50 -> 772900 | BT50: =R50 -> 1100000 | BU50: =AO50 -> 846000 | BV50: =S50 -> 1100000 | BW50: =AP50 -> 0 | BX50: =T50 -> 1100000 | BY50: =AQ50 -> 0 | BZ50: =U50 -> 1600000 | CA50: =AR50 -> 0 | CB50: =+BD50+BF50+BH50+BJ50+BL50+BN50+BP50+BR50+BT50+BV50+BX50+BZ50 -> 13000000 | CC50: =+BE50+BG50+BI50+BK50+BM50+BO50+BQ50+BS50+BU50+BW50+BY50+CA50 -> 6759700
C51: Cajas de Compensaci+on Familiar | D51: 61000000 | E51: 0 | F51: 0 | G51: 0 | H51: 0 | I51: =+D51+E51-F51+G51-H51 -> 61000000 | J51: 3501600 | K51: 3500000 | L51: 4000000 | M51: =3500000-1600 -> 3498400 | N51: 3500000 | O51: =N51 -> 3500000 | P51: 4500000 | Q51: =P51 -> 4500000 | R51: =Q51 -> 4500000 | S51: =R51 -> 4500000 | T51: =S51 -> 4500000 | U51: 17000000 | V51: =SUM(J51:U51) -> 61000000 | W51: =+I51-V51 -> 0 | Z51: Cajas de Compensaci+on Familiar | AA51: =I51 -> 61000000 | AB51: =+E51 -> 0 | AC51: =+F51 -> 0 | AD51: =+G51 -> 0 | AE51: =+H51 -> 0 | AF51: =+I51 -> 61000000 | AG51: 0 | AH51: 3501600 | AI51: 6608100 | AJ51: 3355700 | AK51: 0 | AL51: 3256700 | AM51: 3113900 | AN51: 2958500 | AO51: 3238300 | AP51: 0 | AQ51: 0 | AR51: 0 | AS51: =SUM(AG51:AR51) -> 26032800 | AW51: =+C51 -> Cajas de Compensaci+on Familiar | AX51: =AF51 -> 61000000 | AY51: =+E51 -> 0 | AZ51: =+F51 -> 0 | BA51: =+G51 -> 0 | BB51: =+H51 -> 0 | BC51: =+I51 -> 61000000 | BD51: =J51 -> 3501600 | BE51: =AG51 -> 0 | BF51: =K51 -> 3500000 | BG51: =AH51 -> 3501600 | BH51: =L51 -> 4000000 | BI51: =AI51 -> 6608100 | BJ51: =+M51 -> 3498400 | BK51: =AJ51 -> 3355700 | BL51: =+N51 -> 3500000 | BM51: =AK51 -> 0 | BN51: =+O51 -> 3500000 | BO51: =AL51 -> 3256700 | BP51: =+P51 -> 4500000 | BQ51: =AM51 -> 3113900 | BR51: =Q51 -> 4500000 | BS51: =AN51 -> 2958500 | BT51: =R51 -> 4500000 | BU51: =AO51 -> 3238300 | BV51: =S51 -> 4500000 | BW51: =AP51 -> 0 | BX51: =T51 -> 4500000 | BY51: =AQ51 -> 0 | BZ51: =U51 -> 17000000 | CA51: =AR51 -> 0 | CB51: =+BD51+BF51+BH51+BJ51+BL51+BN51+BP51+BR51+BT51+BV51+BX51+BZ51 -> 61000000 | CC51: =+BE51+BG51+BI51+BK51+BM51+BO51+BQ51+BS51+BU51+BW51+BY51+CA51 -> 26032800
C52: intereses de cesantias | D52: 9000000 | G52: 1000000 | I52: =+D52+E52-F52+G52-H52 -> 10000000 | J52: 0 | K52: =J52 -> 0 | L52: 500000 | M52: 0 | N52: 0 | O52: =N52 -> 0 | P52: 1000000 | Q52: 0 | R52: 0 | S52: =R52 -> 0 | T52: =S52 -> 0 | U52: 8500000 | V52: =SUM(J52:U52) -> 10000000 | W52: =+I52-V52 -> 0 | Z52: intereses de cesantias | AA52: =I52 -> 10000000 | AB52: =+E52 -> 0 | AC52: =+F52 -> 0 | AD52: =+G52 -> 1000000 | AE52: =+H52 -> 0 | AF52: =+I52 -> 10000000 | AG52: 0 | AH52: 8733748 | AI52: 0 | AJ52: 0 | AK52: 0 | AL52: 0 | AM52: 0 | AN52: 117023 | AO52: 722490 | AP52: 0 | AQ52: 0 | AR52: 0 | AS52: =SUM(AG52:AR52) -> 9573261 | AW52: =+C52 -> intereses de cesantias | AX52: =AF52 -> 10000000 | AY52: =+E52 -> 0 | AZ52: =+F52 -> 0 | BA52: =+G52 -> 1000000 | BB52: =+H52 -> 0 | BC52: =+I52 -> 10000000 | BD52: =J52 -> 0 | BE52: =AG52 -> 0 | BF52: =K52 -> 0 | BG52: =AH52 -> 8733748 | BH52: =L52 -> 500000 | BI52: =AI52 -> 0 | BJ52: =+M52 -> 0 | BK52: =AJ52 -> 0 | BL52: =+N52 -> 0 | BM52: =AK52 -> 0 | BN52: =+O52 -> 0 | BO52: =AL52 -> 0 | BP52: =+P52 -> 1000000 | BQ52: =AM52 -> 0 | BR52: =Q52 -> 0 | BS52: =AN52 -> 117023 | BT52: =R52 -> 0 | BU52: =AO52 -> 722490 | BV52: =S52 -> 0 | BW52: =AP52 -> 0 | BX52: =T52 -> 0 | BY52: =AQ52 -> 0 | BZ52: =U52 -> 8500000 | CA52: =AR52 -> 0 | CB52: =+BD52+BF52+BH52+BJ52+BL52+BN52+BP52+BR52+BT52+BV52+BX52+BZ52 -> 10000000 | CC52: =+BE52+BG52+BI52+BK52+BM52+BO52+BQ52+BS52+BU52+BW52+BY52+CA52 -> 9573261
A53: OK decreto 853 | C53: CONTRIBUCIONES A LA NOMINA -SECTOR PUBLICO | D53: =D54+D55 -> 348456354 | E53: =E54+E55+E56 -> 0 | F53: =F54+F55+F56 -> 0 | G53: =G54+G55+G56 -> 0 | H53: =H54+H55+H56 -> 0 | I53: =+D53+E53-F53+G53-H53 -> 348456354 | J53: =J54+J55 -> 10250000 | K53: =K54+K55 -> 10250000 | L53: =L54+L55 -> 11250000 | M53: =M54+M55 -> 11750000 | N53: =N54+N55 -> 11750000 | O53: =O54+O55 -> 12250000 | P53: =P54+P55 -> 15250000 | Q53: =Q54+Q55 -> 15250000 | ... U53: =U54+U55 -> 204706354 | V53: =SUM(J53:U53) -> 348456354 | W53: =+I53-V53 -> 0 | Z53: CONTRIBUCIONES A LA NOMINA -SECTOR PUBLICO | AA53: =AA54+AA55 -> 348456354 | AB53: =+E53 -> 0 | AC53: =+F53 -> 0 | AD53: =+G53 -> 0 | AE53: =+H53 -> 0 | AF53: =+I53 -> 348456354 | AG53: =AG54+AG55+AG56 -> 0 | AH53: =AH54+AH55+AH56 -> 11834624 | AI53: =AI54+AI55+AI56 -> 13158900 | AJ53: =AJ54+AJ55+AJ56 -> 6594100 | AK53: =AK54+AK55+AK56 -> 917309 | AL53: =AL54+AL55+AL56 -> 6358900 | AM53: =AM54+AM55+AM56 -> 6180400 | AN53: =AN54+AN55+AN56 -> 6527766 | ... AS53: =AS54+AS55+AS56 -> 62702029 | AW53: =+C53 -> CONTRIBUCIONES A LA NOMINA -SECTOR PUBLICO | AX53: =AX54+AX55+AX56 -> 424656354 | AY53: =+E53 -> 0 | AZ53: =+F53 -> 0 | BA53: =+G53 -> 0 | BB53: =+H53 -> 0 | BC53: =+I53 -> 348456354 | BD53: =J53 -> 10250000 | BE53: =AG53 -> 0 | BF53: =K53 -> 10250000 | BG53: =AH53 -> 11834624 | BH53: =L53 -> 11250000 | BI53: =AI53 -> 13158900 | BJ53: =+M53 -> 11750000 | BK53: =AJ53 -> 6594100 | BL53: =+N53 -> 11750000 | BM53: =AK53 -> 917309 | BN53: =+O53 -> 12250000 | BO53: =AL53 -> 6358900 | BP53: =+P53 -> 15250000 | BQ53: =AM53 -> 6180400 | BR53: =Q53 -> 15250000 | BS53: =AN53 -> 6527766 | BT53: =R53 -> 15250000 | BU53: =AO53 -> 11130030 | BV53: =S53 -> 15250000 | BW53: =AP53 -> 0 | BX53: =T53 -> 15250000 | BY53: =AQ53 -> 0 | BZ53: =U53 -> 204706354 | CA53: =AR53 -> 0 | CB53: =+BD53+BF53+BH53+BJ53+BL53+BN53+BP53+BR53+BT53+BV53+BX53+BZ53 -> 348456354 | CC53: =+BE53+BG53+BI53+BK53+BM53+BO53+BQ53+BS53+BU53+BW53+BY53+CA53 -> 62702029
C54: Fondo de Cesantías | D54: 273456354 | E54: 0 | F54: 0 | G54: 0 | H54: 0 | I54: =+D54+E54-F54+G54-H54 -> 273456354 | J54: 4000000 | K54: =J54 -> 4000000 | L54: 5000000 | M54: 5500000 | N54: =M54 -> 5500000 | O54: 6000000 | P54: =O54+3000000 -> 9000000 | Q54: =P54 -> 9000000 | R54: =Q54 -> 9000000 | S54: =R54 -> 9000000 | T54: =S54 -> 9000000 | U54: =213456354-15000000 -> 198456354 | V54: =SUM(J54:U54) -> 273456354 | W54: =+I54-V54 -> 0 | Z54: Fondo de Cesantías | AA54: =I54 -> 273456354 | AB54: =+E54 -> 0 | AC54: =+F54 -> 0 | AD54: =+G54 -> 0 | AE54: =+H54 -> 0 | AF54: =+I54 -> 273456354 | AG54: 0 | AH54: 934724.07 | AI54: 0 | AJ54: 0 | AK54: 917309 | AL54: 0 | AM54: 0 | AN54: 610066 | AO54: 4794130 | AP54: 0 | AQ54: 0 | AR54: 0 | AS54: =SUM(AG54:AR54) -> 7256229.1 | AW54: =+C54 -> Fondo de Cesantías | AX54: =AF54 -> 273456354 | AY54: =+E54 -> 0 | AZ54: =+F54 -> 0 | BA54: =+G54 -> 0 | BB54: =+H54 -> 0 | BC54: =+I54 -> 273456354 | BD54: =J54 -> 4000000 | BE54: =AG54 -> 0 | BF54: =K54 -> 4000000 | BG54: =AH54 -> 934724.07 | BH54: =L54 -> 5000000 | BI54: =AI54 -> 0 | BJ54: =+M54 -> 5500000 | BK54: =AJ54 -> 0 | BL54: =+N54 -> 5500000 | BM54: =AK54 -> 917309 | BN54: =+O54 -> 6000000 | BO54: =AL54 -> 0 | BP54: =+P54 -> 9000000 | BQ54: =AM54 -> 0 | BR54: =Q54 -> 9000000 | BS54: =AN54 -> 610066 | BT54: =R54 -> 9000000 | BU54: =AO54 -> 4794130 | BV54: =S54 -> 9000000 | BW54: =AP54 -> 0 | BX54: =T54 -> 9000000 | BY54: =AQ54 -> 0 | BZ54: =U54 -> 198456354 | CA54: =AR54 -> 0 | CB54: =+BD54+BF54+BH54+BJ54+BL54+BN54+BP54+BR54+BT54+BV54+BX54+BZ54 -> 273456354 | CC54: =+BE54+BG54+BI54+BK54+BM54+BO54+BQ54+BS54+BU54+BW54+BY54+CA54 -> 7256229.1
C55: Fondo de Pensiones | D55: 75000000 | E55: 0 | F55: 0 | G55: 0 | H55: 0 | I55: =+D55+E55-F55+G55-H55 -> 75000000 | J55: =I55/12 -> 6250000 | K55: =J55 -> 6250000 | L55: =K55 -> 6250000 | M55: =L55 -> 6250000 | N55: =M55 -> 6250000 | O55: =N55 -> 6250000 | P55: =O55 -> 6250000 | Q55: =P55 -> 6250000 | R55: =Q55 -> 6250000 | ... U55: =T55 -> 6250000 | V55: =SUM(J55:U55) -> 75000000 | W55: =+I55-V55 -> 0 | Z55: Fondo de Pensiones | AA55: =I55 -> 75000000 | AB55: =+E55 -> 0 | AC55: =+F55 -> 0 | AD55: =+G55 -> 0 | AE55: =+H55 -> 0 | AF55: =+I55 -> 75000000 | AG55: 0 | AH55: 6521900 | AI55: 4897000 | AJ55: 2398500 | AK55: 0 | AL55: 2287100 | AM55: 2287100 | AN55: 2218700 | AO55: 2287100 | AP55: 0 | AQ55: 0 | AR55: 0 | AS55: =SUM(AG55:AR55) -> 22897400 | AW55: =+C55 -> Fondo de Pensiones | AX55: =AF55 -> 75000000 | AY55: =+E55 -> 0 | AZ55: =+F55 -> 0 | BA55: =+G55 -> 0 | BB55: =+H55 -> 0 | BC55: =+I55 -> 75000000 | BD55: =J55 -> 6250000 | BE55: =AG55 -> 0 | BF55: =K55 -> 6250000 | BG55: =AH55 -> 6521900 | BH55: =L55 -> 6250000 | BI55: =AI55 -> 4897000 | BJ55: =+M55 -> 6250000 | BK55: =AJ55 -> 2398500 | BL55: =+N55 -> 6250000 | BM55: =AK55 -> 0 | BN55: =+O55 -> 6250000 | BO55: =AL55 -> 2287100 | BP55: =+P55 -> 6250000 | BQ55: =AM55 -> 2287100 | BR55: =Q55 -> 6250000 | BS55: =AN55 -> 2218700 | BT55: =R55 -> 6250000 | BU55: =AO55 -> 2287100 | BV55: =S55 -> 6250000 | BW55: =AP55 -> 0 | BX55: =T55 -> 6250000 | BY55: =AQ55 -> 0 | BZ55: =U55 -> 6250000 | CA55: =AR55 -> 0 | CB55: =+BD55+BF55+BH55+BJ55+BL55+BN55+BP55+BR55+BT55+BV55+BX55+BZ55 -> 75000000 | CC55: =+BE55+BG55+BI55+BK55+BM55+BO55+BQ55+BS55+BU55+BW55+BY55+CA55 -> 22897400
A56: OK decreto 853 | C56: APORTES DE LEY | D56: =D57+D58 -> 76200000 | E56: =E57+E58 -> 0 | F56: =F57+F58 -> 0 | G56: =G57+G58 -> 0 | H56: =H57+H58 -> 0 | I56: =+D56+E56-F56+G56-H56 -> 76200000 | J56: =J57+J58 -> 4500000 | K56: =K57+K58 -> 4500000 | L56: =L57+L58 -> 4500000 | M56: =M57+M58 -> 4500000 | N56: =N57+N58 -> 4500000 | O56: =O57+O58 -> 4500000 | P56: =P57+P58 -> 4500000 | Q56: =Q57+Q58 -> 4500000 | ... U56: =U57+U58 -> 26700000 | V56: =SUM(J56:U56) -> 76200000 | W56: =+I56-V56 -> 0 | Z56: APORTES DE LEY | AA56: =AA57+AA58 -> 76200000 | AB56: =+E56 -> 0 | AC56: =+F56 -> 0 | AD56: =+G56 -> 0 | AE56: =+H56 -> 0 | AF56: =+I56 -> 76200000 | AG56: =AG57+AG58 -> 0 | AH56: =AH57+AH58 -> 4378000 | AI56: =AI57+AI58 -> 8261900 | AJ56: =AJ57+AJ58 -> 4195600 | AK56: =AK57+AK58 -> 0 | AL56: =AL57+AL58 -> 4071800 | AM56: =AM57+AM58 -> 3893300 | AN56: =AN57+AN58 -> 3699000 | ... AS56: =AS57+AS58 -> 32548400 | AW56: =+C56 -> APORTES DE LEY | AX56: =AX57+AX58 -> 76200000 | AY56: =+E56 -> 0 | AZ56: =+F56 -> 0 | BA56: =+G56 -> 0 | BB56: =+H56 -> 0 | BC56: =+I56 -> 76200000 | BD56: =J56 -> 4500000 | BE56: =AG56 -> 0 | BF56: =K56 -> 4500000 | BG56: =AH56 -> 4378000 | BH56: =L56 -> 4500000 | BI56: =AI56 -> 8261900 | BJ56: =+M56 -> 4500000 | BK56: =AJ56 -> 4195600 | BL56: =+N56 -> 4500000 | BM56: =AK56 -> 0 | BN56: =+O56 -> 4500000 | BO56: =AL56 -> 4071800 | BP56: =+P56 -> 4500000 | BQ56: =AM56 -> 3893300 | BR56: =Q56 -> 4500000 | BS56: =AN56 -> 3699000 | BT56: =R56 -> 4500000 | BU56: =AO56 -> 4048800 | BV56: =S56 -> 4500000 | BW56: =AP56 -> 0 | BX56: =T56 -> 4500000 | BY56: =AQ56 -> 0 | BZ56: =U56 -> 26700000 | CA56: =AR56 -> 0 | CB56: =+BD56+BF56+BH56+BJ56+BL56+BN56+BP56+BR56+BT56+BV56+BX56+BZ56 -> 76200000 | CC56: =+BE56+BG56+BI56+BK56+BM56+BO56+BQ56+BS56+BU56+BW56+BY56+CA56 -> 32548400
C57: Sena | D57: 30500000 | E57: 0 | F57: 0 | G57: 0 | H57: 0 | I57: =+D57+E57-F57+G57-H57 -> 30500000 | J57: 1800000 | K57: =J57 -> 1800000 | L57: =K57 -> 1800000 | M57: =L57 -> 1800000 | N57: =M57 -> 1800000 | O57: =N57 -> 1800000 | P57: =O57 -> 1800000 | Q57: =P57 -> 1800000 | R57: =Q57 -> 1800000 | ... T57: =S57 -> 1800000 | U57: 10700000 | V57: =SUM(J57:U57) -> 30500000 | W57: =+I57-V57 -> 0 | Z57: Sena | AA57: =I57 -> 30500000 | AB57: =+E57 -> 0 | AC57: =+F57 -> 0 | AD57: =+G57 -> 0 | AE57: =+H57 -> 0 | AF57: =+I57 -> 30500000 | AG57: 0 | AH57: 1751500 | AI57: 3305100 | AJ57: 1678300 | AK57: 0 | AL57: 1628800 | AM57: 1557400 | AN57: 1479700 | AO57: 1619600 | AP57: 0 | AQ57: 0 | AR57: 0 | AS57: =SUM(AG57:AR57) -> 13020400 | AW57: =+C57 -> Sena | AX57: =AF57 -> 30500000 | AY57: =+E57 -> 0 | AZ57: =+F57 -> 0 | BA57: =+G57 -> 0 | BB57: =+H57 -> 0 | BC57: =+I57 -> 30500000 | BD57: =J57 -> 1800000 | BE57: =AG57 -> 0 | BF57: =K57 -> 1800000 | BG57: =AH57 -> 1751500 | BH57: =L57 -> 1800000 | BI57: =AI57 -> 3305100 | BJ57: =+M57 -> 1800000 | BK57: =AJ57 -> 1678300 | BL57: =+N57 -> 1800000 | BM57: =AK57 -> 0 | BN57: =+O57 -> 1800000 | BO57: =AL57 -> 1628800 | BP57: =+P57 -> 1800000 | BQ57: =AM57 -> 1557400 | BR57: =Q57 -> 1800000 | BS57: =AN57 -> 1479700 | BT57: =R57 -> 1800000 | BU57: =AO57 -> 1619600 | BV57: =S57 -> 1800000 | BW57: =AP57 -> 0 | BX57: =T57 -> 1800000 | BY57: =AQ57 -> 0 | BZ57: =U57 -> 10700000 | CA57: =AR57 -> 0 | CB57: =+BD57+BF57+BH57+BJ57+BL57+BN57+BP57+BR57+BT57+BV57+BX57+BZ57 -> 30500000 | CC57: =+BE57+BG57+BI57+BK57+BM57+BO57+BQ57+BS57+BU57+BW57+BY57+CA57 -> 13020400
C58: Instituto Colombiano de Bienestar Familiar-ICBF | D58: 45700000 | E58: 0 | F58: 0 | G58: 0 | H58: 0 | I58: =+D58+E58-F58+G58-H58 -> 45700000 | J58: 2700000 | K58: =J58 -> 2700000 | L58: =K58 -> 2700000 | M58: =L58 -> 2700000 | N58: =M58 -> 2700000 | O58: =N58 -> 2700000 | P58: =O58 -> 2700000 | Q58: =P58 -> 2700000 | R58: =Q58 -> 2700000 | ... T58: =S58 -> 2700000 | U58: 16000000 | V58: =SUM(J58:U58) -> 45700000 | W58: =+I58-V58 -> 0 | Z58: Instituto Colombiano de Bienestar Familiar-ICBF | AA58: =I58 -> 45700000 | AB58: =+E58 -> 0 | AC58: =+F58 -> 0 | AD58: =+G58 -> 0 | AE58: =+H58 -> 0 | AF58: =+I58 -> 45700000 | AG58: 0 | AH58: 2626500 | AI58: 4956800 | AJ58: 2517300 | AK58: 0 | AL58: 2443000 | AM58: 2335900 | AN58: 2219300 | AO58: 2429200 | AP58: 0 | AQ58: 0 | AR58: 0 | AS58: =SUM(AG58:AR58) -> 19528000 | AW58: =+C58 -> Instituto Colombiano de Bienestar Familiar-ICBF | AX58: =AF58 -> 45700000 | AY58: =+E58 -> 0 | AZ58: =+F58 -> 0 | BA58: =+G58 -> 0 | BB58: =+H58 -> 0 | BC58: =+I58 -> 45700000 | BD58: =J58 -> 2700000 | BE58: =AG58 -> 0 | BF58: =K58 -> 2700000 | BG58: =AH58 -> 2626500 | BH58: =L58 -> 2700000 | BI58: =AI58 -> 4956800 | BJ58: =+M58 -> 2700000 | BK58: =AJ58 -> 2517300 | BL58: =+N58 -> 2700000 | BM58: =AK58 -> 0 | BN58: =+O58 -> 2700000 | BO58: =AL58 -> 2443000 | BP58: =+P58 -> 2700000 | BQ58: =AM58 -> 2335900 | BR58: =Q58 -> 2700000 | BS58: =AN58 -> 2219300 | BT58: =R58 -> 2700000 | BU58: =AO58 -> 2429200 | BV58: =S58 -> 2700000 | BW58: =AP58 -> 0 | BX58: =T58 -> 2700000 | BY58: =AQ58 -> 0 | BZ58: =U58 -> 16000000 | CA58: =AR58 -> 0 | CB58: =+BD58+BF58+BH58+BJ58+BL58+BN58+BP58+BR58+BT58+BV58+BX58+BZ58 -> 45700000 | CC58: =+BE58+BG58+BI58+BK58+BM58+BO58+BQ58+BS58+BU58+BW58+BY58+CA58 -> 19528000
A59: OK decreto 853 | C59: GASTOS GENERALES | D59: =D60+D65+D81 -> 27000000 | E59: =E60+E65+E81 -> 0 | F59: =F60+F65+F81 -> 0 | G59: =G60+G65+G81 -> 39600000 | H59: =H60+H65+H81 -> 17000000 | I59: =+D59+E59-F59+G59-H59 -> 49600000 | J59: =J60+J65+J81 -> 755827 | K59: =K60+K65+K81 -> 3396193 | L59: =L60+L65+L81 -> 4565583 | M59: =M60+M65+M81 -> 6965583 | N59: =N60+N65+N81 -> 4215583 | O59: =O60+O65+O81 -> 12015583 | P59: =P60+P65+P81 -> 6815583 | Q59: =Q60+Q65+Q81 -> 713466 | ... U59: =U60+U65+U81 -> 10156599 | V59: =SUM(J59:U59) -> 49600000 | W59: =+I59-V59 -> 0 | Z59: GASTOS GENERALES | AA59: =AA60+AA65+AA81 -> 46100000 | AB59: =+E59 -> 0 | AC59: =+F59 -> 0 | AD59: =+G59 -> 39600000 | AE59: =+H59 -> 17000000 | AF59: =+I59 -> 49600000 | AG59: =AG60+AG65+AG81 -> 755827 | AH59: =AH60+AH65+AH81 -> 6096192.5 | AI59: 0 | AJ59: 0 | AK59: 0 | AL59: =AL60+AL65+AL81 -> 1055200 | AM59: =AM60+AM65+AM81 -> 8611117 | AN59: =AN60+AN65+AN81 -> 2956260 | AO59: =AO60+AO65+AO81 -> 1555627 | AP59: 0 | AQ59: 0 | AR59: 0 | AS59: =SUM(AG59:AR59) -> 21030224 | AW59: =+C59 -> GASTOS GENERALES | AX59: =AX60+AX65+AX81 -> 49600000 | AY59: =+E59 -> 0 | AZ59: =+F59 -> 0 | BA59: =+G59 -> 39600000 | BB59: =+H59 -> 17000000 | BC59: =+I59 -> 49600000 | BD59: =J59 -> 755827 | BE59: =AG59 -> 755827 | BF59: =K59 -> 3396193 | BG59: =AH59 -> 6096192.5 | BH59: =L59 -> 4565583 | BI59: =AI59 -> 0 | BJ59: =+M59 -> 6965583 | BK59: =AJ59 -> 0 | BL59: =+N59 -> 4215583 | BM59: =AK59 -> 0 | BN59: =+O59 -> 12015583 | BO59: =AL59 -> 1055200 | BP59: =+P59 -> 6815583 | BQ59: =AM59 -> 8611117 | BR59: =Q59 -> 713466 | BS59: =AN59 -> 2956260 | BT59: =R59 -> 0 | BU59: =AO59 -> 1555627 | BV59: =S59 -> 0 | BW59: =AP59 -> 0 | BX59: =T59 -> 0 | BY59: =AQ59 -> 0 | BZ59: =U59 -> 10156599 | CA59: =AR59 -> 0 | CB59: =+BD59+BF59+BH59+BJ59+BL59+BN59+BP59+BR59+BT59+BV59+BX59+BZ59 -> 49600000 | CC59: =+BE59+BG59+BI59+BK59+BM59+BO59+BQ59+BS59+BU59+BW59+BY59+CA59 -> 21030224
C60: ADQUISICION DE BIENES | D60: =D61+D62+D63 -> 2000000 | E60: =E61+E62+E63 -> 0 | F60: =F61+F62+F63 -> 0 | G60: =G61+G62+G63 -> 19000000 | H60: =H61+H62+H63 -> 12000000 | I60: =I61+I62+I63 -> 9000000 | J60: =J61+J62+J63+J64 -> 0 | K60: =K61+K62+K63+K64 -> 0 | L60: =L61+L62+L63+L64 -> 0 | M60: =M61+M62+M63+M64 -> 3000000 | N60: =N61+N62+N63+N64 -> 0 | O60: =O61+O62+O63+O64 -> 6000000 | P60: =P61+P62+P63+P64 -> 0 | Q60: =Q61+Q62+Q63+Q64 -> 0 | ... U60: =U61+U62+U63+U64 -> 0 | V60: =SUM(J60:U60) -> 9000000 | W60: =+I60-V60 -> 0 | Z60: ADQUISICION DE BIENES | AA60: =AA61+AA62+AA63 -> 9000000 | AB60: =+E60 -> 0 | AC60: =+F60 -> 0 | AD60: =+G60 -> 19000000 | AE60: =+H60 -> 12000000 | AF60: =+I60 -> 9000000 | AG60: =AG61+AG62+AG63+AG64 -> 0 | AH60: =AH61+AH62+AH63+AH64 -> 600000 | AI60: =AI61+AI62+AI63+AI64 -> 0 | AJ60: =AJ61+AJ62+AJ63+AJ64 -> 0 | AK60: =AK61+AK62+AK63+AK64 -> 0 | AL60: =AL61+AL62+AL63+AL64 -> 390000 | AM60: =AM61+AM62+AM63+AM64 -> 573102 | AN60: =AN61+AN62+AN63+AN64 -> 2956260 | ... AS60: =AS61+AS62+AS63+AS64 -> 4699362 | AW60: =+C60 -> ADQUISICION DE BIENES | AX60: =AX61+AX62+AX63+AX64 -> 9000000 | AY60: =+E60 -> 0 | AZ60: =+F60 -> 0 | BA60: =+G60 -> 19000000 | BB60: =+H60 -> 12000000 | BC60: =+I60 -> 9000000 | BD60: =J60 -> 0 | BE60: =AG60 -> 0 | BF60: =K60 -> 0 | BG60: =AH60 -> 600000 | BH60: =L60 -> 0 | BI60: =AI60 -> 0 | BJ60: =+M60 -> 3000000 | BK60: =AJ60 -> 0 | BL60: =+N60 -> 0 | BM60: =AK60 -> 0 | BN60: =+O60 -> 6000000 | BO60: =AL60 -> 390000 | BP60: =+P60 -> 0 | BQ60: =AM60 -> 573102 | BR60: =Q60 -> 0 | BS60: =AN60 -> 2956260 | BT60: =R60 -> 0 | BU60: =AO60 -> 180000 | BV60: =S60 -> 0 | BW60: =AP60 -> 0 | BX60: =T60 -> 0 | BY60: =AQ60 -> 0 | BZ60: =U60 -> 0 | CA60: =AR60 -> 0 | CB60: =+BD60+BF60+BH60+BJ60+BL60+BN60+BP60+BR60+BT60+BV60+BX60+BZ60 -> 9000000 | CC60: =+BE60+BG60+BI60+BK60+BM60+BO60+BQ60+BS60+BU60+BW60+BY60+CA60 -> 4699362
C61: Compra de Equipo | D61: 1000000 | E61: 0 | F61: 0 | G61: 9000000 | H61: 7000000 | I61: =+D61+E61-F61+G61-H61 -> 3000000 | J61: 0 | K61: 0 | L61: 0 | M61: 3000000 | N61: 0 | O61: 0 | P61: 0 | Q61: 0 | R61: 0 | S61: 0 | T61: 0 | U61: 0 | V61: =SUM(J61:U61) -> 3000000 | W61: =+I61-V61 -> 0 | Z61: Compra de Equipo | AA61: =I61 -> 3000000 | AB61: =+E61 -> 0 | AC61: =+F61 -> 0 | AD61: =+G61 -> 9000000 | AE61: =+H61 -> 7000000 | AF61: =+I61 -> 3000000 | AG61: 0 | AH61: 0 | AI61: 0 | AJ61: 0 | AK61: 0 | AL61: 0 | AM61: 0 | AN61: 0 | AO61: 0 | AP61: 0 | AQ61: 0 | AR61: 0 | AS61: =SUM(AG61:AR61) -> 0 | AW61: =+C61 -> Compra de Equipo | AX61: =AF61 -> 3000000 | AY61: =+E61 -> 0 | AZ61: =+F61 -> 0 | BA61: =+G61 -> 9000000 | BB61: =+H61 -> 7000000 | BC61: =+I61 -> 3000000 | BD61: =J61 -> 0 | BE61: =AG61 -> 0 | BF61: =K61 -> 0 | BG61: =AH61 -> 0 | BH61: =L61 -> 0 | BI61: =AI61 -> 0 | BJ61: =+M61 -> 3000000 | BK61: =AJ61 -> 0 | BL61: =+N61 -> 0 | BM61: =AK61 -> 0 | BN61: =+O61 -> 0 | BO61: =AL61 -> 0 | BP61: =+P61 -> 0 | BQ61: =AM61 -> 0 | BR61: =Q61 -> 0 | BS61: =AN61 -> 0 | BT61: =R61 -> 0 | BU61: =AO61 -> 0 | BV61: =S61 -> 0 | BW61: =AP61 -> 0 | BX61: =T61 -> 0 | BY61: =AQ61 -> 0 | BZ61: =U61 -> 0 | CA61: =AR61 -> 0 | CB61: =+BD61+BF61+BH61+BJ61+BL61+BN61+BP61+BR61+BT61+BV61+BX61+BZ61 -> 3000000 | CC61: =+BE61+BG61+BI61+BK61+BM61+BO61+BQ61+BS61+BU61+BW61+BY61+CA61 -> 0
C62: Materiales y Suministros | D62: 1000000 | E62: 0 | F62: 0 | G62: 10000000 | H62: 5000000 | I62: =+D62+E62-F62+G62-H62 -> 6000000 | J62: 0 | K62: 0 | L62: 0 | M62: 0 | N62: 0 | O62: 6000000 | P62: 0 | Q62: 0 | R62: 0 | S62: 0 | T62: 0 | U62: 0 | V62: =SUM(J62:U62) -> 6000000 | W62: =+I62-V62 -> 0 | Z62: Materiales y Suministros | AA62: =I62 -> 6000000 | AB62: =+E62 -> 0 | AC62: =+F62 -> 0 | AD62: =+G62 -> 10000000 | AE62: =+H62 -> 5000000 | AF62: =+I62 -> 6000000 | AG62: 0 | AH62: 600000 | AI62: 0 | AJ62: 0 | AK62: 0 | AL62: 390000 | AM62: 573102 | AN62: 2956260 | AO62: 180000 | AP62: 0 | AQ62: 0 | AR62: 0 | AS62: =SUM(AG62:AR62) -> 4699362 | AW62: =+C62 -> Materiales y Suministros | AX62: =AF62 -> 6000000 | AY62: =+E62 -> 0 | AZ62: =+F62 -> 0 | BA62: =+G62 -> 10000000 | BB62: =+H62 -> 5000000 | BC62: =+I62 -> 6000000 | BD62: =J62 -> 0 | BE62: =AG62 -> 0 | BF62: =K62 -> 0 | BG62: =AH62 -> 600000 | BH62: =L62 -> 0 | BI62: =AI62 -> 0 | BJ62: =+M62 -> 0 | BK62: =AJ62 -> 0 | BL62: =+N62 -> 0 | BM62: =AK62 -> 0 | BN62: =+O62 -> 6000000 | BO62: =AL62 -> 390000 | BP62: =+P62 -> 0 | BQ62: =AM62 -> 573102 | BR62: =Q62 -> 0 | BS62: =AN62 -> 2956260 | BT62: =R62 -> 0 | BU62: =AO62 -> 180000 | BV62: =S62 -> 0 | BW62: =AP62 -> 0 | BX62: =T62 -> 0 | BY62: =AQ62 -> 0 | BZ62: =U62 -> 0 | CA62: =AR62 -> 0 | CB62: =+BD62+BF62+BH62+BJ62+BL62+BN62+BP62+BR62+BT62+BV62+BX62+BZ62 -> 6000000 | CC62: =+BE62+BG62+BI62+BK62+BM62+BO62+BQ62+BS62+BU62+BW62+BY62+CA62 -> 4699362
C63: Otros Bienes | D63: 0 | E63: 0 | F63: 0 | G63: 0 | H63: 0 | I63: 0 | J63: 0 | K63: 0 | V63: =SUM(J63:U63) -> 0 | W63: =+I63-V63 -> 0 | Z63: Otros Bienes | AA63: =I63 -> 0 | AB63: =+E63 -> 0 | AC63: =+F63 -> 0 | AD63: =+G63 -> 0 | AE63: =+H63 -> 0 | AF63: =+I63 -> 0 | AG63: 0 | AH63: 0 | AI63: 0 | AJ63: 0 | AK63: 0 | AL63: 0 | AM63: 0 | AN63: 0 | AO63: 0 | AP63: 0 | AQ63: 0 | AR63: 0 | AS63: =SUM(AG63:AR63) -> 0 | AW63: =+C63 -> Otros Bienes | AX63: =AF63 -> 0 | AY63: =+E63 -> 0 | AZ63: =+F63 -> 0 | BA63: =+G63 -> 0 | BB63: =+H63 -> 0 | BC63: =+I63 -> 0 | BD63: =J63 -> 0 | BE63: =AG63 -> 0 | BF63: =K63 -> 0 | BG63: =AH63 -> 0 | BH63: =L63 -> 0 | BI63: =AI63 -> 0 | BJ63: =+M63 -> 0 | BK63: =AJ63 -> 0 | BL63: =+N63 -> 0 | BM63: =AK63 -> 0 | BN63: =+O63 -> 0 | BO63: =AL63 -> 0 | BP63: =+P63 -> 0 | BQ63: =AM63 -> 0 | BR63: =Q63 -> 0 | BS63: =AN63 -> 0 | BT63: =R63 -> 0 | BU63: =AO63 -> 0 | BV63: =S63 -> 0 | BW63: =AP63 -> 0 | BX63: =T63 -> 0 | BY63: =AQ63 -> 0 | BZ63: =U63 -> 0 | CA63: =AR63 -> 0 | CB63: =+BD63+BF63+BH63+BJ63+BL63+BN63+BP63+BR63+BT63+BV63+BX63+BZ63 -> 0 | CC63: =+BE63+BG63+BI63+BK63+BM63+BO63+BQ63+BS63+BU63+BW63+BY63+CA63 -> 0
W64: =+I64-V64 -> 0 | BD64: =J64 -> 0 | BE64: =AG64 -> 0 | BF64: =K64 -> 0 | BG64: =AH64 -> 0 | BH64: =L64 -> 0 | BI64: =AI64 -> 0 | BK64: =AJ64 -> 0 | BM64: =AK64 -> 0 | BO64: =AL64 -> 0 | BQ64: =AM64 -> 0 | BR64: =Q64 -> 0 | BS64: =AN64 -> 0 | BT64: =R64 -> 0 | BU64: =AO64 -> 0 | BV64: =S64 -> 0 | BW64: =AP64 -> 0 | BX64: =T64 -> 0 | BY64: =AQ64 -> 0 | BZ64: =U64 -> 0 | CA64: =AR64 -> 0
A65: OK decreto 853 | C65: ADQUISICION DE SERVICIOS | D65: =SUM(D66:D80) -> 24000000 | E65: =SUM(E66:E80) -> 0 | F65: =SUM(F66:F80) -> 0 | G65: =SUM(G66:G80) -> 18500000 | H65: =SUM(H66:H80) -> 5000000 | I65: =+D65+E65-F65+G65-H65 -> 37500000 | J65: =SUM(J66:J80) -> 755827 | K65: =SUM(K66:K80) -> 452792 | L65: =SUM(L66:L80) -> 4565583 | M65: =SUM(M66:M80) -> 3965583 | N65: =SUM(N66:N80) -> 4215583 | O65: =SUM(O66:O80) -> 6015583 | P65: =SUM(P66:P80) -> 6815583 | Q65: =SUM(Q66:Q80) -> 713466 | ... U65: =SUM(U66:U80) -> 10000000 | V65: =SUM(J65:U65) -> 37500000 | W65: =+I65-V65 -> 0 | Z65: ADQUISICION DE SERVICIOS | AA65: =SUM(AA66:AA80) -> 34000000 | AB65: =+E65 -> 0 | AC65: =+F65 -> 0 | AD65: =+G65 -> 18500000 | AE65: =+H65 -> 5000000 | AF65: =+I65 -> 37500000 | AG65: =SUM(AG66:AG80) -> 755827 | AH65: =SUM(AH66:AH80) -> 2552791.5 | AI65: =SUM(AI66:AI80) -> 665583 | AJ65: =SUM(AJ66:AJ80) -> 0 | AK65: =SUM(AK66:AK80) -> 0 | AL65: =SUM(AL66:AL80) -> 665200 | AM65: =SUM(AM66:AM80) -> 8038015 | AN65: =SUM(AN66:AN80) -> 0 | ... AS65: =SUM(AS66:AS80) -> 14053044 | AW65: =+C65 -> ADQUISICION DE SERVICIOS | AX65: =SUM(AX66:AX80) -> 37500000 | AY65: =+E65 -> 0 | AZ65: =+F65 -> 0 | BA65: =+G65 -> 18500000 | BB65: =+H65 -> 5000000 | BC65: =+I65 -> 37500000 | BD65: =J65 -> 755827 | BE65: =AG65 -> 755827 | BF65: =K65 -> 452792 | BG65: =AH65 -> 2552791.5 | BH65: =L65 -> 4565583 | BI65: =AI65 -> 665583 | BJ65: =+M65 -> 3965583 | BK65: =AJ65 -> 0 | BL65: =+N65 -> 4215583 | BM65: =AK65 -> 0 | BN65: =+O65 -> 6015583 | BO65: =AL65 -> 665200 | BP65: =+P65 -> 6815583 | BQ65: =AM65 -> 8038015 | BR65: =Q65 -> 713466 | BS65: =AN65 -> 0 | BT65: =R65 -> 0 | BU65: =AO65 -> 1375627 | BV65: =S65 -> 0 | BW65: =AP65 -> 0 | BX65: =T65 -> 0 | BY65: =AQ65 -> 0 | BZ65: =U65 -> 10000000 | CA65: =AR65 -> 0 | CB65: =+BD65+BF65+BH65+BJ65+BL65+BN65+BP65+BR65+BT65+BV65+BX65+BZ65 -> 37500000 | CC65: =+BE65+BG65+BI65+BK65+BM65+BO65+BQ65+BS65+BU65+BW65+BY65+CA65 -> 14053044
C66: Viaticos y Gastos de Viaje | D66: 1000000 | E66: 0 | F66: 0 | G66: 4000000 | H66: 0 | I66: =+D66+E66-F66+G66-H66 -> 5000000 | J66: 755827 | K66: 452792 | L66: 665583 | M66: 665583 | N66: 665583 | O66: 665583 | P66: 665583 | Q66: 463466 | R66: 0 | S66: 0 | T66: 0 | U66: 0 | V66: =SUM(J66:U66) -> 5000000 | W66: =+I66-V66 -> 0 | Z66: Viaticos y Gastos de Viaje | AA66: =I66 -> 5000000 | AB66: =+E66 -> 0 | AC66: =+F66 -> 0 | AD66: =+G66 -> 4000000 | AE66: =+H66 -> 0 | AF66: =+I66 -> 5000000 | AG66: 755827 | AH66: 452791.5 | AI66: 665583 | AJ66: 0 | AK66: 0 | AL66: 0 | AM66: 0 | AN66: 0 | AO66: 1375627 | AP66: 0 | AQ66: 0 | AR66: 0 | AS66: =SUM(AG66:AR66) -> 3249828.5 | AW66: =+C66 -> Viaticos y Gastos de Viaje | AX66: =AF66 -> 5000000 | AY66: =+E66 -> 0 | AZ66: =+F66 -> 0 | BA66: =+G66 -> 4000000 | BB66: =+H66 -> 0 | BC66: =+I66 -> 5000000 | BD66: =J66 -> 755827 | BE66: =AG66 -> 755827 | BF66: =K66 -> 452792 | BG66: =AH66 -> 452791.5 | BH66: =L66 -> 665583 | BI66: =AI66 -> 665583 | BJ66: =+M66 -> 665583 | BK66: =AJ66 -> 0 | BL66: =+N66 -> 665583 | BM66: =AK66 -> 0 | BN66: =+O66 -> 665583 | BO66: =AL66 -> 0 | BP66: =+P66 -> 665583 | BQ66: =AM66 -> 0 | BR66: =Q66 -> 463466 | BS66: =AN66 -> 0 | BT66: =R66 -> 0 | BU66: =AO66 -> 1375627 | BV66: =S66 -> 0 | BW66: =AP66 -> 0 | BX66: =T66 -> 0 | BY66: =AQ66 -> 0 | BZ66: =U66 -> 0 | CA66: =AR66 -> 0 | CB66: =+BD66+BF66+BH66+BJ66+BL66+BN66+BP66+BR66+BT66+BV66+BX66+BZ66 -> 5000000 | CC66: =+BE66+BG66+BI66+BK66+BM66+BO66+BQ66+BS66+BU66+BW66+BY66+CA66 -> 3249828.5
C67: Servicios Publicos | D67: 1000000 | E67: 0 | F67: 0 | G67: 0 | H67: 0 | I67: =+D67+E67-F67+G67-H67 -> 1000000 | J67: 0 | K67: 0 | N67: 250000 | O67: 250000 | P67: 250000 | Q67: 250000 | V67: =SUM(J67:U67) -> 1000000 | W67: =+I67-V67 -> 0 | Z67: Servicios Publicos | AA67: =I67 -> 1000000 | AB67: =+E67 -> 0 | AC67: =+F67 -> 0 | AD67: =+G67 -> 0 | AE67: =+H67 -> 0 | AF67: =+I67 -> 1000000 | AG67: 0 | AH67: 0 | AI67: 0 | AJ67: 0 | AK67: 0 | AL67: 0 | AM67: 0 | AN67: 0 | AO67: 0 | AP67: 0 | AQ67: 0 | AR67: 0 | AS67: =SUM(AG67:AR67) -> 0 | AW67: =+C67 -> Servicios Publicos | AX67: =AF67 -> 1000000 | AY67: =+E67 -> 0 | AZ67: =+F67 -> 0 | BA67: =+G67 -> 0 | BB67: =+H67 -> 0 | BC67: =+I67 -> 1000000 | BD67: =J67 -> 0 | BE67: =AG67 -> 0 | BF67: =K67 -> 0 | BG67: =AH67 -> 0 | BH67: =L67 -> 0 | BI67: =AI67 -> 0 | BJ67: =+M67 -> 0 | BK67: =AJ67 -> 0 | BL67: =+N67 -> 250000 | BM67: =AK67 -> 0 | BN67: =+O67 -> 250000 | BO67: =AL67 -> 0 | BP67: =+P67 -> 250000 | BQ67: =AM67 -> 0 | BR67: =Q67 -> 250000 | BS67: =AN67 -> 0 | BT67: =R67 -> 0 | BU67: =AO67 -> 0 | BV67: =S67 -> 0 | BW67: =AP67 -> 0 | BX67: =T67 -> 0 | BY67: =AQ67 -> 0 | BZ67: =U67 -> 0 | CA67: =AR67 -> 0 | CB67: =+BD67+BF67+BH67+BJ67+BL67+BN67+BP67+BR67+BT67+BV67+BX67+BZ67 -> 1000000 | CC67: =+BE67+BG67+BI67+BK67+BM67+BO67+BQ67+BS67+BU67+BW67+BY67+CA67 -> 0
C68: Comunicación y Transporte | D68: 1000000 | E68: 0 | F68: 0 | G68: 0 | H68: 0 | I68: =+D68+E68-F68+G68-H68 -> 1000000 | J68: 0 | K68: 0 | L68: 300000 | M68: 300000 | N68: 300000 | O68: 100000 | Q68: 0 | V68: =SUM(J68:U68) -> 1000000 | W68: =+I68-V68 -> 0 | Z68: Comunicación y Transporte | AA68: =I68 -> 1000000 | AB68: =+E68 -> 0 | AC68: =+F68 -> 0 | AD68: =+G68 -> 0 | AE68: =+H68 -> 0 | AF68: =+I68 -> 1000000 | AG68: 0 | AH68: 300000 | AI68: 0 | AJ68: 0 | AK68: 0 | AL68: 234700 | AM68: 152000 | AN68: 0 | AO68: 0 | AP68: 0 | AQ68: 0 | AR68: 0 | AS68: =SUM(AG68:AR68) -> 686700 | AW68: =+C68 -> Comunicación y Transporte | AX68: =AF68 -> 1000000 | AY68: =+E68 -> 0 | AZ68: =+F68 -> 0 | BA68: =+G68 -> 0 | BB68: =+H68 -> 0 | BC68: =+I68 -> 1000000 | BD68: =J68 -> 0 | BE68: =AG68 -> 0 | BF68: =K68 -> 0 | BG68: =AH68 -> 300000 | BH68: =L68 -> 300000 | BI68: =AI68 -> 0 | BJ68: =+M68 -> 300000 | BK68: =AJ68 -> 0 | BL68: =+N68 -> 300000 | BM68: =AK68 -> 0 | BN68: =+O68 -> 100000 | BO68: =AL68 -> 234700 | BP68: =+P68 -> 0 | BQ68: =AM68 -> 152000 | BR68: =Q68 -> 0 | BS68: =AN68 -> 0 | BT68: =R68 -> 0 | BU68: =AO68 -> 0 | BV68: =S68 -> 0 | BW68: =AP68 -> 0 | BX68: =T68 -> 0 | BY68: =AQ68 -> 0 | BZ68: =U68 -> 0 | CA68: =AR68 -> 0 | CB68: =+BD68+BF68+BH68+BJ68+BL68+BN68+BP68+BR68+BT68+BV68+BX68+BZ68 -> 1000000 | CC68: =+BE68+BG68+BI68+BK68+BM68+BO68+BQ68+BS68+BU68+BW68+BY68+CA68 -> 686700
C69: Impresos y Publicaciones | D69: 1000000 | E69: 0 | F69: 0 | G69: 0 | H69: 1000000 | I69: =+D69+E69-F69+G69-H69 -> 0 | J69: 0 | K69: 0 | L69: 0 | M69: 0 | N69: 0 | O69: 0 | P69: 0 | Q69: 0 | R69: 0 | S69: 0 | T69: 0 | U69: 0 | V69: =SUM(J69:U69) -> 0 | W69: =+I69-V69 -> 0 | Z69: Impresos y Publicaciones | AA69: =I69 -> 0 | AB69: =+E69 -> 0 | AC69: =+F69 -> 0 | AD69: =+G69 -> 0 | AE69: =+H69 -> 1000000 | AF69: =+I69 -> 0 | AG69: 0 | AH69: 0 | AI69: 0 | AJ69: 0 | AK69: 0 | AL69: 0 | AM69: 0 | AN69: 0 | AO69: 0 | AP69: 0 | AQ69: 0 | AR69: 0 | AS69: =SUM(AG69:AR69) -> 0 | AW69: =+C69 -> Impresos y Publicaciones | AX69: =AF69 -> 0 | AY69: =+E69 -> 0 | AZ69: =+F69 -> 0 | BA69: =+G69 -> 0 | BB69: =+H69 -> 1000000 | BC69: =+I69 -> 0 | BD69: =J69 -> 0 | BE69: =AG69 -> 0 | BF69: =K69 -> 0 | BG69: =AH69 -> 0 | BH69: =L69 -> 0 | BI69: =AI69 -> 0 | BJ69: =+M69 -> 0 | BK69: =AJ69 -> 0 | BL69: =+N69 -> 0 | BM69: =AK69 -> 0 | BN69: =+O69 -> 0 | BO69: =AL69 -> 0 | BP69: =+P69 -> 0 | BQ69: =AM69 -> 0 | BR69: =Q69 -> 0 | BS69: =AN69 -> 0 | BT69: =R69 -> 0 | BU69: =AO69 -> 0 | BV69: =S69 -> 0 | BW69: =AP69 -> 0 | BX69: =T69 -> 0 | BY69: =AQ69 -> 0 | BZ69: =U69 -> 0 | CA69: =AR69 -> 0 | CB69: =+BD69+BF69+BH69+BJ69+BL69+BN69+BP69+BR69+BT69+BV69+BX69+BZ69 -> 0 | CC69: =+BE69+BG69+BI69+BK69+BM69+BO69+BQ69+BS69+BU69+BW69+BY69+CA69 -> 0
C70: Arrendamientos | D70: 0 | E70: 0 | F70: 0 | G70: 0 | H70: 0 | I70: =+D70+E70-F70+G70-H70 -> 0 | J70: 0 | K70: 0 | L70: 0 | M70: 0 | N70: 0 | P70: 0 | Q70: 0 | R70: 0 | S70: 0 | T70: 0 | U70: 0 | V70: =SUM(J70:U70) -> 0 | W70: =+I70-V70 -> 0 | Z70: Arrendamientos | AA70: =I70 -> 0 | AB70: =+E70 -> 0 | AC70: =+F70 -> 0 | AD70: =+G70 -> 0 | AE70: =+H70 -> 0 | AF70: =+I70 -> 0 | AG70: 0 | AH70: 0 | AI70: 0 | AJ70: 0 | AK70: 0 | AL70: 0 | AM70: 0 | AN70: 0 | AO70: 0 | AP70: 0 | AQ70: 0 | AR70: 0 | AS70: =SUM(AG70:AR70) -> 0 | AW70: =+C70 -> Arrendamientos | AX70: =AF70 -> 0 | AY70: =+E70 -> 0 | AZ70: =+F70 -> 0 | BA70: =+G70 -> 0 | BB70: =+H70 -> 0 | BC70: =+I70 -> 0 | BD70: =J70 -> 0 | BE70: =AG70 -> 0 | BF70: =K70 -> 0 | BG70: =AH70 -> 0 | BH70: =L70 -> 0 | BI70: =AI70 -> 0 | BJ70: =+M70 -> 0 | BK70: =AJ70 -> 0 | BL70: =+N70 -> 0 | BM70: =AK70 -> 0 | BN70: =+O70 -> 0 | BO70: =AL70 -> 0 | BP70: =+P70 -> 0 | BQ70: =AM70 -> 0 | BR70: =Q70 -> 0 | BS70: =AN70 -> 0 | BT70: =R70 -> 0 | BU70: =AO70 -> 0 | BV70: =S70 -> 0 | BW70: =AP70 -> 0 | BX70: =T70 -> 0 | BY70: =AQ70 -> 0 | BZ70: =U70 -> 0 | CA70: =AR70 -> 0 | CB70: =+BD70+BF70+BH70+BJ70+BL70+BN70+BP70+BR70+BT70+BV70+BX70+BZ70 -> 0 | CC70: =+BE70+BG70+BI70+BK70+BM70+BO70+BQ70+BS70+BU70+BW70+BY70+CA70 -> 0
C71: Seguros | D71: 10000000 | E71: 0 | F71: 0 | G71: 0 | H71: 0 | I71: =+D71+E71-F71+G71-H71 -> 10000000 | K71: 0 | U71: 10000000 | V71: =SUM(J71:U71) -> 10000000 | W71: =+I71-V71 -> 0 | Z71: Seguros | AA71: =I71 -> 10000000 | AB71: =+E71 -> 0 | AC71: =+F71 -> 0 | AD71: =+G71 -> 0 | AE71: =+H71 -> 0 | AF71: =+I71 -> 10000000 | AG71: 0 | AH71: 0 | AI71: 0 | AJ71: 0 | AK71: 0 | AL71: 0 | AM71: 0 | AN71: 0 | AO71: 0 | AP71: 0 | AQ71: 0 | AR71: 0 | AS71: =SUM(AG71:AR71) -> 0 | AW71: =+C71 -> Seguros | AX71: =AF71 -> 10000000 | AY71: =+E71 -> 0 | AZ71: =+F71 -> 0 | BA71: =+G71 -> 0 | BB71: =+H71 -> 0 | BC71: =+I71 -> 10000000 | BD71: =J71 -> 0 | BE71: =AG71 -> 0 | BF71: =K71 -> 0 | BG71: =AH71 -> 0 | BH71: =L71 -> 0 | BI71: =AI71 -> 0 | BJ71: =+M71 -> 0 | BK71: =AJ71 -> 0 | BL71: =+N71 -> 0 | BM71: =AK71 -> 0 | BN71: =+O71 -> 0 | BO71: =AL71 -> 0 | BP71: =+P71 -> 0 | BQ71: =AM71 -> 0 | BR71: =Q71 -> 0 | BS71: =AN71 -> 0 | BT71: =R71 -> 0 | BU71: =AO71 -> 0 | BV71: =S71 -> 0 | BW71: =AP71 -> 0 | BX71: =T71 -> 0 | BY71: =AQ71 -> 0 | BZ71: =U71 -> 10000000 | CA71: =AR71 -> 0 | CB71: =+BD71+BF71+BH71+BJ71+BL71+BN71+BP71+BR71+BT71+BV71+BX71+BZ71 -> 10000000 | CC71: =+BE71+BG71+BI71+BK71+BM71+BO71+BQ71+BS71+BU71+BW71+BY71+CA71 -> 0
C72: Sistematización | D72: 0 | E72: 0 | F72: 0 | G72: 0 | H72: 0 | I72: =+D72+E72-F72+G72-H72 -> 0 | K72: 0 | L72: 0 | O72: 0 | P72: 0 | Q72: 0 | R72: 0 | S72: 0 | T72: 0 | U72: 0 | V72: =SUM(J72:U72) -> 0 | W72: =+I72-V72 -> 0 | Z72: Sistematización | AA72: =I72 -> 0 | AB72: =+E72 -> 0 | AC72: =+F72 -> 0 | AD72: =+G72 -> 0 | AE72: =+H72 -> 0 | AF72: =+I72 -> 0 | AG72: 0 | AH72: 0 | AI72: 0 | AJ72: 0 | AK72: 0 | AL72: 0 | AM72: 0 | AN72: 0 | AO72: 0 | AP72: 0 | AQ72: 0 | AR72: 0 | AS72: =SUM(AG72:AR72) -> 0 | AW72: =+C72 -> Sistematización | AX72: =AF72 -> 0 | AY72: =+E72 -> 0 | AZ72: =+F72 -> 0 | BA72: =+G72 -> 0 | BB72: =+H72 -> 0 | BC72: =+I72 -> 0 | BD72: =J72 -> 0 | BE72: =AG72 -> 0 | BF72: =K72 -> 0 | BG72: =AH72 -> 0 | BH72: =L72 -> 0 | BI72: =AI72 -> 0 | BJ72: =+M72 -> 0 | BK72: =AJ72 -> 0 | BL72: =+N72 -> 0 | BM72: =AK72 -> 0 | BN72: =+O72 -> 0 | BO72: =AL72 -> 0 | BP72: =+P72 -> 0 | BQ72: =AM72 -> 0 | BR72: =Q72 -> 0 | BS72: =AN72 -> 0 | BT72: =R72 -> 0 | BU72: =AO72 -> 0 | BV72: =S72 -> 0 | BW72: =AP72 -> 0 | BX72: =T72 -> 0 | BY72: =AQ72 -> 0 | BZ72: =U72 -> 0 | CA72: =AR72 -> 0 | CB72: =+BD72+BF72+BH72+BJ72+BL72+BN72+BP72+BR72+BT72+BV72+BX72+BZ72 -> 0 | CC72: =+BE72+BG72+BI72+BK72+BM72+BO72+BQ72+BS72+BU72+BW72+BY72+CA72 -> 0
C73: Gastos Bancarios y Fiduciarios | D73: 1000000 | E73: 0 | F73: 0 | G73: 0 | H73: 1000000 | I73: =+D73+E73-F73+G73-H73 -> 0 | J73: =I73/12 -> 0 | K73: =J73 -> 0 | L73: =K73 -> 0 | M73: =L73 -> 0 | N73: =M73 -> 0 | O73: =N73 -> 0 | P73: =O73 -> 0 | Q73: =P73 -> 0 | R73: =Q73 -> 0 | ... U73: =T73 -> 0 | V73: =SUM(J73:U73) -> 0 | W73: =+I73-V73 -> 0 | Z73: Gastos Bancarios y Fiduciarios | AA73: =I73 -> 0 | AB73: =+E73 -> 0 | AC73: =+F73 -> 0 | AD73: =+G73 -> 0 | AE73: =+H73 -> 1000000 | AF73: =+I73 -> 0 | AG73: 0 | AH73: 0 | AI73: 0 | AJ73: 0 | AK73: 0 | AL73: 0 | AM73: 0 | AN73: 0 | AO73: 0 | AP73: 0 | AQ73: 0 | AR73: 0 | AS73: =SUM(AG73:AR73) -> 0 | AW73: =+C73 -> Gastos Bancarios y Fiduciarios | AX73: =AF73 -> 0 | AY73: =+E73 -> 0 | AZ73: =+F73 -> 0 | BA73: =+G73 -> 0 | BB73: =+H73 -> 1000000 | BC73: =+I73 -> 0 | BD73: =J73 -> 0 | BE73: =AG73 -> 0 | BF73: =K73 -> 0 | BG73: =AH73 -> 0 | BH73: =L73 -> 0 | BI73: =AI73 -> 0 | BJ73: =+M73 -> 0 | BK73: =AJ73 -> 0 | BL73: =+N73 -> 0 | BM73: =AK73 -> 0 | BN73: =+O73 -> 0 | BO73: =AL73 -> 0 | BP73: =+P73 -> 0 | BQ73: =AM73 -> 0 | BR73: =Q73 -> 0 | BS73: =AN73 -> 0 | BT73: =R73 -> 0 | BU73: =AO73 -> 0 | BV73: =S73 -> 0 | BW73: =AP73 -> 0 | BX73: =T73 -> 0 | BY73: =AQ73 -> 0 | BZ73: =U73 -> 0 | CA73: =AR73 -> 0 | CB73: =+BD73+BF73+BH73+BJ73+BL73+BN73+BP73+BR73+BT73+BV73+BX73+BZ73 -> 0 | CC73: =+BE73+BG73+BI73+BK73+BM73+BO73+BQ73+BS73+BU73+BW73+BY73+CA73 -> 0
C74: Mantenimiento | D74: 1000000 | E74: 0 | F74: 0 | G74: 1000000 | H74: 0 | I74: =+D74+E74-F74+G74-H74 -> 2000000 | J74: 0 | K74: 0 | L74: 0 | M74: 0 | N74: 0 | O74: 2000000 | P74: 0 | Q74: 0 | R74: 0 | S74: 0 | T74: 0 | U74: 0 | V74: =SUM(J74:U74) -> 2000000 | W74: =+I74-V74 -> 0 | Z74: Mantenimiento | AA74: =I74 -> 2000000 | AB74: =+E74 -> 0 | AC74: =+F74 -> 0 | AD74: =+G74 -> 1000000 | AE74: =+H74 -> 0 | AF74: =+I74 -> 2000000 | AG74: 0 | AH74: 600000 | AI74: 0 | AJ74: 0 | AK74: 0 | AL74: 430500 | AM74: 350000 | AN74: 0 | AO74: 0 | AP74: 0 | AQ74: 0 | AR74: 0 | AS74: =SUM(AG74:AR74) -> 1380500 | AW74: =+C74 -> Mantenimiento | AX74: =AF74 -> 2000000 | AY74: =+E74 -> 0 | AZ74: =+F74 -> 0 | BA74: =+G74 -> 1000000 | BB74: =+H74 -> 0 | BC74: =+I74 -> 2000000 | BD74: =J74 -> 0 | BE74: =AG74 -> 0 | BF74: =K74 -> 0 | BG74: =AH74 -> 600000 | BH74: =L74 -> 0 | BI74: =AI74 -> 0 | BJ74: =+M74 -> 0 | BK74: =AJ74 -> 0 | BL74: =+N74 -> 0 | BM74: =AK74 -> 0 | BN74: =+O74 -> 2000000 | BO74: =AL74 -> 430500 | BP74: =+P74 -> 0 | BQ74: =AM74 -> 350000 | BR74: =Q74 -> 0 | BS74: =AN74 -> 0 | BT74: =R74 -> 0 | BU74: =AO74 -> 0 | BV74: =S74 -> 0 | BW74: =AP74 -> 0 | BX74: =T74 -> 0 | BY74: =AQ74 -> 0 | BZ74: =U74 -> 0 | CA74: =AR74 -> 0 | CB74: =+BD74+BF74+BH74+BJ74+BL74+BN74+BP74+BR74+BT74+BV74+BX74+BZ74 -> 2000000 | CC74: =+BE74+BG74+BI74+BK74+BM74+BO74+BQ74+BS74+BU74+BW74+BY74+CA74 -> 1380500
C75: Capacitación | D75: 1000000 | E75: 0 | F75: 0 | G75: 0 | H75: 1000000 | I75: =+D75+E75-F75+G75-H75 -> 0 | K75: 0 | L75: 0 | M75: 0 | N75: 0 | O75: 0 | P75: 0 | Q75: 0 | R75: 0 | S75: 0 | T75: 0 | U75: 0 | V75: =SUM(J75:U75) -> 0 | W75: =+I75-V75 -> 0 | Z75: Capacitación | AA75: =I75 -> 0 | AB75: =+E75 -> 0 | AC75: =+F75 -> 0 | AD75: =+G75 -> 0 | AE75: =+H75 -> 1000000 | AF75: =+I75 -> 0 | AG75: 0 | AH75: 0 | AI75: 0 | AJ75: 0 | AK75: 0 | AL75: 0 | AM75: 0 | AN75: 0 | AO75: 0 | AP75: 0 | AQ75: 0 | AR75: 0 | AS75: =SUM(AG75:AR75) -> 0 | AW75: =+C75 -> Capacitación | AX75: =AF75 -> 0 | AY75: =+E75 -> 0 | AZ75: =+F75 -> 0 | BA75: =+G75 -> 0 | BB75: =+H75 -> 1000000 | BC75: =+I75 -> 0 | BD75: =J75 -> 0 | BE75: =AG75 -> 0 | BF75: =K75 -> 0 | BG75: =AH75 -> 0 | BH75: =L75 -> 0 | BI75: =AI75 -> 0 | BJ75: =+M75 -> 0 | BK75: =AJ75 -> 0 | BL75: =+N75 -> 0 | BM75: =AK75 -> 0 | BN75: =+O75 -> 0 | BO75: =AL75 -> 0 | BP75: =+P75 -> 0 | BQ75: =AM75 -> 0 | BR75: =Q75 -> 0 | BS75: =AN75 -> 0 | BT75: =R75 -> 0 | BU75: =AO75 -> 0 | BV75: =S75 -> 0 | BW75: =AP75 -> 0 | BX75: =T75 -> 0 | BY75: =AQ75 -> 0 | BZ75: =U75 -> 0 | CA75: =AR75 -> 0 | CB75: =+BD75+BF75+BH75+BJ75+BL75+BN75+BP75+BR75+BT75+BV75+BX75+BZ75 -> 0 | CC75: =+BE75+BG75+BI75+BK75+BM75+BO75+BQ75+BS75+BU75+BW75+BY75+CA75 -> 0
C76: Bienestar Social | D76: 5000000 | E76: 0 | F76: 0 | G76: 0 | H76: 0 | I76: =+D76+E76-F76+G76-H76 -> 5000000 | J76: 0 | K76: 0 | L76: 1600000 | M76: 1000000 | N76: 1000000 | O76: 1000000 | P76: 400000 | V76: =SUM(J76:U76) -> 5000000 | W76: =+I76-V76 -> 0 | Z76: Bienestar Social | AA76: =I76 -> 5000000 | AB76: =+E76 -> 0 | AC76: =+F76 -> 0 | AD76: =+G76 -> 0 | AE76: =+H76 -> 0 | AF76: =+I76 -> 5000000 | AG76: 0 | AH76: 1200000 | AI76: 0 | AJ76: 0 | AK76: 0 | AL76: 0 | AM76: 0 | AN76: 0 | AO76: 0 | AP76: 0 | AQ76: 0 | AR76: 0 | AS76: =SUM(AG76:AR76) -> 1200000 | AW76: =+C76 -> Bienestar Social | AX76: =AF76 -> 5000000 | AY76: =+E76 -> 0 | AZ76: =+F76 -> 0 | BA76: =+G76 -> 0 | BB76: =+H76 -> 0 | BC76: =+I76 -> 5000000 | BD76: =J76 -> 0 | BE76: =AG76 -> 0 | BF76: =K76 -> 0 | BG76: =AH76 -> 1200000 | BH76: =L76 -> 1600000 | BI76: =AI76 -> 0 | BJ76: =+M76 -> 1000000 | BK76: =AJ76 -> 0 | BL76: =+N76 -> 1000000 | BM76: =AK76 -> 0 | BN76: =+O76 -> 1000000 | BO76: =AL76 -> 0 | BP76: =+P76 -> 400000 | BQ76: =AM76 -> 0 | BR76: =Q76 -> 0 | BS76: =AN76 -> 0 | BT76: =R76 -> 0 | BU76: =AO76 -> 0 | BV76: =S76 -> 0 | BW76: =AP76 -> 0 | BX76: =T76 -> 0 | BY76: =AQ76 -> 0 | BZ76: =U76 -> 0 | CA76: =AR76 -> 0 | CB76: =+BD76+BF76+BH76+BJ76+BL76+BN76+BP76+BR76+BT76+BV76+BX76+BZ76 -> 5000000 | CC76: =+BE76+BG76+BI76+BK76+BM76+BO76+BQ76+BS76+BU76+BW76+BY76+CA76 -> 1200000
C77: Servicio de Vigilancia | D77: 2000000 | E77: 0 | F77: 0 | G77: 0 | H77: 2000000 | I77: =+D77+E77-F77+G77-H77 -> 0 | K77: 0 | M77: 0 | V77: =SUM(J77:U77) -> 0 | W77: =+I77-V77 -> 0 | Z77: Servicio de Vigilancia | AA77: =I77 -> 0 | AB77: =+E77 -> 0 | AC77: =+F77 -> 0 | AD77: =+G77 -> 0 | AE77: =+H77 -> 2000000 | AF77: =+I77 -> 0 | AG77: 0 | AH77: 0 | AI77: 0 | AJ77: 0 | AK77: 0 | AL77: 0 | AM77: 0 | AN77: 0 | AO77: 0 | AP77: 0 | AQ77: 0 | AR77: 0 | AS77: =SUM(AG77:AR77) -> 0 | AW77: Servicio de Vigilancia | AX77: =AF77 -> 0 | AY77: =+E77 -> 0 | AZ77: =+F77 -> 0 | BA77: =+G77 -> 0 | BB77: =+H77 -> 2000000 | BC77: =+I77 -> 0 | BD77: =J77 -> 0 | BE77: =AG77 -> 0 | BF77: =K77 -> 0 | BG77: =AH77 -> 0 | BH77: =L77 -> 0 | BI77: =AI77 -> 0 | BJ77: =+M77 -> 0 | BK77: =AJ77 -> 0 | BL77: =+N77 -> 0 | BM77: =AK77 -> 0 | BN77: =+O77 -> 0 | BO77: =AL77 -> 0 | BP77: =+P77 -> 0 | BQ77: =AM77 -> 0 | BR77: =Q77 -> 0 | BS77: =AN77 -> 0 | BT77: =R77 -> 0 | BU77: =AO77 -> 0 | BV77: =S77 -> 0 | BW77: =AP77 -> 0 | BX77: =T77 -> 0 | BY77: =AQ77 -> 0 | BZ77: =U77 -> 0 | CA77: =AR77 -> 0 | CB77: =+BD77+BF77+BH77+BJ77+BL77+BN77+BP77+BR77+BT77+BV77+BX77+BZ77 -> 0 | CC77: =+BE77+BG77+BI77+BK77+BM77+BO77+BQ77+BS77+BU77+BW77+BY77+CA77 -> 0
C78: Servicio de Aseo | D78: 0 | I78: =D78 -> 0 | J78: 0 | K78: 0 | L78: 0 | M78: 0 | N78: 0 | O78: 0 | P78: 0 | Q78: 0 | R78: 0 | S78: 0 | T78: 0 | U78: 0 | V78: =SUM(J78:U78) -> 0 | W78: =+I78-V78 -> 0 | Z78: Servicio de Aseo | AA78: =I78 -> 0 | AF78: =I78 -> 0 | AH78: 0 | AI78: 0 | AJ78: 0 | AK78: 0 | AL78: 0 | AM78: 0 | AN78: 0 | AO78: 0 | AP78: 0 | AQ78: 0 | AR78: 0 | AS78: =SUM(AG78:AR78) -> 0 | AW78: Servicio de Aseo | AX78: =AF78 -> 0 | BC78: =+I78 -> 0 | BD78: =J78 -> 0 | BE78: =AG78 -> 0 | BF78: =K78 -> 0 | BG78: =AH78 -> 0 | BH78: =L78 -> 0 | BI78: =AI78 -> 0 | BJ78: =+M78 -> 0 | BK78: =AJ78 -> 0 | BL78: =+N78 -> 0 | BM78: =AK78 -> 0 | BN78: =+O78 -> 0 | BO78: =AL78 -> 0 | BP78: =+P78 -> 0 | BQ78: =AM78 -> 0 | BR78: =Q78 -> 0 | BS78: =AN78 -> 0 | BT78: =R78 -> 0 | BU78: =AO78 -> 0 | BV78: =S78 -> 0 | BW78: =AP78 -> 0 | BX78: =T78 -> 0 | BY78: =AQ78 -> 0 | BZ78: =U78 -> 0 | CA78: =AR78 -> 0
C79: Combustibles y lubricantes | D79: 0 | E79: 0 | G79: 10000000 | I79: =+D79+E79-F79+G79-H79 -> 10000000 | J79: 0 | K79: 0 | L79: 2000000 | M79: 2000000 | N79: 2000000 | O79: 2000000 | P79: 2000000 | Q79: 0 | R79: 0 | S79: 0 | T79: 0 | U79: 0 | V79: =SUM(J79:U79) -> 10000000 | W79: =+I79-V79 -> 0 | Z79: Combustibles y lubricantes | AA79: =I79 -> 10000000 | AF79: =I79 -> 10000000 | AG79: 0 | AH79: 0 | AI79: 0 | AJ79: 0 | AK79: 0 | AL79: 0 | AM79: 4036015 | AN79: 0 | AO79: 0 | AP79: 0 | AQ79: 0 | AR79: 0 | AS79: =SUM(AG79:AR79) -> 4036015 | AW79: Combustibles y lubricantes | AX79: =AF79 -> 10000000 | BD79: =J79 -> 0 | BE79: =AG79 -> 0 | BF79: =K79 -> 0 | BG79: =AH79 -> 0 | BH79: =L79 -> 2000000 | BI79: =AI79 -> 0 | BJ79: =+M79 -> 2000000 | BK79: =AJ79 -> 0 | BL79: =+N79 -> 2000000 | BM79: =AK79 -> 0 | BN79: =+O79 -> 2000000 | BO79: =AL79 -> 0 | BP79: =+P79 -> 2000000 | BQ79: =AM79 -> 4036015 | BR79: =Q79 -> 0 | BS79: =AN79 -> 0 | BT79: =R79 -> 0 | BU79: =AO79 -> 0 | BV79: =S79 -> 0 | BW79: =AP79 -> 0 | BX79: =T79 -> 0 | BY79: =AQ79 -> 0 | BZ79: =U79 -> 0 | CA79: =AR79 -> 0
C80: Otros servicios | D80: 0 | E80: 0 | F80: 0 | G80: 3500000 | H80: 0 | I80: =+D80+E80-F80+G80-H80 -> 3500000 | J80: 0 | K80: 0 | L80: 0 | M80: 0 | N80: 0 | O80: 0 | P80: 3500000 | Q80: 0 | R80: 0 | S80: 0 | T80: 0 | V80: =SUM(J80:U80) -> 3500000 | W80: =+I80-V80 -> 0 | Z80: Otros servicios | AA80: 0 | AB80: =+E80 -> 0 | AC80: =+F80 -> 0 | AD80: =+G80 -> 3500000 | AE80: =+H80 -> 0 | AF80: =+I80 -> 3500000 | AG80: 0 | AH80: 0 | AI80: 0 | AJ80: 0 | AK80: 0 | AL80: 0 | AM80: 3500000 | AN80: 0 | AO80: 0 | AP80: 0 | AQ80: 0 | AR80: 0 | AS80: =SUM(AG80:AR80) -> 3500000 | AW80: Otros servicios | AX80: =AF80 -> 3500000 | AY80: =+E80 -> 0 | AZ80: =+F80 -> 0 | BA80: =+G80 -> 3500000 | BB80: =+H80 -> 0 | BC80: =+I80 -> 3500000 | BD80: =J80 -> 0 | BE80: =AG80 -> 0 | BF80: =K80 -> 0 | BG80: =AH80 -> 0 | BH80: =L80 -> 0 | BI80: =AI80 -> 0 | BJ80: =+M80 -> 0 | BK80: =AJ80 -> 0 | BL80: =+N80 -> 0 | BM80: =AK80 -> 0 | BN80: =+O80 -> 0 | BO80: =AL80 -> 0 | BP80: =+P80 -> 3500000 | BQ80: =AM80 -> 3500000 | BR80: =Q80 -> 0 | BS80: =AN80 -> 0 | BT80: =R80 -> 0 | BU80: =AO80 -> 0 | BV80: =S80 -> 0 | BW80: =AP80 -> 0 | BX80: =T80 -> 0 | BY80: =AQ80 -> 0 | BZ80: =U80 -> 0 | CA80: =AR80 -> 0 | CB80: =+BD80+BF80+BH80+BJ80+BL80+BN80+BP80+BR80+BT80+BV80+BX80+BZ80 -> 3500000 | CC80: =+BE80+BG80+BI80+BK80+BM80+BO80+BQ80+BS80+BU80+BW80+BY80+CA80 -> 3500000
C81: IMPUESTOS Y MULTAS | D81: =D82 -> 1000000 | E81: =E82 -> 0 | F81: =F82 -> 0 | G81: =G82 -> 2100000 | H81: =H82 -> 0 | I81: =+D81+E81-F81+G81-H81 -> 3100000 | J81: =J82 -> 0 | K81: =K82 -> 2943401 | L81: =L82 -> 0 | M81: =M82 -> 0 | N81: =N82 -> 0 | O81: =O82 -> 0 | P81: 0 | Q81: =Q82 -> 0 | R81: =R82 -> 0 | S81: =S82 -> 0 | T81: =T82 -> 0 | U81: =U82 -> 156599 | V81: =SUM(J81:U81) -> 3100000 | W81: =+I81-V81 -> 0 | Z81: IMPUESTOS Y MULTAS | AA81: =AA82 -> 3100000 | AB81: =+E81 -> 0 | AC81: =+F81 -> 0 | AD81: =+G81 -> 2100000 | AE81: =+H81 -> 0 | AF81: =+I81 -> 3100000 | AG81: =AG82 -> 0 | AH81: =AH82 -> 2943401 | AI81: =AI82 -> 0 | AJ81: =AJ82 -> 0 | AK81: =AK82 -> 0 | AL81: =AL82 -> 0 | AM81: =AM82 -> 0 | AN81: =AN82 -> 0 | ... AR81: =AR82 -> 0 | AS81: =SUM(AG81:AR81) -> 2943401 | AW81: =+C81 -> IMPUESTOS Y MULTAS | AX81: =AX82 -> 3100000 | AY81: =+E81 -> 0 | AZ81: =+F81 -> 0 | BA81: =+G81 -> 2100000 | BB81: =+H81 -> 0 | BC81: =+I81 -> 3100000 | BD81: =J81 -> 0 | BE81: =AG81 -> 0 | BF81: =K81 -> 2943401 | BG81: =AH81 -> 2943401 | BH81: =L81 -> 0 | BI81: =AI81 -> 0 | BJ81: =+M81 -> 0 | BK81: =AJ81 -> 0 | BL81: =+N81 -> 0 | BM81: =AK81 -> 0 | BN81: =+O81 -> 0 | BO81: =AL81 -> 0 | BP81: =+P81 -> 0 | BQ81: =AM81 -> 0 | BR81: =Q81 -> 0 | BS81: =AN81 -> 0 | BT81: =R81 -> 0 | BU81: =AO81 -> 0 | BV81: =S81 -> 0 | BW81: =AP81 -> 0 | BX81: =T81 -> 0 | BY81: =AQ81 -> 0 | BZ81: =U81 -> 156599 | CA81: =AR81 -> 0 | CB81: =+BD81+BF81+BH81+BJ81+BL81+BN81+BP81+BR81+BT81+BV81+BX81+BZ81 -> 3100000 | CC81: =+BE81+BG81+BI81+BK81+BM81+BO81+BQ81+BS81+BU81+BW81+BY81+CA81 -> 2943401
C82: Impuestos y Multas | D82: 1000000 | E82: 0 | F82: 0 | G82: 2100000 | H82: 0 | I82: =+D82+E82-F82+G82-H82 -> 3100000 | J82: 0 | K82: 2943401 | L82: 0 | M82: =+L82 -> 0 | N82: =+M82 -> 0 | O82: =+N82 -> 0 | P82: 0 | Q82: 0 | R82: 0 | S82: 0 | T82: 0 | U82: 156599 | V82: =SUM(J82:U82) -> 3100000 | W82: =+I82-V82 -> 0 | Z82: Impuestos y Multas | AA82: =I82 -> 3100000 | AB82: =+E82 -> 0 | AC82: =+F82 -> 0 | AD82: =+G82 -> 2100000 | AE82: =+H82 -> 0 | AF82: =+I82 -> 3100000 | AG82: 0 | AH82: 2943401 | AI82: 0 | AJ82: 0 | AK82: 0 | AL82: 0 | AM82: 0 | AN82: 0 | AO82: 0 | AP82: 0 | AQ82: 0 | AR82: 0 | AS82: =SUM(AG82:AR82) -> 2943401 | AW82: =+C82 -> Impuestos y Multas | AX82: =AF82 -> 3100000 | AY82: =+E82 -> 0 | AZ82: =+F82 -> 0 | BA82: =+G82 -> 2100000 | BB82: =+H82 -> 0 | BC82: =+I82 -> 3100000 | BD82: =J82 -> 0 | BE82: =AG82 -> 0 | BF82: =K82 -> 2943401 | BG82: =AH82 -> 2943401 | BH82: =L82 -> 0 | BI82: =AI82 -> 0 | BJ82: =+M82 -> 0 | BK82: =AJ82 -> 0 | BL82: =+N82 -> 0 | BM82: =AK82 -> 0 | BN82: =+O82 -> 0 | BO82: =AL82 -> 0 | BP82: =+P82 -> 0 | BQ82: =AM82 -> 0 | BR82: =Q82 -> 0 | BS82: =AN82 -> 0 | BT82: =R82 -> 0 | BU82: =AO82 -> 0 | BV82: =S82 -> 0 | BW82: =AP82 -> 0 | BX82: =T82 -> 0 | BY82: =AQ82 -> 0 | BZ82: =U82 -> 156599 | CA82: =AR82 -> 0 | CB82: =+BD82+BF82+BH82+BJ82+BL82+BN82+BP82+BR82+BT82+BV82+BX82+BZ82 -> 3100000 | CC82: =+BE82+BG82+BI82+BK82+BM82+BO82+BQ82+BS82+BU82+BW82+BY82+CA82 -> 2943401
C83: Transferencias | D83: =D84 -> 569440197 | E83: =E84 -> 1.5350921e+08 | F83: =F84 -> 0 | G83: =+G90 -> 1700000 | H83: =H84 -> 1055839 | I83: =+I84+I90 -> 7.2359357e+08 | J83: =+J84+J90 -> 0 | K83: =+K84+K90 -> 0 | L83: =+L84+L90 -> 0 | M83: =+M84+M90 -> 6644161 | N83: =N84 -> 0 | O83: =O84 -> 0 | P83: =P84 -> 2.817201e+08 | Q83: =Q84 -> 0 | R83: =R84 -> 0 | S83: =S84 -> 0 | T83: =T84 -> 1.5350921e+08 | U83: =U84 -> 2.817201e+08 | V83: =SUM(J83:U83) -> 7.2359357e+08 | W83: =+I83-V83 -> 0 | Z83: Transferencias | AA83: =AA84 -> 7.2189357e+08 | AB83: =+E83 -> 1.5350921e+08 | AC83: =+F83 -> 0 | AD83: =+G83 -> 1700000 | AE83: =+H83 -> 1055839 | AF83: =+I83 -> 7.2359357e+08 | AG83: =AG84 -> 0 | AH83: =AH84 -> 0 | AI83: 0 | AJ83: 0 | AK83: 0 | AL83: 0 | AM83: 0 | AN83: 0 | AO83: 0 | AP83: 0 | AQ83: 0 | AR83: 0 | AS83: =SUM(AG83:AR83) -> 0 | AW83: =+C83 -> Transferencias | AX83: =AX84 -> 7.2189357e+08 | AY83: =+E83 -> 1.5350921e+08 | AZ83: =+F83 -> 0 | BA83: =+G83 -> 1700000 | BB83: =+H83 -> 1055839 | BC83: =+I83 -> 7.2359357e+08 | BD83: =J83 -> 0 | BE83: =AG83 -> 0 | BF83: =K83 -> 0 | BG83: =AH83 -> 0 | BH83: =L83 -> 0 | BI83: =AI83 -> 0 | BJ83: =+M83 -> 6644161 | BK83: =AJ83 -> 0 | BL83: =+N83 -> 0 | BM83: =AK83 -> 0 | BN83: =+O83 -> 0 | BO83: =AL83 -> 0 | BP83: =+P83 -> 2.817201e+08 | BQ83: =AM83 -> 0 | BR83: =Q83 -> 0 | BS83: =AN83 -> 0 | BT83: =R83 -> 0 | BU83: =AO83 -> 0 | BV83: =S83 -> 0 | BW83: =AP83 -> 0 | BX83: =T83 -> 1.5350921e+08 | BY83: =AQ83 -> 0 | BZ83: =U83 -> 2.817201e+08 | CA83: =AR83 -> 0 | CB83: =+BD83+BF83+BH83+BJ83+BL83+BN83+BP83+BR83+BT83+BV83+BX83+BZ83 -> 7.2359357e+08 | CC83: =+BE83+BG83+BI83+BK83+BM83+BO83+BQ83+BS83+BU83+BW83+BY83+CA83 -> 0
A84: OK decreto 853 | C84: AL SECTOR PUBLICO | D84: =D85+D86+D89 -> 569440197 | E84: =E85+E86+E89 -> 1.5350921e+08 | F84: =F85+F86+F89 -> 0 | G84: 0 | H84: =H85+H86+H89 -> 1055839 | I84: =+D84+E84-F84+G84-H84 -> 7.2189357e+08 | J84: =J85+J86+J89 -> 0 | K84: =K85+K86+K89 -> 0 | L84: =L85+L86+L89 -> 0 | M84: =M85+M86+M89 -> 4944161 | N84: =N85+N86+N89 -> 0 | O84: =O85+O86+O89 -> 0 | P84: =P85+P86+P89 -> 2.817201e+08 | Q84: =Q85+Q86+Q89 -> 0 | ... U84: =U85+U86+U89 -> 2.817201e+08 | V84: =SUM(J84:U84) -> 7.2189357e+08 | W84: =+I84-V84 -> 0 | Z84: AL SECTOR PUBLICO | AA84: =AA85+AA86+AA89 -> 7.2189357e+08 | AB84: =+E84 -> 1.5350921e+08 | AC84: =+F84 -> 0 | AD84: =+G84 -> 0 | AE84: =+H84 -> 1055839 | AF84: =+I84 -> 7.2189357e+08 | AG84: =AG85+AG86+AG89 -> 0 | AH84: =AH85+AH86+AH89 -> 0 | AI84: =AI85+AI86+AI89 -> 0 | AJ84: =AJ85+AJ86+AJ89 -> 0 | AK84: =AK85+AK86+AK89 -> 4944161 | AL84: =AL85+AL86+AL89 -> 0 | AM84: =AM85+AM86+AM89 -> 0 | AN84: =AN85+AN86+AN89 -> 0 | ... AR84: =AR85+AR86+AR89 -> 0 | AS84: =SUM(AG84:AR84) -> 4944161 | AW84: =+C84 -> AL SECTOR PUBLICO | AX84: =AX85+AX86+AX89 -> 7.2189357e+08 | AY84: =+E84 -> 1.5350921e+08 | AZ84: =+F84 -> 0 | BA84: =+G84 -> 0 | BB84: =+H84 -> 1055839 | BC84: =+I84 -> 7.2189357e+08 | BD84: =J84 -> 0 | BE84: =AG84 -> 0 | BF84: =K84 -> 0 | BG84: =AH84 -> 0 | BH84: =L84 -> 0 | BI84: =AI84 -> 0 | BJ84: =+M84 -> 4944161 | BK84: =AJ84 -> 0 | BL84: =+N84 -> 0 | BM84: =AK84 -> 4944161 | BN84: =+O84 -> 0 | BO84: =AL84 -> 0 | BP84: =+P84 -> 2.817201e+08 | BQ84: =AM84 -> 0 | BR84: =Q84 -> 0 | BS84: =AN84 -> 0 | BT84: =R84 -> 0 | BU84: =AO84 -> 0 | BV84: =S84 -> 0 | BW84: =AP84 -> 0 | BX84: =T84 -> 1.5350921e+08 | BY84: =AQ84 -> 0 | BZ84: =U84 -> 2.817201e+08 | CA84: =AR84 -> 0 | CB84: =+BD84+BF84+BH84+BJ84+BL84+BN84+BP84+BR84+BT84+BV84+BX84+BZ84 -> 7.2189357e+08 | CC84: =+BE84+BG84+BI84+BK84+BM84+BO84+BQ84+BS84+BU84+BW84+BY84+CA84 -> 4944161
C85: Transferencias a Municipios -Ley 30 de 1971 | D85: 563440197 | E85: 1.5350921e+08 | F85: 0 | G85: 0 | H85: 0 | I85: =+D85+E85-F85+G85-H85 -> 7.1694941e+08 | J85: 0 | K85: 0 | L85: 0 | M85: =L85 -> 0 | N85: 0 | O85: =N85 -> 0 | P85: 2.817201e+08 | Q85: 0 | R85: =Q85 -> 0 | S85: =R85 -> 0 | T85: 1.5350921e+08 | U85: 2.817201e+08 | V85: =SUM(J85:U85) -> 7.1694941e+08 | W85: =+I85-V85 -> 0 | Z85: Transferencias a Municipios -Ley 30 de 1971 | AA85: =I85 -> 7.1694941e+08 | AB85: =+E85 -> 1.5350921e+08 | AC85: =+F85 -> 0 | AD85: =+G85 -> 0 | AE85: =+H85 -> 0 | AF85: =+I85 -> 7.1694941e+08 | AG85: 0 | AH85: 0 | AI85: 0 | AJ85: 0 | AK85: 0 | AL85: 0 | AM85: 0 | AN85: 0 | AO85: 0 | AP85: 0 | AQ85: 0 | AR85: 0 | AS85: =SUM(AG85:AR85) -> 0 | AW85: =+C85 -> Transferencias a Municipios -Ley 30 de 1971 | AX85: =AF85 -> 7.1694941e+08 | AY85: =+E85 -> 1.5350921e+08 | AZ85: =+F85 -> 0 | BA85: =+G85 -> 0 | BB85: =+H85 -> 0 | BC85: =+I85 -> 7.1694941e+08 | BD85: =J85 -> 0 | BE85: =AG85 -> 0 | BF85: =K85 -> 0 | BG85: =AH85 -> 0 | BH85: =L85 -> 0 | BI85: =AI85 -> 0 | BJ85: =+M85 -> 0 | BK85: =AJ85 -> 0 | BL85: =+N85 -> 0 | BM85: =AK85 -> 0 | BN85: =+O85 -> 0 | BO85: =AL85 -> 0 | BP85: =+P85 -> 2.817201e+08 | BQ85: =AM85 -> 0 | BR85: =Q85 -> 0 | BS85: =AN85 -> 0 | BT85: =R85 -> 0 | BU85: =AO85 -> 0 | BV85: =S85 -> 0 | BW85: =AP85 -> 0 | BX85: =T85 -> 1.5350921e+08 | BY85: =AQ85 -> 0 | BZ85: =U85 -> 2.817201e+08 | CA85: =AR85 -> 0 | CB85: =+BD85+BF85+BH85+BJ85+BL85+BN85+BP85+BR85+BT85+BV85+BX85+BZ85 -> 7.1694941e+08 | CC85: =+BE85+BG85+BI85+BK85+BM85+BO85+BQ85+BS85+BU85+BW85+BY85+CA85 -> 0
C86: Transferencias a Municipios Iva Telefonia | D86: =+D87+D88 -> 0 | E86: =+E87+E88 -> 0 | F86: =+F87+F88 -> 0 | G86: =+G87+G88 -> 0 | H86: =+H87+H88 -> 0 | I86: =+D86+E86-F86+G86-H86 -> 0 | J86: =+J87+J88 -> 0 | K86: =+K87+K88 -> 0 | L86: =+L87+L88 -> 0 | M86: =+M87+M88 -> 0 | N86: =+N87+N88 -> 0 | O86: =+O87+O88 -> 0 | P86: =+P87+P88 -> 0 | Q86: =+Q87+Q88 -> 0 | ... U86: =+U87+U88 -> 0 | V86: =SUM(J86:U86) -> 0 | W86: =+I86-V86 -> 0 | Z86: Transferencias a Municipios Iva Telefonia | AA86: =+AA87+AA88 -> 0 | AB86: =+E86 -> 0 | AC86: =+F86 -> 0 | AD86: =+G86 -> 0 | AE86: =+H86 -> 0 | AF86: =+I86 -> 0 | AG86: =+AG87+AG88 -> 0 | AH86: =+AH87+AH88 -> 0 | AI86: =+AI87+AI88 -> 0 | AJ86: =+AJ87+AJ88 -> 0 | AK86: =+AK87+AK88 -> 0 | AL86: =+AL87+AL88 -> 0 | AM86: =+AM87+AM88 -> 0 | AN86: =+AN87+AN88 -> 0 | ... AR86: =+AR87+AR88 -> 0 | AS86: =SUM(AG86:AR86) -> 0 | AW86: =+C86 -> Transferencias a Municipios Iva Telefonia | AX86: =+AX87+AX88 -> 0 | AY86: =+E86 -> 0 | AZ86: =+F86 -> 0 | BA86: =+G86 -> 0 | BB86: =+H86 -> 0 | BC86: =+I86 -> 0 | BD86: =J86 -> 0 | BE86: =AG86 -> 0 | BF86: =K86 -> 0 | BG86: =AH86 -> 0 | BH86: =L86 -> 0 | BI86: =AI86 -> 0 | BJ86: =+M86 -> 0 | BK86: =AJ86 -> 0 | BL86: =+N86 -> 0 | BM86: =AK86 -> 0 | BN86: =+O86 -> 0 | BO86: =AL86 -> 0 | BP86: =+P86 -> 0 | BQ86: =AM86 -> 0 | BR86: =Q86 -> 0 | BS86: =AN86 -> 0 | BT86: =R86 -> 0 | BU86: =AO86 -> 0 | BV86: =S86 -> 0 | BW86: =AP86 -> 0 | BX86: =T86 -> 0 | BY86: =AQ86 -> 0 | BZ86: =U86 -> 0 | CA86: =AR86 -> 0 | CB86: =+BD86+BF86+BH86+BJ86+BL86+BN86+BP86+BR86+BT86+BV86+BX86+BZ86 -> 0 | CC86: =+BE86+BG86+BI86+BK86+BM86+BO86+BQ86+BS86+BU86+BW86+BY86+CA86 -> 0
C87: Transferencias a Municipios Iva Telefonia Actual Vigencia | D87: 0 | E87: 0 | F87: 0 | G87: 0 | H87: 0 | I87: =+D87+E87-F87+G87-H87 -> 0 | K87: =I87/11 -> 0 | L87: =K87 -> 0 | M87: =L87 -> 0 | N87: =M87 -> 0 | O87: =N87 -> 0 | P87: =O87 -> 0 | Q87: =P87 -> 0 | R87: =Q87 -> 0 | S87: =R87 -> 0 | ... U87: =T87 -> 0 | V87: =SUM(J87:U87) -> 0 | W87: =+I87-V87 -> 0 | Z87: Transferencias a Municipios Iva Telefonia Actual Vigencia | AA87: =I87 -> 0 | AB87: =+E87 -> 0 | AC87: =+F87 -> 0 | AD87: =+G87 -> 0 | AE87: =+H87 -> 0 | AF87: =+I87 -> 0 | AG87: 0 | AH87: 0 | AI87: 0 | AJ87: 0 | AK87: 0 | AL87: 0 | AM87: 0 | AN87: 0 | AO87: 0 | AP87: 0 | AQ87: 0 | AR87: 0 | AS87: =SUM(AG87:AR87) -> 0 | AW87: =+C87 -> Transferencias a Municipios Iva Telefonia Actual Vigencia | AX87: =AF87 -> 0 | AY87: =+E87 -> 0 | AZ87: =+F87 -> 0 | BA87: =+G87 -> 0 | BB87: =+H87 -> 0 | BC87: =+I87 -> 0 | BD87: =J87 -> 0 | BE87: =AG87 -> 0 | BF87: =K87 -> 0 | BG87: =AH87 -> 0 | BH87: =L87 -> 0 | BI87: =AI87 -> 0 | BJ87: =+M87 -> 0 | BK87: =AJ87 -> 0 | BL87: =+N87 -> 0 | BM87: =AK87 -> 0 | BN87: =+O87 -> 0 | BO87: =AL87 -> 0 | BP87: =+P87 -> 0 | BQ87: =AM87 -> 0 | BR87: =Q87 -> 0 | BS87: =AN87 -> 0 | BT87: =R87 -> 0 | BU87: =AO87 -> 0 | BV87: =S87 -> 0 | BW87: =AP87 -> 0 | BX87: =T87 -> 0 | BY87: =AQ87 -> 0 | BZ87: =U87 -> 0 | CA87: =AR87 -> 0 | CB87: =+BD87+BF87+BH87+BJ87+BL87+BN87+BP87+BR87+BT87+BV87+BX87+BZ87 -> 0 | CC87: =+BE87+BG87+BI87+BK87+BM87+BO87+BQ87+BS87+BU87+BW87+BY87+CA87 -> 0
C88: Transferencias a Municipios Iva Telefonia Vigencia Anterior | D88: 0 | E88: 0 | F88: 0 | G88: 0 | H88: 0 | I88: =+D88+E88-F88+G88-H88 -> 0 | J88: 0 | V88: =SUM(J88:U88) -> 0 | W88: =+I88-V88 -> 0 | Z88: Transferencias a Municipios Iva Telefonia Vigencia Anterior | AA88: =I88 -> 0 | AB88: =+E88 -> 0 | AC88: =+F88 -> 0 | AD88: =+G88 -> 0 | AE88: =+H88 -> 0 | AF88: =+I88 -> 0 | AG88: 0 | AH88: 0 | AI88: 0 | AJ88: 0 | AK88: 0 | AL88: 0 | AM88: 0 | AN88: 0 | AO88: 0 | AP88: 0 | AQ88: 0 | AR88: 0 | AS88: =SUM(AG88:AR88) -> 0 | AW88: =+C88 -> Transferencias a Municipios Iva Telefonia Vigencia Anterior | AY88: =+E88 -> 0 | AZ88: =+F88 -> 0 | BA88: =+G88 -> 0 | BB88: =+H88 -> 0 | BC88: =+I88 -> 0 | BD88: =J88 -> 0 | BE88: =AG88 -> 0 | BF88: =K88 -> 0 | BG88: =AH88 -> 0 | BH88: =L88 -> 0 | BI88: =AI88 -> 0 | BJ88: =+M88 -> 0 | BK88: =AJ88 -> 0 | BL88: =+N88 -> 0 | BM88: =AK88 -> 0 | BN88: =+O88 -> 0 | BO88: =AL88 -> 0 | BP88: =+P88 -> 0 | BQ88: =AM88 -> 0 | BR88: =Q88 -> 0 | BS88: =AN88 -> 0 | BT88: =R88 -> 0 | BU88: =AO88 -> 0 | BV88: =S88 -> 0 | BW88: =AP88 -> 0 | BX88: =T88 -> 0 | BY88: =AQ88 -> 0 | BZ88: =U88 -> 0 | CA88: =AR88 -> 0 | CB88: =+BD88+BF88+BH88+BJ88+BL88+BN88+BP88+BR88+BT88+BV88+BX88+BZ88 -> 0 | CC88: =+BE88+BG88+BI88+BK88+BM88+BO88+BQ88+BS88+BU88+BW88+BY88+CA88 -> 0
A89: OK decreto 853 | C89: Contraloria Departamental-Cuota de Auditaje | D89: 6000000 | E89: 0 | F89: 0 | G89: 0 | H89: 1055839 | I89: =+D89+E89-F89+G89-H89 -> 4944161 | J89: 0 | K89: 0 | L89: 0 | M89: 4944161 | U89: 0 | V89: =SUM(J89:U89) -> 4944161 | W89: =+I89-V89 -> 0 | Z89: Contraloria Departamental-Cuota de Auditaje | AA89: =I89 -> 4944161 | AB89: =+E89 -> 0 | AC89: =+F89 -> 0 | AD89: =+G89 -> 0 | AE89: =+H89 -> 1055839 | AF89: =+I89 -> 4944161 | AG89: 0 | AH89: 0 | AI89: 0 | AJ89: 0 | AK89: 4944161 | AL89: 0 | AM89: 0 | AN89: 0 | AO89: 0 | AP89: 0 | AQ89: 0 | AR89: 0 | AS89: =SUM(AG89:AR89) -> 4944161 | AW89: =+C89 -> Contraloria Departamental-Cuota de Auditaje | AX89: =AF89 -> 4944161 | AY89: =+E89 -> 0 | AZ89: =+F89 -> 0 | BA89: =+G89 -> 0 | BB89: =+H89 -> 1055839 | BC89: =+I89 -> 4944161 | BD89: =J89 -> 0 | BE89: =AG89 -> 0 | BF89: =K89 -> 0 | BG89: =AH89 -> 0 | BH89: =L89 -> 0 | BI89: =AI89 -> 0 | BJ89: =+M89 -> 4944161 | BK89: =AJ89 -> 0 | BL89: =+N89 -> 0 | BM89: =AK89 -> 4944161 | BN89: =+O89 -> 0 | BO89: =AL89 -> 0 | BP89: =+P89 -> 0 | BQ89: =AM89 -> 0 | BR89: =Q89 -> 0 | BS89: =AN89 -> 0 | BT89: =R89 -> 0 | BU89: =AO89 -> 0 | BV89: =S89 -> 0 | BW89: =AP89 -> 0 | BX89: =T89 -> 0 | BY89: =AQ89 -> 0 | BZ89: =U89 -> 0 | CA89: =AR89 -> 0 | CB89: =+BD89+BF89+BH89+BJ89+BL89+BN89+BP89+BR89+BT89+BV89+BX89+BZ89 -> 4944161 | CC89: =+BE89+BG89+BI89+BK89+BM89+BO89+BQ89+BS89+BU89+BW89+BY89+CA89 -> 4944161
C90: OTRAS TRANSFERENCIAS | D90: =D91 -> 0 | E90: =E91 -> 0 | F90: =F91 -> 0 | G90: =G91 -> 1700000 | H90: =H91 -> 0 | I90: =+D90+E90-F90+G90-H90 -> 1700000 | J90: =J91 -> 0 | K90: =K91 -> 0 | L90: =L91 -> 0 | M90: =M91 -> 1700000 | N90: =N91 -> 0 | O90: =O91 -> 0 | P90: =P91 -> 0 | Q90: =Q91 -> 0 | ... U90: =U91 -> 0 | V90: =SUM(J90:U90) -> 1700000 | W90: =+I90-V90 -> 0 | Z90: OTRAS TRANSFERENCIAS | AA90: =AA91 -> 1700000 | AB90: =+E90 -> 0 | AC90: =+F90 -> 0 | AD90: =+G90 -> 1700000 | AE90: =+H90 -> 0 | AF90: =+I90 -> 1700000 | AG90: =AG91 -> 0 | AH90: =AH91 -> 0 | AI90: =AI91 -> 0 | AJ90: =AJ91 -> 0 | AK90: =AK91 -> 0 | AL90: =AL91 -> 0 | AM90: =AM91 -> 0 | AN90: =AN91 -> 0 | ... AS90: =AS91 -> 23469000 | AW90: =+C90 -> OTRAS TRANSFERENCIAS | AX90: =AX91 -> 1700000 | AY90: =+E90 -> 0 | AZ90: =+F90 -> 0 | BA90: =+G90 -> 1700000 | BB90: =+H90 -> 0 | BC90: =+I90 -> 1700000 | BD90: =J90 -> 0 | BE90: =AG90 -> 0 | BF90: =K90 -> 0 | BG90: =AH90 -> 0 | BH90: =L90 -> 0 | BI90: =AI90 -> 0 | BJ90: =+M90 -> 1700000 | BK90: =AJ90 -> 0 | BL90: =+N90 -> 0 | BM90: =AK90 -> 0 | BN90: =+O90 -> 0 | BO90: =AL90 -> 0 | BP90: =+P90 -> 0 | BQ90: =AM90 -> 0 | BR90: =Q90 -> 0 | BS90: =AN90 -> 0 | BT90: =R90 -> 0 | BU90: =AO90 -> 23469000 | BV90: =S90 -> 0 | BW90: =AP90 -> 0 | BX90: =T90 -> 0 | BY90: =AQ90 -> 0 | BZ90: =U90 -> 0 | CA90: =AR90 -> 0 | CB90: =+BD90+BF90+BH90+BJ90+BL90+BN90+BP90+BR90+BT90+BV90+BX90+BZ90 -> 1700000 | CC90: =+BE90+BG90+BI90+BK90+BM90+BO90+BQ90+BS90+BU90+BW90+BY90+CA90 -> 23469000
C91: Sentencias y Conciliaciones - indemnizacion por retiro de personal | D91: 0 | E91: 0 | F91: 0 | G91: 1700000 | H91: 0 | I91: =+D91+E91-F91+G91-H91 -> 1700000 | M91: 1700000 | V91: =SUM(J91:U91) -> 1700000 | W91: =+I91-V91 -> 0 | Z91: Sentencias y Concialiaciones | AA91: =I91 -> 1700000 | AB91: =+E91 -> 0 | AC91: =+F91 -> 0 | AD91: =+G91 -> 1700000 | AE91: =+H91 -> 0 | AF91: =+I91 -> 1700000 | AG91: 0 | AH91: 0 | AI91: 0 | AJ91: 0 | AK91: 0 | AL91: 0 | AM91: 0 | AN91: 0 | AO91: 23469000 | AP91: 0 | AQ91: 0 | AR91: 0 | AS91: =SUM(AG91:AR91) -> 23469000 | AW91: =+C91 -> Sentencias y Conciliaciones - indemnizacion por retiro de personal | AX91: =AF91 -> 1700000 | AY91: =+E91 -> 0 | AZ91: =+F91 -> 0 | BA91: =+G91 -> 1700000 | BB91: =+H91 -> 0 | BC91: =+I91 -> 1700000 | BD91: =J91 -> 0 | BE91: =AG91 -> 0 | BF91: =K91 -> 0 | BG91: =AH91 -> 0 | BH91: =L91 -> 0 | BI91: =AI91 -> 0 | BJ91: =+M91 -> 1700000 | BK91: =AJ91 -> 0 | BL91: =+N91 -> 0 | BM91: =AK91 -> 0 | BN91: =+O91 -> 0 | BO91: =AL91 -> 0 | BP91: =+P91 -> 0 | BQ91: =AM91 -> 0 | BR91: =Q91 -> 0 | BS91: =AN91 -> 0 | BT91: =R91 -> 0 | BU91: =AO91 -> 23469000 | BV91: =S91 -> 0 | BW91: =AP91 -> 0 | BX91: =T91 -> 0 | BY91: =AQ91 -> 0 | BZ91: =U91 -> 0 | CA91: =AR91 -> 0 | CB91: =+BD91+BF91+BH91+BJ91+BL91+BN91+BP91+BR91+BT91+BV91+BX91+BZ91 -> 1700000 | CC91: =+BE91+BG91+BI91+BK91+BM91+BO91+BQ91+BS91+BU91+BW91+BY91+CA91 -> 23469000
B92: 2 | C92: Deuda | D92: =SUM(D93:D94) -> 0 | E92: =SUM(E93:E94) -> 0 | F92: =SUM(F93:F94) -> 0 | G92: =SUM(G93:G94) -> 0 | H92: =SUM(H93:H94) -> 0 | I92: =+D92+E92-F92+G92-H92 -> 0 | J92: =SUM(J93:J94) -> 0 | K92: =SUM(K93:K94) -> 0 | L92: =SUM(L93:L94) -> 0 | M92: =SUM(M93:M94) -> 0 | N92: =SUM(N93:N94) -> 0 | O92: =SUM(O93:O94) -> 0 | P92: =SUM(P93:P94) -> 0 | Q92: =SUM(Q93:Q94) -> 0 | ... U92: =SUM(U93:U94) -> 0 | V92: =SUM(J92:U92) -> 0 | W92: =+I92-V92 -> 0 | Y92: 2 | Z92: Deuda | AA92: =SUM(AA93:AA94) -> 0 | AB92: =+E92 -> 0 | AC92: =+F92 -> 0 | AD92: =+G92 -> 0 | AE92: =+H92 -> 0 | AF92: =+I92 -> 0 | AG92: =SUM(AG93:AG94) -> 0 | AH92: =SUM(AH93:AH94) -> 0 | AI92: =SUM(AI93:AI94) -> 0 | AJ92: =SUM(AJ93:AJ94) -> 0 | AK92: =SUM(AK93:AK94) -> 0 | AL92: =SUM(AL93:AL94) -> 0 | AM92: =SUM(AM93:AM94) -> 0 | AN92: =SUM(AN93:AN94) -> 0 | AO92: 0 | AP92: =SUM(AP93:AP94) -> 0 | AQ92: =SUM(AQ93:AQ94) -> 0 | AR92: =SUM(AR93:AR94) -> 0 | AS92: =SUM(AG92:AR92) -> 0 | AV92: 2 | AW92: =+C92 -> Deuda | AX92: =SUM(AX93:AX94) -> 0 | AY92: =+E92 -> 0 | AZ92: =+F92 -> 0 | BA92: =+G92 -> 0 | BB92: =+H92 -> 0 | BC92: =+I92 -> 0 | BD92: =J92 -> 0 | BE92: =AG92 -> 0 | BF92: =K92 -> 0 | BG92: =AH92 -> 0 | BH92: =L92 -> 0 | BI92: =AI92 -> 0 | BJ92: =+M92 -> 0 | BK92: =AJ92 -> 0 | BL92: =+N92 -> 0 | BM92: =AK92 -> 0 | BN92: =+O92 -> 0 | BO92: =AL92 -> 0 | BP92: =+P92 -> 0 | BQ92: =AM92 -> 0 | BR92: =Q92 -> 0 | BS92: =AN92 -> 0 | BT92: =R92 -> 0 | BU92: =AO92 -> 0 | BV92: =S92 -> 0 | BW92: =AP92 -> 0 | BX92: =T92 -> 0 | BY92: =AQ92 -> 0 | BZ92: =U92 -> 0 | CA92: =AR92 -> 0 | CB92: =+BD92+BF92+BH92+BJ92+BL92+BN92+BP92+BR92+BT92+BV92+BX92+BZ92 -> 0 | CC92: =+BE92+BG92+BI92+BK92+BM92+BO92+BQ92+BS92+BU92+BW92+BY92+CA92 -> 0
C93: Amortizacion | D93: 0 | E93: 0 | F93: 0 | G93: 0 | H93: 0 | I93: =+D93+E93-F93+G93-H93 -> 0 | J93: 0 | K93: 0 | L93: 0 | M93: 0 | N93: 0 | O93: 0 | P93: 0 | Q93: 0 | R93: 0 | S93: 0 | T93: 0 | U93: 0 | V93: =SUM(J93:U93) -> 0 | W93: =+I93-V93 -> 0 | Z93: Amortizacion | AA93: =I93 -> 0 | AB93: =+E93 -> 0 | AC93: =+F93 -> 0 | AD93: =+G93 -> 0 | AE93: =+H93 -> 0 | AF93: =+I93 -> 0 | AG93: 0 | AH93: 0 | AI93: 0 | AJ93: 0 | AK93: 0 | AL93: 0 | AM93: 0 | AN93: 0 | AO93: 0 | AP93: 0 | AQ93: 0 | AR93: 0 | AS93: =SUM(AG93:AR93) -> 0 | AW93: =+C93 -> Amortizacion | AX93: =AF93 -> 0 | AY93: =+E93 -> 0 | AZ93: =+F93 -> 0 | BA93: =+G93 -> 0 | BB93: =+H93 -> 0 | BC93: =+I93 -> 0 | BD93: =J93 -> 0 | BE93: =AG93 -> 0 | BF93: =K93 -> 0 | BG93: =AH93 -> 0 | BH93: =L93 -> 0 | BI93: =AI93 -> 0 | BJ93: =+M93 -> 0 | BK93: =AJ93 -> 0 | BL93: =+N93 -> 0 | BM93: =AK93 -> 0 | BN93: =+O93 -> 0 | BO93: =AL93 -> 0 | BP93: =+P93 -> 0 | BQ93: =AM93 -> 0 | BR93: =Q93 -> 0 | BS93: =AN93 -> 0 | BT93: =R93 -> 0 | BU93: =AO93 -> 0 | BV93: =S93 -> 0 | BW93: =AP93 -> 0 | BX93: =T93 -> 0 | BY93: =AQ93 -> 0 | BZ93: =U93 -> 0 | CA93: =AR93 -> 0 | CB93: =+BD93+BF93+BH93+BJ93+BL93+BN93+BP93+BR93+BT93+BV93+BX93+BZ93 -> 0 | CC93: =+BE93+BG93+BI93+BK93+BM93+BO93+BQ93+BS93+BU93+BW93+BY93+CA93 -> 0
C94: Intereses y otros | D94: 0 | E94: 0 | F94: 0 | G94: 0 | H94: 0 | I94: =+D94+E94-F94+G94-H94 -> 0 | J94: 0 | K94: 0 | L94: 0 | M94: 0 | N94: 0 | O94: 0 | P94: 0 | Q94: 0 | R94: 0 | S94: 0 | T94: 0 | U94: 0 | V94: =SUM(J94:U94) -> 0 | W94: =+I94-V94 -> 0 | Z94: Intereses y otros | AA94: =I94 -> 0 | AB94: =+E94 -> 0 | AC94: =+F94 -> 0 | AD94: =+G94 -> 0 | AE94: =+H94 -> 0 | AF94: =+I94 -> 0 | AG94: 0 | AH94: 0 | AI94: 0 | AJ94: 0 | AK94: 0 | AL94: 0 | AM94: 0 | AN94: 0 | AO94: 0 | AP94: 0 | AQ94: 0 | AR94: 0 | AS94: =SUM(AG94:AR94) -> 0 | AW94: =+C94 -> Intereses y otros | AX94: =AF94 -> 0 | AY94: =+E94 -> 0 | AZ94: =+F94 -> 0 | BA94: =+G94 -> 0 | BB94: =+H94 -> 0 | BC94: =+I94 -> 0 | BD94: =J94 -> 0 | BE94: =AG94 -> 0 | BF94: =K94 -> 0 | BG94: =AH94 -> 0 | BH94: =L94 -> 0 | BI94: =AI94 -> 0 | BJ94: =+M94 -> 0 | BK94: =AJ94 -> 0 | BL94: =+N94 -> 0 | BM94: =AK94 -> 0 | BN94: =+O94 -> 0 | BO94: =AL94 -> 0 | BP94: =+P94 -> 0 | BQ94: =AM94 -> 0 | BR94: =Q94 -> 0 | BS94: =AN94 -> 0 | BT94: =R94 -> 0 | BU94: =AO94 -> 0 | BV94: =S94 -> 0 | BW94: =AP94 -> 0 | BX94: =T94 -> 0 | BY94: =AQ94 -> 0 | BZ94: =U94 -> 0 | CA94: =AR94 -> 0 | CB94: =+BD94+BF94+BH94+BJ94+BL94+BN94+BP94+BR94+BT94+BV94+BX94+BZ94 -> 0 | CC94: =+BE94+BG94+BI94+BK94+BM94+BO94+BQ94+BS94+BU94+BW94+BY94+CA94 -> 0
B95: 3 | C95: Inversion | D95: =+D100 -> 1996000000 | E95: =E100+E96 -> 1704785980 | F95: =F100 -> 182907580 | G95: 343865000 | H95: 343865000 | I95: =+I100+I96 -> 3517878400 | J95: =+J100+J96 -> 0 | K95: =+K100+K96 -> 0 | L95: =+L100+L96 -> 151200000 | M95: =+M100+M96 -> 75600000 | N95: =+N100+N96 -> 0 | O95: =+O100+O96 -> 123966666 | P95: =+P100+P96 -> 123966666 | ... U95: =+U100+U96 -> 545058845 | V95: =SUM(J95:U95) -> 3517878400 | W95: =+I95-V95 -> 0 | Y95: 3 | Z95: Inversion | AA95: =+AA100 -> 1679227420 | AB95: =+E95 -> 1704785980 | AC95: =+F95 -> 182907580 | AD95: =+G95 -> 343865000 | AE95: =+H95 -> 343865000 | AF95: =+I95 -> 3517878400 | AG95: =AG100 -> 0 | AH95: =AH100 -> 0 | AI95: =+AI100 -> 60100000 | AJ95: =AJ100 -> 76100000 | AK95: =AK100 -> 78970000 | AL95: =+AL100 -> 11600000 | AM95: =+AM100 -> 0 | AN95: 1.8001716e+08 | AO95: =+AO100 -> 3.1651913e+08 | AP95: 0 | AQ95: 0 | AR95: 0 | AS95: =SUM(AG95:AR95) -> 723306284 | AV95: 3 | AW95: Inversion | AX95: =+AX100 -> 668616580 | AY95: =+E95 -> 1704785980 | AZ95: =+F95 -> 182907580 | BA95: =+G95 -> 343865000 | BB95: =+H95 -> 343865000 | BC95: =+I95 -> 3517878400 | BD95: =J95 -> 0 | BE95: =AG95 -> 0 | BF95: =K95 -> 0 | BG95: =AH95 -> 0 | BH95: =L95 -> 151200000 | BI95: =AI95 -> 60100000 | BJ95: =+M95 -> 75600000 | BK95: =AJ95 -> 76100000 | BL95: =+N95 -> 0 | BM95: =AK95 -> 78970000 | BN95: =+O95 -> 123966666 | BO95: =AL95 -> 11600000 | BP95: =+P95 -> 123966666 | BQ95: =AM95 -> 0 | BR95: =Q95 -> 212216666 | BS95: =AN95 -> 1.8001716e+08 | BT95: =R95 -> 628204921 | BU95: =S95 -> 647478504 | BV95: =S95 -> 647478504 | BW95: =AP95 -> 0 | BX95: =T95 -> 1010186132 | BY95: =AQ95 -> 0 | BZ95: =U95 -> 545058845 | CA95: =AR95 -> 0 | CB95: =+BD95+BF95+BH95+BJ95+BL95+BN95+BP95+BR95+BT95+BV95+BX95+BZ95 -> 3517878400 | CC95: =+BE95+BG95+BI95+BK95+BM95+BO95+BQ95+BS95+BU95+BW95+BY95+CA95 -> 1.0542657e+09
C96: INFRAESTRUCTURA | D96: =+D97 -> 0 | E96: =+E97 -> 1000000000 | F96: =+F97 -> 0 | I96: =+D96+E96 -> 1000000000 | J96: 0 | K96: 0 | L96: 0 | M96: 0 | N96: 0 | O96: 0 | P96: 0 | Q96: 0 | R96: 0 | S96: 0 | T96: =+T97 -> 600000000 | U96: =+U97 -> 400000000 | V96: =SUM(J96:U96) -> 1000000000 | W96: =+I96-V96 -> 0 | Z96: INFRAESTRUCTURA | AA96: =+AA97 -> 0 | AB96: =+AB97 -> 1000000000 | AC96: =+AC97 -> 0 | AF96: =+AA96+AB96 -> 1000000000 | AG96: 0 | AH96: 0 | AI96: 0 | AJ96: 0 | AK96: 0 | AL96: 0 | AM96: 0 | AN96: 0 | AO96: 0 | AP96: 0 | AQ96: =+AQ97 -> 0 | AR96: =+AR97 -> 0 | AS96: =SUM(AG96:AR96) -> 0
C97: INFRAESTRUCTURA PROPIA DEL SECTOR | D97: =+D98 -> 0 | E97: =+E98 -> 1000000000 | F97: =+F98 -> 0 | I97: =+D97+E97 -> 1000000000 | J97: 0 | K97: 0 | L97: 0 | M97: 0 | N97: 0 | O97: 0 | P97: 0 | Q97: 0 | R97: 0 | S97: 0 | T97: =+T98 -> 600000000 | U97: =+U98 -> 400000000 | V97: =SUM(J97:U97) -> 1000000000 | W97: =+I97-V97 -> 0 | Z97: INFRAESTRUCTURA PROPIA DEL SECTOR | AA97: =+AA98 -> 0 | AB97: =+AB98 -> 1000000000 | AC97: =+AC98 -> 0 | AF97: =+AA97+AB97 -> 1000000000 | AG97: 0 | AH97: 0 | AI97: 0 | AJ97: 0 | AK97: 0 | AL97: 0 | AM97: 0 | AN97: 0 | AO97: 0 | AP97: 0 | AQ97: =+AQ98 -> 0 | AR97: =+AR98 -> 0 | AS97: =SUM(AG97:AR97) -> 0
C98: Infraestructura propia del sector | D98: =+D99 -> 0 | E98: =+E99 -> 1000000000 | F98: =+F99 -> 0 | I98: =+D98+E98 -> 1000000000 | J98: 0 | K98: 0 | L98: 0 | M98: 0 | N98: 0 | O98: 0 | P98: 0 | Q98: 0 | R98: 0 | S98: 0 | T98: =+T99 -> 600000000 | U98: =+U99 -> 400000000 | V98: =SUM(J98:U98) -> 1000000000 | W98: =+I98-V98 -> 0 | Z98: Infraestructura propia del sector | AA98: =+AA99 -> 0 | AB98: =+AB99 -> 1000000000 | AC98: =+AC99 -> 0 | AF98: =+AA98+AB98 -> 1000000000 | AG98: 0 | AH98: 0 | AI98: 0 | AJ98: 0 | AK98: 0 | AL98: 0 | AM98: 0 | AN98: 0 | AO98: 0 | AP98: 0 | AQ98: =+AQ99 -> 0 | AR98: =+AR99 -> 0 | AS98: =SUM(AG98:AR98) -> 0
C99: Construcción y Dotación de parques recreo deportivos en el Departamento del Meta. | D99: 0 | E99: 1000000000 | F99: 0 | I99: =+D99+E99 -> 1000000000 | J99: 0 | K99: 0 | L99: 0 | M99: 0 | N99: 0 | O99: 0 | P99: 0 | Q99: 0 | R99: 0 | S99: 0 | T99: 600000000 | U99: 400000000 | V99: =SUM(J99:U99) -> 1000000000 | W99: =+I99-V99 -> 0 | Z99: Construcción y Dotación de parques recreo deportivos en el Departamento del Meta. | AA99: 0 | AB99: 1000000000 | AC99: 0 | AF99: =+AA99+AB99 -> 1000000000 | AG99: 0 | AH99: 0 | AI99: 0 | AJ99: 0 | AK99: 0 | AL99: 0 | AM99: 0 | AN99: 0 | AO99: 0 | AP99: 0 | AQ99: 0 | AR99: 0 | AS99: =SUM(AG99:AR99) -> 0
C100: RECURSO HUMANO | D100: =+D101 -> 1996000000 | E100: =+E101 -> 704785980 | F100: =+F101 -> 182907580 | G100: =+G101 -> 813840840 | H100: =+H101 -> 813840840 | I100: =+D100+E100-F100+G100-H100 -> 2517878400 | J100: =+J101 -> 0 | K100: =+K101 -> 0 | L100: =+L101 -> 151200000 | M100: =+M101 -> 75600000 | N100: =+N101 -> 0 | O100: =+O101 -> 123966666 | P100: =+P101 -> 123966666 | Q100: =+Q101 -> 212216666 | ... U100: =+U101 -> 145058845 | V100: =SUM(J100:U100) -> 2517878400 | W100: =+I100-V100 -> 0 | Z100: RECURSO HUMANO | AA100: =+AA101 -> 1679227420 | AB100: =+E100 -> 704785980 | AC100: =+F100 -> 182907580 | AD100: =+G100 -> 813840840 | AE100: =+H100 -> 813840840 | AF100: =+I100 -> 2517878400 | AG100: =+AG101+AG105 -> 0 | AH100: =+AH101+AH105 -> 0 | AI100: =+AI101 -> 60100000 | AJ100: =+AJ101+AJ105 -> 76100000 | AK100: =+AK101+AK105 -> 78970000 | AL100: =+AL101 -> 11600000 | AM100: =+AM101 -> 0 | AN100: 1.8001716e+08 | AO100: =+AO101 -> 3.1651913e+08 | AS100: =SUM(AG100:AR100) -> 723306284 | AW100: RECURSO HUMANO | AX100: =+AX101 -> 668616580 | AY100: =+E100 -> 704785980 | AZ100: =+F100 -> 182907580 | BA100: =+G100 -> 813840840 | BB100: =+H100 -> 813840840 | BC100: =+I100 -> 2517878400 | BD100: =J100 -> 0 | BE100: =AG100 -> 0 | BF100: =K100 -> 0 | BG100: =AH100 -> 0 | BH100: =L100 -> 151200000 | BI100: =AI100 -> 60100000 | BJ100: =+M100 -> 75600000 | BK100: =AJ100 -> 76100000 | BL100: =+N100 -> 0 | BM100: =AK100 -> 78970000 | BN100: =+O100 -> 123966666 | BO100: =AL100 -> 11600000 | BP100: =+P100 -> 123966666 | BQ100: =AM100 -> 0 | BR100: =Q100 -> 212216666 | BS100: =AN100 -> 1.8001716e+08 | BT100: =R100 -> 628204921 | BU100: =AO100 -> 3.1651913e+08 | BV100: =S100 -> 647478504 | BW100: =AP100 -> 0 | BX100: =T100 -> 410186132 | BY100: =AQ100 -> 0 | BZ100: =U100 -> 145058845 | CA100: =AR100 -> 0 | CB100: =+BD100+BF100+BH100+BJ100+BL100+BN100+BP100+BR100+BT100+BV100+BX100+BZ100 -> 2517878400 | CC100: =+BE100+BG100+BI100+BK100+BM100+BO100+BQ100+BS100+BU100+BW100+BY100+CA100 -> 723306284
C101: FOMENTO Y APOYO A LA RECREACION Y AL DEPORTE | D101: =+D102 -> 1996000000 | E101: =+E102 -> 704785980 | F101: =+F102 -> 182907580 | G101: =+G102 -> 813840840 | H101: =+H102 -> 813840840 | I101: =+I102 -> 2517878400 | J101: =+J102 -> 0 | K101: =+K102 -> 0 | ... U101: =+U102 -> 145058845 | V101: =SUM(J101:U101) -> 2517878400 | W101: =+I101-V101 -> 0 | Z101: FOMENTO Y APOYO A LA RECREACION Y AL DEPORTE | AA101: =+AA102 -> 1679227420 | AB101: =+E101 -> 704785980 | AC101: =+F101 -> 182907580 | AD101: =+G101 -> 813840840 | AE101: =+H101 -> 813840840 | AF101: =+I101 -> 2517878400 | AG101: =+AG102 -> 0 | AH101: =+AH102 -> 0 | AI101: =+AI102 -> 60100000 | AJ101: =+AJ102 -> 76100000 | AK101: =+AK102 -> 78970000 | AL101: =+AL102 -> 11600000 | AM101: =+AM102 -> 0 | AN101: 1.8001716e+08 | AO101: =+AO102 -> 3.1651913e+08 | AP101: =+AP102 -> 0 | AQ101: =+AQ102 -> 0 | AR101: =+AR102 -> 0 | AS101: =SUM(AG101:AR101) -> 723306284 | AW101: FOMENTO Y APOYO A LA RECREACION Y AL DEPORTE | AX101: =+AX102 -> 668616580 | AY101: =+E101 -> 704785980 | AZ101: =+F101 -> 182907580 | BA101: =+G101 -> 813840840 | BB101: =+H101 -> 813840840 | BC101: =+I101 -> 2517878400 | BD101: =J101 -> 0 | BE101: =AG101 -> 0 | BF101: =K101 -> 0 | BG101: =AH101 -> 0 | BH101: =L101 -> 151200000 | BI101: =AI101 -> 60100000 | BJ101: =+M101 -> 75600000 | BK101: =AJ101 -> 76100000 | BL101: =+N101 -> 0 | BM101: =AK101 -> 78970000 | BN101: =+O101 -> 123966666 | BO101: =AL101 -> 11600000 | BP101: =+P101 -> 123966666 | BQ101: =AM101 -> 0 | BR101: =Q101 -> 212216666 | BS101: =AN101 -> 1.8001716e+08 | BT101: =R101 -> 628204921 | BU101: =AO101 -> 3.1651913e+08 | BV101: =S101 -> 647478504 | BW101: =AP101 -> 0 | BX101: =T101 -> 410186132 | BY101: =AQ101 -> 0 | BZ101: =U101 -> 145058845 | CA101: =AR101 -> 0 | CB101: =+BD101+BF101+BH101+BJ101+BL101+BN101+BP101+BR101+BT101+BV101+BX101+BZ101 -> 2517878400 | CC101: =+BE101+BG101+BI101+BK101+BM101+BO101+BQ101+BS101+BU101+BW101+BY101+CA101 -> 723306284
C102: NO DESAGREGABLE | D102: =+D103 -> 1996000000 | E102: =+E103 -> 704785980 | F102: =+F103 -> 182907580 | G102: =+G103 -> 813840840 | H102: =+H103 -> 813840840 | I102: =+I103 -> 2517878400 | J102: =+J103 -> 0 | K102: =+K103 -> 0 | ... U102: =+U103 -> 145058845 | V102: =SUM(J102:U102) -> 2517878400 | W102: =+I102-V102 -> 0 | Z102: NO DESAGREGABLE | AA102: =+AA103 -> 1679227420 | AB102: =+E102 -> 704785980 | AC102: =+F102 -> 182907580 | AD102: =+G102 -> 813840840 | AE102: =+H102 -> 813840840 | AF102: =+I102 -> 2517878400 | AG102: =+AG103 -> 0 | AH102: =+AH103 -> 0 | AI102: =+AI103 -> 60100000 | AJ102: =+AJ103 -> 76100000 | AK102: =+AK103 -> 78970000 | AL102: =+AL103 -> 11600000 | AM102: =+AM103 -> 0 | AN102: 1.8001716e+08 | AO102: =+AO103 -> 3.1651913e+08 | AP102: =+AP103 -> 0 | AQ102: =+AQ103 -> 0 | AR102: =+AR103 -> 0 | AS102: =SUM(AG102:AR102) -> 723306284 | AW102: NO DESAGREGABLE | AX102: =+AX103 -> 668616580 | AY102: =+E102 -> 704785980 | AZ102: =+F102 -> 182907580 | BA102: =+G102 -> 813840840 | BB102: =+H102 -> 813840840 | BC102: =+I102 -> 2517878400 | BD102: =J102 -> 0 | BE102: =AG102 -> 0 | BF102: =K102 -> 0 | BG102: =AH102 -> 0 | BH102: =L102 -> 151200000 | BI102: =AI102 -> 60100000 | BJ102: =+M102 -> 75600000 | BK102: =AJ102 -> 76100000 | BL102: =+N102 -> 0 | BM102: =AK102 -> 78970000 | BN102: =+O102 -> 123966666 | BO102: =AL102 -> 11600000 | BP102: =+P102 -> 123966666 | BQ102: =AM102 -> 0 | BR102: =Q102 -> 212216666 | BS102: =AN102 -> 1.8001716e+08 | BT102: =R102 -> 628204921 | BU102: =AO102 -> 3.1651913e+08 | BV102: =S102 -> 647478504 | BW102: =AP102 -> 0 | BX102: =T102 -> 410186132 | BY102: =AQ102 -> 0 | BZ102: =U102 -> 145058845 | CA102: =AR102 -> 0 | CB102: =+BD102+BF102+BH102+BJ102+BL102+BN102+BP102+BR102+BT102+BV102+BX102+BZ102 -> 2517878400 | CC102: =+BE102+BG102+BI102+BK102+BM102+BO102+BQ102+BS102+BU102+BW102+BY102+CA102 -> 723306284
C103: RECREACION Y DEPORTE | D103: =+D104 -> 1996000000 | E103: =+E104 -> 704785980 | F103: =+F104 -> 182907580 | G103: =+G104 -> 813840840 | H103: =+H104 -> 813840840 | I103: =+I104 -> 2517878400 | J103: =+J104 -> 0 | K103: =+K104 -> 0 | ... U103: =+U104 -> 145058845 | V103: =SUM(J103:U103) -> 2517878400 | W103: =+I103-V103 -> 0 | Z103: RECREACION Y DEPORTE | AA103: =+AA104 -> 1679227420 | AB103: =+E103 -> 704785980 | AC103: =+F103 -> 182907580 | AD103: =+G103 -> 813840840 | AE103: =+H103 -> 813840840 | AF103: =+I103 -> 2517878400 | AG103: =+AG104 -> 0 | AH103: =+AH104 -> 0 | AI103: =+AI104 -> 60100000 | AJ103: =+AJ104 -> 76100000 | AK103: =+AK104 -> 78970000 | AL103: =+AL104 -> 11600000 | AM103: =+AM104 -> 0 | AN103: 1.8001716e+08 | AO103: =+AO104 -> 3.1651913e+08 | AP103: =+AP104 -> 0 | AQ103: =+AQ104 -> 0 | AR103: =+AR104 -> 0 | AS103: =SUM(AG103:AR103) -> 723306284 | AW103: RECREACION Y DEPORTE | AX103: =+AX104 -> 668616580 | AY103: =+E103 -> 704785980 | AZ103: =+F103 -> 182907580 | BA103: =+G103 -> 813840840 | BB103: =+H103 -> 813840840 | BC103: =+I103 -> 2517878400 | BD103: =J103 -> 0 | BE103: =AG103 -> 0 | BF103: =K103 -> 0 | BG103: =AH103 -> 0 | BH103: =L103 -> 151200000 | BI103: =AI103 -> 60100000 | BJ103: =+M103 -> 75600000 | BK103: =AJ103 -> 76100000 | BL103: =+N103 -> 0 | BM103: =AK103 -> 78970000 | BN103: =+O103 -> 123966666 | BO103: =AL103 -> 11600000 | BP103: =+P103 -> 123966666 | BQ103: =AM103 -> 0 | BR103: =Q103 -> 212216666 | BS103: =AN103 -> 1.8001716e+08 | BT103: =R103 -> 628204921 | BU103: =AO103 -> 3.1651913e+08 | BV103: =S103 -> 647478504 | BW103: =AP103 -> 0 | BX103: =T103 -> 410186132 | BY103: =AQ103 -> 0 | BZ103: =U103 -> 145058845 | CA103: =AR103 -> 0 | CB103: =+BD103+BF103+BH103+BJ103+BL103+BN103+BP103+BR103+BT103+BV103+BX103+BZ103 -> 2517878400 | CC103: =+BE103+BG103+BI103+BK103+BM103+BO103+BQ103+BS103+BU103+BW103+BY103+CA103 -> 723306284
C104: RECREACION Y DEPORTE | D104: =+D105+D108+D121+D134 -> 1996000000 | E104: =+E105+E108+E121+E134 -> 704785980 | F104: =+F105+F108+F121+F134 -> 182907580 | G104: =+G105+G108+G121+G134 -> 813840840 | H104: =+H105+H108+H121+H134 -> 813840840 | I104: =+I105+I108+I121+I134 -> 2517878400 | J104: =+J105+J108+J121+J134 -> 0 | K104: =+K105+K108+K121+K134 -> 0 | ... U104: =+U105+U108+U121+U134 -> 145058845 | V104: =SUM(J104:U104) -> 2517878400 | W104: =+I104-V104 -> 0 | Z104: RECREACION Y DEPORTE | AA104: =+AA105+AA108+AA121+AA134 -> 1679227420 | AB104: =+E104 -> 704785980 | AC104: =+F104 -> 182907580 | AD104: =+G104 -> 813840840 | AE104: =+H104 -> 813840840 | AF104: =+I104 -> 2517878400 | AG104: 0 | AH104: 0 | AI104: =+AI105+AI108+AI121+AI134 -> 60100000 | AJ104: 76100000 | AK104: 78970000 | AL104: =+AL105+AL108+AL121+AL134 -> 11600000 | AM104: =+AM105+AM108+AM121+AM134 -> 0 | AN104: 1.8001716e+08 | AO104: =+AO108+AO121 -> 3.1651913e+08 | AP104: 0 | AQ104: 0 | AR104: 0 | AS104: =SUM(AG104:AR104) -> 723306284 | AW104: RECREACION Y DEPORTE | AX104: =+AX105+AX108+AX121+AX134 -> 668616580 | AY104: =+E104 -> 704785980 | AZ104: =+F104 -> 182907580 | BA104: =+G104 -> 813840840 | BB104: =+H104 -> 813840840 | BC104: =+I104 -> 2517878400 | BD104: =J104 -> 0 | BE104: =AG104 -> 0 | BF104: =K104 -> 0 | BG104: =AH104 -> 0 | BH104: =L104 -> 151200000 | BI104: =AI104 -> 60100000 | BJ104: =+M104 -> 75600000 | BK104: =AJ104 -> 76100000 | BL104: =+N104 -> 0 | BM104: =AK104 -> 78970000 | BN104: =+O104 -> 123966666 | BO104: =AL104 -> 11600000 | BP104: =+P104 -> 123966666 | BQ104: =AM104 -> 0 | BR104: =Q104 -> 212216666 | BS104: =AN104 -> 1.8001716e+08 | BT104: =R104 -> 628204921 | BU104: =AO104 -> 3.1651913e+08 | BV104: =S104 -> 647478504 | BW104: =AP104 -> 0 | BX104: =T104 -> 410186132 | BY104: =AQ104 -> 0 | BZ104: =U104 -> 145058845 | CA104: =AR104 -> 0 | CB104: =+BD104+BF104+BH104+BJ104+BL104+BN104+BP104+BR104+BT104+BV104+BX104+BZ104 -> 2517878400 | CC104: =+BE104+BG104+BI104+BK104+BM104+BO104+BQ104+BS104+BU104+BW104+BY104+CA104 -> 723306284
...

Sheet Hoja1
E6: 311191000
E7: 223691000
E8: =+E6-E7 -> 87500000 | F8: =+E8/4 -> 21875000
F17: =40000000/6 -> 6666666.7
F18: 223691000
F19: =+F18/3 -> 74563667

Sheet Graficas
B4: GRAFICAS INGRESOS
C5: Aprop Def | D5: Prog | E5: Ejec | G5: % Prog | H5: % Ejec
B6: Ingresos Ctes | C6: =+Programacion!AF12 -> 6426498963 | D6: =+Programacion!CB12 -> 6.426499e+09 | E6: =+Programacion!CC12 -> 1.7747866e+09 | G6: =+D6/C6 -> 1 | H6: =+E6/C6 -> 0.27616695
B7: Ingresos Capital | C7: =+Programacion!AF20 -> 2.2643671e+08 | D7: =+Programacion!CB20 -> 226436709 | E7: =+Programacion!CC20 -> 4926349.9 | G7: 0 | H7: 0 | J7: =(E6*100%)/D6 -> 0.27616695
B8: Total | C8: =+C6+C7 -> 6.6529357e+09 | D8: =+D6+D7 -> 6.6529357e+09 | E8: =+E6+E7 -> 1.779713e+09 | G8: =+D8/C8 -> 1 | H8: =+E8/C8 -> 0.26750792
B26: GRAFICAS GASTOS
C27: Aprop Def | D27: Prog | E27: Ejec | F27: Pagos | G27: % Prog | H27: % Ejec | I27: % Pagos
B28: Funcionamiento | C28: =+Programacion!AF30 -> 3.1350473e+09 | D28: =+Programacion!CB30 -> 3.1350473e+09 | E28: =+Programacion!CC30 -> 1.1421864e+09 | F28: 0 | G28: =+D28/C28 -> 1 | H28: =+E28/C28 -> 0.36432829 | I28: =+F28/C28 -> 0 | K28: =(E28*100%)/D28 -> 0.36432829
B29: Inversion | C29: =+Programacion!AF95 -> 3517878400 | D29: =+Programacion!CB95 -> 3517878400 | E29: =+Programacion!CC95 -> 1.0542657e+09 | F29: 0 | G29: =+D29/C29 -> 1 | H29: =+E29/C29 -> 0.29968792 | I29: =+F29/C29 -> 0 | K29: =(E29*100%)/D29 -> 0.29968792
B30: Total | C30: =+C28+C29 -> 6.6529257e+09 | D30: =+D28+D29 -> 6.6529257e+09 | E30: =+E28+E29 -> 2196452074 | F30: =+F28+F29 -> 0 | G30: =+D30/C30 -> 1 | H30: =+E30/C30 -> 0.3301483 | I30: =+F30/C30 -> 0
B56: REVISAR SALDOS DE TESORERIA MENSUAL PARA DETERMINAR RENDIMIENTOS FINANCIEROS

Sheet CXP Detalladas
C3: TOTAL CUENTAS POR PAGAR | N3: 1.7175827e+09
C4: CUENTAS POR PAGAR CANCELADAS EN ENERO
C6: Fecha | D6: Número | E6: Año Obligación | F6: # Obligación | G6: Tercero | H6: NIT/C.C | I6: Concepto | J6: # Doc.Pago | K6: # Num.Pago Dcto. | L6: Valor | M6: Descuentos | N6: Neto a pagar
C7: 43858 | D7: 28 | E7: 2019 | F7: 4123 | G7: YESSICA VIVIANA JARAMILLO MOJICA | H7: 1121908837 | I7: UNICO PAGO - CONTRATO DE PRESTACION DE SERVICIOS Y DE APOYO A LA GESTION DE UN PROMOTOR DE RECREACION | J7: 8200400 | K7: 0 | L7: 1066667 | M7: 68266 | N7: 998401
C8: 43858 | D8: 29 | E8: 2019 | F8: 4114 | G8: CORRALES MORA ARIEL ARMANDO | H8: 86050755 | I8: ULTIMO PAGO - PRESTACION DE SERVICIOS PROFESIONALES Y DE APOYO A LA GESTION DE UN COORDINADOR DE CENTROS DE DESARROLLO PSICOMOTRIZ. | J8: 8200401 | K8: 0 | L8: 454169 | M8: 0 | N8: 454169
C9: TOTAL | L9: =SUM(L7:L8) -> 1520836
C11: SALDO CUENTAS POR PAGAR | N11: 1.7160618e+09
C14: CUENTAS POR PAGAR CANCELADAS EN FEBRERO | N14: 1.6569772e+09
C15: Fecha | D15: Número | E15: Año Obligación | F15: # Obligación | G15: Tercero | H15: NIT/C.C | I15: Concepto | J15: Valor | K15: Neto a pagar
C16: 43865 | D16: 50 | E16: 2019 | F16: 3 | G16: FONDO DE CESANTIAS PROTECCION | H16: 800170494-5 | I16: SUELDOS PERSONAL DE NOMINA CORRESPONDIENTE A ENERO DE 2019. | J16: 3925279 | K16: 3925279
C17: 43865 | D17: 51 | E17: 2019 | F17: 35 | G17: FONDO DE CESANTIAS PROTECCION | H17: 800170494-5 | I17: SUELDOS PERSONAL DE NOMINA CORRESPONDIENTE A FEBRERO DE 2019. | J17: 3687301 | K17: 3687301
C18: 43865 | D18: 52 | E18: 2019 | F18: 66 | G18: FONDO DE CESANTIAS PROTECCION | H18: 800170494-5 | I18: SUELDOS PERSONAL DE NOMINA CORRESPONDIENTE A MARZO DE 2019. | J18: 3540141 | K18: 3540141
C19: 43865 | D19: 53 | E19: 2019 | F19: 223 | G19: FONDO DE CESANTIAS PROTECCION | H19: 800170494-5 | I19: SUELDO PERSONAL DE NOMINA MES DE ABRIL DE 2019. | J19: 3554293 | K19: 3554293
C20: 43865 | D20: 54 | E20: 2019 | F20: 132 | G20: FONDO DE CESANTIAS PROTECCION | H20: 800170494-5 | I20: VACACIONES DEL FUNCIONARIO JOSE ALBERTO ESCOBAR DELGADO, AUXILIAR ADMINISTRATIVO DEL INSTITUTO, SEGUN RESOLUCION 081 DE 2019, DEL PERIODO COMPRENDIDO DEL 01 DE FEBRERO DE 2018 AL 30 DE ENERO DE 2019, LAS CUALES DISFRUTARA DL 22 DE ABRIL AL 13 DE MAYO DE 2 | J20: 287785 | K20: 287785
C21: 43865 | D21: 55 | E21: 2019 | F21: 731 | G21: FONDO DE CESANTIAS PROTECCION | H21: 800170494-5 | I21: SUELDO PERSONAL DE NOMINA CORRERSPODIENTE A MAYO DE 2019. | J21: 3299049 | K21: 3299049
C22: 43865 | D22: 56 | E22: 2019 | F22: 342 | G22: FONDO DE CESANTIAS PROTECCION | H22: 800170494-5 | I22: VACACIONES A LA FUNCIONARIA ISABEL ALVAREZ DE MEDINA POR EL PERIODO LABORADO DEL 20 DE SEPTIEMBRE DE 2017 AL 19 DE SEPTIEMBRE DE 2018, LAS CUALES DISFRUTARA DEL 10 AL 30 DE MAYO DE 2019. | J22: 310184 | K22: 310184
C23: 43865 | D23: 57 | E23: 2019 | F23: 1299 | G23: FONDO DE CESANTIAS PROTECCION | H23: 800170494-5 | I23: PAGO PRIMNA DE SERVICIOS FUNCIONARIOS DE PLANTA DEL INSTITUTO. | J23: 1645800 | K23: 1645800
C24: 43865 | D24: 58 | E24: 2019 | F24: 2058 | G24: FONDO DE CESANTIAS PROTECCION | H24: 800170494-5 | I24: SUELDOS PERSONAL DE NOMINA CORRESPONDIENTE A AGOSTO DE 2019. | J24: 3078811 | K24: 3078811
C25: 43865 | D25: 59 | E25: 2019 | F25: 1573 | G25: FONDO DE CESANTIAS PROTECCION | H25: 800170494-5 | I25: VACACIONES DE LA FUNCIONARIA PAOLA CORREAL ACEVEDO DEL PERIODO COMPRENDIDO DEL 01 DE JUNIO DE 2017 AL 30 DE MAYO DE 2018. | J25: 243583 | K25: 243583
C26: 43865 | D26: 60 | E26: 2019 | F26: 1657 | G26: FONDO DE CESANTIAS PROTECCION | H26: 800170494-5 | I26: SUELDOS PERSONAL DE PLANTA MES DE JULIO DE 2019. | J26: 3493372 | K26: 3493372
C27: 43865 | D27: 61 | E27: 2019 | F27: 1674 | G27: FONDO DE CESANTIAS PROTECCION | H27: 800170494-5 | I27: VACACIONES DE LA FUNCIONARIA ANA OLGA GOMEZ OROZCO DEL PERIODO COMRPENDIDO DEL 22 DE FEBRERO DE 2017 AL 21 DE FEBRERO DE 2018. | J27: 343033 | K27: 343033
... C74: 43872 | D74: 115 | E74: 2019 | F74: 4273 | G74: CONSORCIO INFRAESTRUCTURA DEPORTIVA 2019 | H74: 901335109-0 | I74: MEJORAMIENTO Y DOTACION DE LA INFRAESTRUCTURA DE LAS PISCINAS OLIMPICAS DE LA CIUDAD DE VILLAVICENCIO. | J74: 1.3999971e+09 | K74: 1.3299972e+09
C75: 43881 | D75: 133 | E75: 2019 | F75: 4266 | G75: SANCHEZ CIFUENTES NELSY | H75: 40374439 | I75: PAGO SALDO CESANTIAS RETROACTIVAS FUNCIONARIOS DEL INSTITUTO CON CORTE A 31 DE DICIEMBRE DE 2018, DE CONFORMIDAD CON LA RESOLUCION NO. 370 DEL 30 DE DICIEMBRE DE 2019. | J75: 35779183 | K75: 35779183
C76: 43881 | D76: 134 | E76: 2019 | F76: 4267 | G76: SANCHEZ CIFUENTES NELSY | H76: 40374439 | I76: PAGO CESANTIAS RETROACTIVAS FUNCIONARIOS DEL INSTITUTO CON CORTE A 31 DE DICIEMBRE DE 2019, DE CONFORMIDAD CON LA RESOLUCION NO. 371 DEL 30 DE DICIEMBRE DE 2019. | J76: 6476736 | K76: 6476736
C77: 43881 | D77: 135 | E77: 2019 | F77: 4266 | G77: ESCOBAR DELGADO JOSÉ ALBERTO | H77: 17309022 | I77: PAGO SALDO CESANTIAS RETROACTIVAS FUNCIONARIOS DEL INSTITUTO CON CORTE A 31 DE DICIEMBRE DE 2018, DE CONFORMIDAD CON LA RESOLUCION NO. 370 DEL 30 DE DICIEMBRE DE 2019. | J77: 12520896 | K77: 12520896
C78: 43881 | D78: 136 | E78: 2019 | F78: 4267 | G78: ESCOBAR DELGADO JOSÉ ALBERTO | H78: 17309022 | I78: PAGO CESANTIAS RETROACTIVAS FUNCIONARIOS DEL INSTITUTO CON CORTE A 31 DE DICIEMBRE DE 2019, DE CONFORMIDAD CON LA RESOLUCION NO. 371 DEL 30 DE DICIEMBRE DE 2019. | J78: 3052435 | K78: 3052435
C79: 43881 | D79: 137 | E79: 2019 | F79: 4266 | G79: GOMEZ OROZCO ANA OLGA | H79: 40368501 | I79: PAGO SALDO CESANTIAS RETROACTIVAS FUNCIONARIOS DEL INSTITUTO CON CORTE A 31 DE DICIEMBRE DE 2018, DE CONFORMIDAD CON LA RESOLUCION NO. 370 DEL 30 DE DICIEMBRE DE 2019. | J79: 31285198 | K79: 31285198
C80: 43881 | D80: 138 | E80: 2019 | F80: 4267 | G80: GOMEZ OROZCO ANA OLGA | H80: 40368501 | I80: PAGO CESANTIAS RETROACTIVAS FUNCIONARIOS DEL INSTITUTO CON CORTE A 31 DE DICIEMBRE DE 2019, DE CONFORMIDAD CON LA RESOLUCION NO. 371 DEL 30 DE DICIEMBRE DE 2019. | J80: 5555156 | K80: 5555156
C81: 43881 | D81: 139 | E81: 2019 | F81: 4266 | G81: MOYANO AGUDELO RUTH CECILIA | H81: 40369406 | I81: PAGO SALDO CESANTIAS RETROACTIVAS FUNCIONARIOS DEL INSTITUTO CON CORTE A 31 DE DICIEMBRE DE 2018, DE CONFORMIDAD CON LA RESOLUCION NO. 370 DEL 30 DE DICIEMBRE DE 2019. | J81: 10012580 | K81: 10012580
C82: 43881 | D82: 140 | E82: 2019 | F82: 4267 | G82: MOYANO AGUDELO RUTH CECILIA | H82: 40369406 | I82: PAGO CESANTIAS RETROACTIVAS FUNCIONARIOS DEL INSTITUTO CON CORTE A 31 DE DICIEMBRE DE 2019, DE CONFORMIDAD CON LA RESOLUCION NO. 371 DEL 30 DE DICIEMBRE DE 2019. | J82: 2672996 | K82: 2672996
C83: 43881 | D83: 141 | E83: 2019 | F83: 4266 | G83: RODRIGUEZ RIVEROS NEVARDO EDUARDO | H83: 17335505 | I83: PAGO SALDO CESANTIAS RETROACTIVAS FUNCIONARIOS DEL INSTITUTO CON CORTE A 31 DE DICIEMBRE DE 2018, DE CONFORMIDAD CON LA RESOLUCION NO. 370 DEL 30 DE DICIEMBRE DE 2019. | J83: 9593334 | K83: 9593334
C84: 43881 | D84: 142 | E84: 2019 | F84: 4267 | G84: RODRIGUEZ RIVEROS NEVARDO EDUARDO | H84: 17335505 | I84: PAGO CESANTIAS RETROACTIVAS FUNCIONARIOS DEL INSTITUTO CON CORTE A 31 DE DICIEMBRE DE 2019, DE CONFORMIDAD CON LA RESOLUCION NO. 371 DEL 30 DE DICIEMBRE DE 2019. | J84: 3406666 | K84: 3406666
C85: 43881 | D85: 143 | E85: 2019 | F85: 4266 | G85: ALVAREZ DE MEDINA ISABEL | H85: 21235115 | I85: PAGO SALDO CESANTIAS RETROACTIVAS FUNCIONARIOS DEL INSTITUTO CON CORTE A 31 DE DICIEMBRE DE 2018, DE CONFORMIDAD CON LA RESOLUCION NO. 370 DEL 30 DE DICIEMBRE DE 2019. | J85: 31883326 | K85: 31883326
C86: 43881 | D86: 144 | E86: 2019 | F86: 4267 | G86: ALVAREZ DE MEDINA ISABEL | H86: 21235115 | I86: PAGO CESANTIAS RETROACTIVAS FUNCIONARIOS DEL INSTITUTO CON CORTE A 31 DE DICIEMBRE DE 2019, DE CONFORMIDAD CON LA RESOLUCION NO. 371 DEL 30 DE DICIEMBRE DE 2019. | J86: 5568415 | K86: 5568415
C87: TOTAL CUENTAS POR PAGAR CANCELADAS EN FEBRERO | J87: =SUM(J16:J86) -> 1.6569772e+09
C89: SALDO CUENTAS POR PAGAR | N89: =+N11-N14 -> 59084601
C92: CXP CANCELADAS EN MARZO
C93: 43895 | D93: 164 | E93: 2019 | F93: 66 | G93: INSTITUTO DEPARTAMENTAL DE DEPORTE Y RECREACION "IDERMETA" | H93: 822002510-6 | I93: DEVOLUCION MAYOR VALOR DESCONTADO POR CONCEPTO DE EMEREDICA EN LA NOMINA DE MARZO 2019 | J93: TRANSFERENCIA | K93: 30904 | L93: 0 | M93: 30904
C94: 43899 | D94: 173 | E94: 2019 | F94: 4266 | G94: HERRERA ORTÍZ GLORIA ESPERANZA | H94: 21240625 | I94: PAGO SALDO CESANTIAS RETROACTIVAS FUNCIONARIOS DEL INSTITUTO CON CORTE A 31 DE DICIEMBRE DE 2018, DE CONFORMIDAD CON LA RESOLUCION NO. 370 DEL 30 DE DICIEMBRE DE 2019. | J94: TRANSFERENCIA | K94: 35829202 | L94: 0 | M94: 35829202
C95: 43899 | D95: 174 | E95: 2019 | F95: 4267 | G95: HERRERA ORTÍZ GLORIA ESPERANZA | H95: 21240625 | I95: PAGO CESANTIAS RETROACTIVAS FUNCIONARIOS DEL INSTITUTO CON CORTE A 31 DE DICIEMBRE DE 2019, DE CONFORMIDAD CON LA RESOLUCION NO. 371 DEL 30 DE DICIEMBRE DE 2019. | J95: TRANSFERENCIA | K95: 5970284 | L95: 0 | M95: 5970284
C96: TOTAL CUENTAS POR PAGAR CANCELADAS EN MARZO | K96: =SUM(K93:K95) -> 41830390
C98: SALDO CUENTAS POR PAGAR | N98: =+N89-K96 -> 17254211
C101: CXP CANCELADAS EN ABRIL -0-
C103: SALDO CUENTAS POR PAGAR | N103: 17254211
C105: CXP CANCELADAS EN MAYO-0-
C107: SALDO CUENTAS POR PAGAR | N107: 17254211
C109: CXP CANCELADAS EN JUNIO -0-
C111: SALDO CUENTAS POR PAGAR | N111: 17254211
C113: CXP CANCELADAS EN JULIO -0-
C115: SALDO CUENTAS POR PAGAR | N115: 17254211
C117: CXP CANCELADAS EN AGOSTO -0-
C119: SALDO CUENTAS POR PAGAR | N119: 17254211

Sheet Reservas Detalladas
B2: TOTAL RESERVAS | M2: 4.2709294e+10
B4: RESERVAS CANCELADAS EN ENERO | M4: 26403334
B6: Fecha | C6: Número | D6: Año Obligación | E6: # Obligación | F6: Tercero | G6: NIT/C.C | H6: Concepto | I6: # Doc.Pago | J6: # Num.Pago Dcto. | K6: Valor | L6: Descuentos | M6: Neto a pagar
B7: 43852 | C7: 12 | D7: 2020 | E7: 1 | F7: EDGAR ALFONSO MELO ECHENIQUE | G7: 17315834 | H7: APOYO A LA SUPERVISION AL CONTROL MEDIANTE INTERVENTORIA TECNICA, LEGAL, ADMINISTRATIVA, AMBIENTAL Y CONTABLE A LA CONSTRUCCION DEL NUEVO COLISEO ALVARO MESA AMAYA EN EL MUNICIPIO DE VILLAVICENCIO - DEPARTAMENTO DEL META. | I7: TRANSFERENCIA | J7: 0 | K7: 91898226 | L7: 23090395 | M7: 68807831
B8: 43857 | C8: 19 | D8: 2020 | E8: 11 | F8: ESTRADA CONDE JHON EDUAR | G8: 86015088 | H8: SEGUNDA ADICION DE QUINCE (15) DIAS AL CONTRATO NO. 369/2019 DE JHON EDUAR ESTRADA CONDE, CON C.C. NO. 86.015.088 DE GRANADA, CUYO OBJETO ES : PRESTACION DE SERVICIOS Y DE APOYO A LA GESTION DE UN MONITOR NO PROFESIONAL DE HABITOS Y ESTILOS DE VIDA SAUDAB | I8: TRANSFERENCIA | J8: 0 | K8: 1075000 | L8: 68800 | M8: 1006200
B9: 43857 | C9: 20 | D9: 2020 | E9: 15 | F9: LIZETH PAOLA PEREZ SANCHEZ | G9: 1118547234 | H9: SEGUNDA ADICION DE QUINCE (15) DIAS AL CONTRATO NO. 370/2019 DE LIZETH PAOLA PEREZ SANCHEZ, CON C.C. NO. 1.118.547.234 DE YOPAL, CUYO OBJETO ES : PRESTACION DE SERVICIOS Y DE APOYO A LA GESTION DE UN MONITOR NO PROFESIONAL DE HABITOS Y ESTILOS DE VIDA SAU | I9: TRANSFERENCIA | J9: 0 | K9: 1075000 | L9: 68800 | M9: 1006200
B10: 43857 | C10: 21 | D10: 2020 | E10: 10 | F10: BAHAMON CORRREA KAREN LUCIA | G10: 1121936662 | H10: PRESTACION DE SERVICIOS y DE APOYO A LA GESTION DE UN MONITOR NO PROFESIONAL DE HABITOS Y ESTILOS DE VIDA SALUDABLE, según CONVENIO INTERADMINISTRATIVO No. 000283/2019 SUSCRITO ENTRE COLDEPORTES E IDERMETA. | I10: TRANSFERENCIA | J10: 0 | K10: 2150000 | L10: 137600 | M10: 2012400
B11: 43857 | C11: 22 | D11: 2020 | E11: 24 | F11: BAHAMON CORREA ANDERSON | G11: 1121845281-1 | H11: PRESTACION DE SERVICIOS y DE APOYO A LA GESTION DE UN MONITOR NO PROFESIONAL DE HABITOS Y ESTILOS DE VIDA SALUDABLE, según CONVENIO INTERADMINISTRATIVO No. 000283/2019 SUSCRITO ENTRE COLDEPORTES E IDERMETA. | I11: TRANSFERENCIA | J11: 0 | K11: 2150000 | L11: 137600 | M11: 2012400
B12: 43857 | C12: 23 | D12: 2020 | E12: 25 | F12: BAHAMON CORREA ANDERSON | G12: 1121845281-1 | H12: PRESTACION DE SERVICIOS y DE APOYO A LA GESTION DE UN MONITOR NO PROFESIONAL DE HABITOS Y ESTILOS DE VIDA SALUDABLE, según CONVENIO INTERADMINISTRATIVO No. 000283/2019 SUSCRITO ENTRE COLDEPORTES E IDERMETA. | I12: TRANSFERENCIA | J12: 0 | K12: 2150000 | L12: 137600 | M12: 2012400
B13: 43857 | C13: 24 | D13: 2020 | E13: 17 | F13: PEREZ VESGA GINA MARCELA | G13: 1095828284 | H13: PRESTACION DE SERVICIOS y DE APOYO A LA GESTION DE UN MONITOR NO PROFESIONAL DE HABITOS Y ESTILOS DE VIDA SALUDABLE, según CONVENIO INTERADMINISTRATIVO No. 000283/2019 SUSCRITO ENTRE COLDEPORTES E IDERMETA. | I13: TRANSFERENCIA | J13: 0 | K13: 2150000 | L13: 137600 | M13: 2012400
B14: 43857 | C14: 25 | D14: 2020 | E14: 16 | F14: PEREZ VESGA GINA MARCELA | G14: 1095828284 | H14: PRESTACION DE SERVICIOS y DE APOYO A LA GESTION DE UN MONITOR NO PROFESIONAL DE HABITOS Y ESTILOS DE VIDA SALUDABLE, según CONVENIO INTERADMINISTRATIVO No. 000283/2019 SUSCRITO ENTRE COLDEPORTES E IDERMETA. | I14: TRANSFERENCIA | J14: 0 | K14: 2150000 | L14: 137600 | M14: 2012400
B15: 43857 | C15: 26 | D15: 2020 | E15: 12 | F15: RIVERA MORATO VLADIMIR | G15: 1121823406-9 | H15: PRESTACION DE SERVICIOS PROFESIONALES Y DE APOYO A LA GESTION DE UN GESTOR DEPARTAMENTAL DE HABITOS Y ESTILOS DE VIDA SALUDABLE, según CONVENIO INTERADMINISTRATIVO No. 000283/2019 SUSCRITO ENTRE COLDEPORTES E IDERMETA. | I15: TRANSFERENCIA | J15: 0 | K15: 3700000 | L15: 273800 | M15: 3426200
B16: 43857 | C16: 27 | D16: 2020 | E16: 13 | F16: RIVERA MORATO VLADIMIR | G16: 1121823406-9 | H16: PRESTACION DE SERVICIOS PROFESIONALES Y DE APOYO A LA GESTION DE UN GESTOR DEPARTAMENTAL DE HABITOS Y ESTILOS DE VIDA SALUDABLE, según CONVENIO INTERADMINISTRATIVO No. 000283/2019 SUSCRITO ENTRE COLDEPORTES E IDERMETA. | I16: TRANSFERENCIA | J16: 0 | K16: 3700000 | L16: 649800 | M16: 3050200
B17: 43858 | C17: 30 | D17: 2020 | E17: 7 | F17: GALLEGO GARAVITO JULIO CESAR | G17: 1121844384 | H17: PRESTACION DE SERVICIOS Y DE APOYO A LA GESTION DE UN MONITOR MUNICIPAL PARA SAN JUAN DE ARAMA Y VISTA HERMOSA, PARA EL PROGRAMA DE DEPORTE SOCIAL COMUNITARIO, DEPORTE E IMPLEMENTACION DE LA POLITICA PUBLICA DE PUEBLOS INDIGENAS, SEGÚN CONVENIO COLDEPORT | I17: TRANSFERENCIA | J17: 0 | K17: 453333 | L17: 29014 | M17: 424319
B18: 43858 | C18: 33 | D18: 2020 | E18: 6 | F18: GALLEGO GARAVITO JULIO CESAR | G18: 1121844384 | H18: PRESTACION DE SERVICIOS Y DE APOYO A LA GESTION DE UN MONITOR MUNICIPAL PARA SAN JUAN DE ARAMA Y VISTA HERMOSA, PARA EL PROGRAMA DE DEPORTE SOCIAL COMUNITARIO, DEPORTE E IMPLEMENTACION DE LA POLITICA PUBLICA DE PUEBLOS INDIGENAS, SEGÚN CONVENIO COLDEPORT | I18: TRANSFERENCIA | J18: 0 | K18: 1700000 | L18: 108800 | M18: 1591200
B19: 43858 | C19: 31 | D19: 2020 | E19: 8 | F19: TORRES ARDILA MARTIN AMADO | G19: 91017770 | H19: CONTRATO 437/2019 - PRESTACION DE SERVICIOS Y DE APOYO A LA GESTION DE UN MONITOR MUNICIPAL PARA CASTILLO Y GUAMAL, PARA EL PROGRAMA DE DEPORTE SOCIAL COMUNITARIO, DEPORTE E IMPLEMENTACION DE LA POLITICA PUBLICA DE PUEBLOS INDIGENAS, SEGÚN CONVENIO COLD | I19: TRANSFERENCIA | J19: 0 | K19: 1416667 | L19: 90666 | M19: 1326001
B20: 43858 | C20: 32 | D20: 2020 | E20: 14 | F20: JOSE HOOVER IBARGUEN VINAZCO | G20: 9809794 | H20: PRESTACION DE SERVICIOS Y DE APOYO A LA GESTION DE UN ENLACE DEPARTAMENTAL PARA EL PROGRAMA DE DEPORTE SOCIAL COMUNITARIO, DEPORTE+ E IMPLEMENTACION DE LA POLITICA PUBLICA DE PUEBLOS INDIGENAS, SEGÚN CONVENIO COLDEPORTES No. 429/2019. | I20: TRANSFERENCIA | J20: 0 | K20: 666667 | L20: 42666 | M20: 624001
B21: 43858 | C21: 34 | D21: 2020 | E21: 23 | F21: DARWIN JOHANY HOLGUIN PAEZ | G21: 1121820709 | H21: PRESTACION DE SERVICIOS Y DE APOYO A LA GESTION DE UN PROMOTOR LUDICO MUNICIPAL PARA EL MUNICIPIO DE GRANADA-GUAMAL, PARA EL PROGRAMA DE RECREACION, SEGÚN CONVENIO NO. 000566/2019 – COLDEPORTES.. | I21: TRANSFERENCIA | J21: 0 | K21: 66667 | L21: 4266 | M21: 62401
B22: 43858 | C22: 36 | D22: 2020 | E22: 22 | F22: DARWIN JOHANY HOLGUIN PAEZ | G22: 1121820709 | H22: PRESTACION DE SERVICIOS Y DE APOYO A LA GESTION DE UN PROMOTOR LUDICO MUNICIPAL PARA EL MUNICIPIO DE GRANADA-GUAMAL, PARA EL PROGRAMA DE RECREACION, SEGÚN CONVENIO NO. 000566/2019 – COLDEPORTES.. | I22: TRANSFERENCIA | J22: 0 | K22: 800000 | L22: 51200 | M22: 748800
B23: 43858 | C23: 35 | D23: 2020 | E23: 18 | F23: PARRADO JIMENEZ JHON FERNANDO | G23: 86076605 | H23: PRESTACION DE SERVICIOS Y DE APOYO A LA GESTION DE UN PROMOTOR LUDICO MUNICIPAL PARA EL MUNICIPIO DE CUMARAL-RESTREPO, PARA EL PROGRAMA DE RECREACION, SEGÚN CONVENIO NO. 000566/2019 – COLDEPORTES.. | I23: TRANSFERENCIA | J23: 0 | K23: 1000000 | L23: 64000 | M23: 936000
B24: TOTAL | K24: =SUM(K8:K23) -> 26403334
B25: SALDO RESERVAS POR PAGAR | M25: =+M2-M4 -> 4.2682891e+10
B28: Fecha | C28: Número | D28: Año Obligación | E28: # Obligación | F28: Tercero | G28: NIT/C.C | H28: Concepto | I28: VALOR | J28: NETO A PAGAR
B29: 43872 | C29: 111 | D29: 2020 | E29: 29 | F29: EDGAR ANDRES HERNANDEZ JIMENEZ | G29: 86059538-8 | H29: PRESTACION DE SERVICIOS Y DE APOYO A LA GESTION DE UN TECNICO DEPORTIVO para MOTOCICLISMO. | I29: 1600000 | J29: 1497600
B30: 43872 | C30: 112 | D30: 2020 | E30: 21 | F30: DARWIN JOHANY HOLGUIN PAEZ | G30: 1121820709 | H30: PRESTACION DE SERVICIOS Y DE APOYO A LA GESTION DE UN PROMOTOR LUDICO MUNICIPAL PARA EL MUNICIPIO DE GRANADA-GUAMAL, PARA EL PROGRAMA DE RECREACION, SEGÚN CONVENIO NO. 000566/2019 – COLDEPORTES.. | I30: 2000000 | J30: 1872000
B31: 43872 | C31: 113 | D31: 2020 | E31: 20 | F31: CARLOS ANDRES RIVERA | G31: 86062087 | H31: PRESTACION DE SERVICIOS Y DE APOYO A LA GESTION DE UN GESTOR DEPARTAMENTAL DE RECREACION PARA EL PROGRAMA DE RECREACION, SEGÚN CONVENIO NO. 000566/2019 – COLDEPORTES.. | I31: 1400000 | J31: 1310400
B32: 43872 | C32: 114 | D32: 2020 | E32: 28 | F32: RODRIGUEZ JIMENEZ HECTOR LEANDRO | G32: 86074097 | H32: PRESTACION DE SERVICIOS Y DE APOYO A LA GESTION DE UN PROMOTOR LUDICO MUNICIPAL PARA EL MUNICIPIO DE SAN JUAN DE ARAMA-SAN MARTIN, PARA EL PROGRAMA DE RECREACION, SEGÚN CONVENIO NO. 000566/2019 – COLDEPORTES. | I32: 800000 | J32: 748800
B33: 43873 | C33: 118 | D33: 2020 | E33: 30 | F33: JOSE IGNACIO RAMIREZ MORALES | G33: 86052888 | H33: CONTRATO 875/2019 (SIN PLURIDAD DE OFERENTES) - REALIZAR EL SEGUIMIENTO DE LAS ACTIVIDADES DE LA IMPLEMENTACION DE LA POLITICA PUBLICA DEL DEPORTE, LA RECREACION, LA ACTIVIDAD FISICA Y LA EDUCACION FISICA EXTRAESCOLAR DEL DEPARTAMETNO DEL META, A TRAVES D | I33: 120000000 | J33: 104520000
B34: 43873 | C34: 119 | D34: 2020 | E34: 35 | F34: BASTO LEON MADELEYNE | G34: 1121851234 | H34: PAGO PENDIENTE CONTRATO PRESTACION DE SERVICIOS Y DE APOYO A LA GESTION DE UN MONITOR DEPORTIVO DE SAMBO. | I34: 1400000 | J34: 1310400
B35: 43873 | C35: 120 | D35: 2020 | E35: 34 | F35: BASTO LEON MADELEYNE | G35: 1121851234 | H35: PAGO PENDIENTE CONTRATO PRESTACION DE SERVICIOS Y DE APOYO A LA GESTION DE UN MONITOR DEPORTIVO DE SAMBO. | I35: 1400000 | J35: 1310400
B36: 43873 | C36: 121 | D36: 2020 | E36: 36 | F36: ELKIN OSWALDO ACOSTA CARDONA | G36: 17421951 | H36: PAGO PENDIENTE DEL CONTRATO DE PRESTACION DE SERVICIOS Y DE APOYO A LA GESTION DE UN AUXILIAR DEPORTIVO. | I36: 1200000 | J36: 1123200
B37: 43873 | C37: 122 | D37: 2020 | E37: 37 | F37: RAMIREZ MAHECHA FREDY HERNAN | G37: 1130615502 | H37: PAGO PENDIENTE DEL ONTRATO DE PRESTACION DE SERVICIOS Y DE APOYO A LA GESTION DE UN AUXILIAR DEPORTIVO. | I37: 1200000 | J37: 1123200
B38: 43873 | C38: 123 | D38: 2020 | E38: 38 | F38: CARLOS ELBER MOYA CABRERA | G38: 79488660-3 | H38: PAGO PENDIENTE DE LA ADICION Y PRORROGA DE DOS (2) MESES, AL CONTRATO 42/2019, CON REGISTRO PRESUPUESTAL 49/2019, DE CARLOS ELBER MOYA CABRERA, CON C.C. 79.488.660 DE BOGOTA D.C., CUYO OBJETO ES: PRESTACION DE SERVICIOS Y DE APOYO A LA GESTION DE UN TECNI | I38: 2550000 | J38: 2386800
B39: 43873 | C39: 124 | D39: 2020 | E39: 40 | F39: YESID RIVERA RODRIGUEZ | G39: 86084148 | H39: PAGO PENDIENTE CONTRATO DE PRESTACION DE SERVICIOS Y DE APOYO A LA GESTION DE UN AUXILIAR DE PROYECTO. | I39: 1500000 | J39: 1404000
B40: 43873 | C40: 125 | D40: 2020 | E40: 19 | F40: CARLOS ANDRES RIVERA | G40: 86062087 | H40: PRESTACION DE SERVICIOS Y DE APOYO A LA GESTION DE UN GESTOR DEPARTAMENTAL DE RECREACION PARA EL PROGRAMA DE RECREACION, SEGÚN CONVENIO NO. 000566/2019 – COLDEPORTES.. | I40: 2800000 | J40: 2620800
B41: 43878 | C41: 126 | D41: 2020 | E41: 31 | F41: ANDRES FELIPE LAZCANO PEÑALOSA | G41: 1121838753 | H41: UNICO PAGO - PRESTACION DE SERVICIOS Y DE APOYO A LA GESTION DE UN MONITOR DEPORTIVO. | I41: 933333 | J41: 873599
B42: 43878 | C42: 127 | D42: 2020 | E42: 4 | F42: PEDRO IVAN TAPIERO CORTES | G42: 1237688022 | H42: PRESTACION DE SERVICIOS Y DE APOYO A LA GESTION DE UN MONITOR DE PAZ EN PROCESO DE REINCORPORACION PARA EL MUNICIPIO DE MESETAS (ETCR) PARA EL PROGRAMA DE DEPORTE SOCIAL COMUNITARIO, DEPORTE E IMPLEMENTACION DE LA POLITICA PUBLICA DE PUEBLOS INDIGENAS, S | I42: 1500000 | J42: 1404000
B43: 43878 | C43: 128 | D43: 2020 | E43: 5 | F43: PEDRO IVAN TAPIERO CORTES | G43: 1237688022 | H43: PRESTACION DE SERVICIOS Y DE APOYO A LA GESTION DE UN MONITOR DE PAZ EN PROCESO DE REINCORPORACION PARA EL MUNICIPIO DE MESETAS (ETCR) PARA EL PROGRAMA DE DEPORTE SOCIAL COMUNITARIO, DEPORTE E IMPLEMENTACION DE LA POLITICA PUBLICA DE PUEBLOS INDIGENAS, S | I43: 750000 | J43: 702000
B44: 43878 | C44: 129 | D44: 2020 | E44: 9 | F44: BAHAMON CORRREA KAREN LUCIA | G44: 1121936662 | H44: PRESTACION DE SERVICIOS y DE APOYO A LA GESTION DE UN MONITOR NO PROFESIONAL DE HABITOS Y ESTILOS DE VIDA SALUDABLE, según CONVENIO INTERADMINISTRATIVO No. 000283/2019 SUSCRITO ENTRE COLDEPORTES E IDERMETA. | I44: 2150000 | J44: 2012400
B45: 43880 | C45: 130 | D45: 2020 | E45: 44 | F45: ESTRADA CONDE JHON EDUAR | G45: 86015088 | H45: PAGO PENDIENTE - ADICION Y PRORROGA AL CONTRATO No. 369/2019 con registro presupuestal 462/2019 DE JHON EDUAR ESTRADA CONDE, CON C.C. No. 86.015.088 de granada, cuyo objeto es: PRESTACION DE SERVICIOS y DE APOYO A LA GESTION DE UN MONITOR NO PROFESIONAL D | I45: 1218333 | J45: 1140359
B46: 43880 | C46: 131 | D46: 2020 | E46: 43 | F46: ESTRADA CONDE JHON EDUAR | G46: 86015088 | H46: PAGO PENDIENTE - ADICION Y PRORROGA AL CONTRATO No. 369/2019 con registro presupuestal 462/2019 DE JHON EDUAR ESTRADA CONDE, CON C.C. No. 86.015.088 de granada, cuyo objeto es: PRESTACION DE SERVICIOS y DE APOYO A LA GESTION DE UN MONITOR NO PROFESIONAL D | I46: 2150000 | J46: 2012400
B47: 43880 | C47: 132 | D47: 2020 | E47: 42 | F47: LIZETH PAOLA PEREZ SANCHEZ | G47: 1118547234 | H47: SALDO PENDIENTE POR PAGAR - ADICION Y PRORROGA AL CONTRATO No. 370/2019 con registro presupuestal 460/2019 DE LIZETH PAOLA PEREZ SANCHEZ, CON C.C. No. 1.118.547.234 de Yopal , cuyo objeto es: PRESTACION DE SERVICIOS y DE APOYO A LA GESTION DE UN MONITOR N | I47: 1218333 | J47: 1140359
B48: 43886 | C48: 149 | D48: 2020 | E48: 39 | F48: LIGA DE DEPORTES PARA PERSONAS CON PARALISIS CEREBRAL DEL DEPARTAMENTO DEL META | G48: 900344548-5 | H48: LIQUIDACION CONVENIO - PARTICIPACION DEL SELECCIONADO DE PARALISIS CEREBRAL DE BOCCIA DEL META EN EL FOGUEO PREPARATORIO DEPARTAMENTAL DE BOCCIA PARA CONTROL Y SEGUIMIENTO A LOS EVENTOS FEDERADOS NACIONALES QUE SE REALIZARAN EN LA VIGENCIA 2020. | I48: 13000000 | J48: 12896000
B49: 43886 | C49: 150 | D49: 2020 | E49: 45 | F49: HERNANDEZ COY ANDRES SANTIAGO | G49: 1122509045 | H49: UNICO PAGO - OTORGAR EL RECONOCIMIENTO A 80 DEPORTISTAS PRIORIZADOS "CATEGORIA TALENTOS" CON UN (01) SALARIO MINIMO LEGAL MENSUAL VIGENTE CORRESPONDIENTE A OCHOCIENTOS VEINTIOCHO MIL CIENTO DIECISEIS PESOS ($828.116)M/CTE.,DURANTE EL MES DE NOVIEMBRE, SEG | I49: 828116 | J49: 828116
B50: 43886 | C50: 151 | D50: 2020 | E50: 41 | F50: LIGA DE SAMBO DEL META | G50: 900559960-0 | H50: PARTICIPACION DEL SELECCIONADO DE SAMBO DEL META EN EL CAMPAMENTO NACIONAL DE ENTRENAMIENTO. | I50: 12500000 | J50: 12342000
B51: 43865 | C51: 72 | D51: 2020 | E51: 27 | F51: PORTILLA GALLO MARIELA | G51: 1090373040 | H51: ADICION Y PRORROGA DE DOCE (12)DIAS, AL CONTRATO NO. 629/2019, SUSCRITO CON MARIELA PORTILLA GALLO CON C.C. NO. 1.090.373.040 DE CUCUTA, CUYO OBJETO ES: PRESTACION DE SERVICIOS Y DE APOYO A LA GESTION DE UN COORDINADOR TECNICO UNO. | I51: 1200000 | J51: 1123200
B52: TOTAL RESERVAS CANCELADAS EN FEBRERO 2020 | I52: =SUM(I29:I51) -> 175298115
B54: SALDO RESERVAS POR PAGAR | M54: =+M25-I52 -> 4.2507593e+10
B57: RESERVAS CANCELADAS EN MARZO
B58: 43896 | C58: 166 | D58: 2020 | E58: 52 | F58: FUNDIAMET | G58: 900073798-6 | H58: LIQUIDACION CONVENIO - PRESTACION DE SERVICIOS DE APOYO LOGISTICO PARA FORTALECER EL ACCESO DE LOS NIÑOS, JOVENES, ADULTOS MAYORES AL DEPORTE FORMATIVO Y AL DEPORTE SOCIAL COMUNITARIO, CON ENFOQUE DIFERENCIAL E INCLUYENTE EN BARRANCA DE UPIA, CABUYARO, C | I58: TRANSFERENCIA | J58: 15625000 | K58: 1468750 | L58: 14156250
B59: 43896 | C59: 167 | D59: 2020 | E59: 51 | F59: FUNDIAMET | G59: 900073798-6 | H59: LIQUIDACION - PRESTACION DE SERVICIOS DE APOYO LOGISTICO PARA FORTALECER EL ACCESO DE LOS NIÑOS, JOVENES, ADULTOS MAYORES AL DEPORTE FORMATIVO Y AL DEPORTE SOCIAL COMUNITARIO, CON ENFOQUE DIFERENCIAL E INCLUYENTE EN BARRANCA DE UPIA, CABUYARO, CUBARRAL, | I59: TRANSFERENCIA | J59: 8761236 | K59: 823557 | L59: 7937679
B60: 43896 | C60: 168 | D60: 2020 | E60: 53 | F60: GOMEZ JARAMILLO JUAN CAMILO | G60: 1019096189 | H60: PRESTACION DE SERVICIOS PROFESIONALES Y DE APOYO A LA GESTION DE UN COORDINADOR DE PROYECTO. | I60: TRANSFERENCIA | J60: 2333333 | K60: 149334 | L60: 2183999
B61: 43917 | C61: 200 | D61: 2020 | E61: 72 | F61: HENRY CONTRERAS RODRIGUEZ | G61: 79489565 | H61: ADICION Y PRORROGA DE DOS (2) MESES, AL CONTRATO 57/2019, CON REGISTRO PRESUPUESTAL 49/2019, DE HENRY CONTRERAS RODRIGUEZ, CON C.C. 79.489.565 DE BOGOTA D.C., CUYO OBJETO ES: PRESTACION DE SERVICIOS Y DE APOYO A LA GESTION DE UN TECNICO DEPORTIVO DE JUEGO | I61: TRANSFERENCIA | J61: 2550000 | K61: 163200 | L61: 2386800
B62: 43917 | C62: 199 | D62: 2020 | E62: 59 | F62: GONZALEZ HERNANDEZ EVELYN VANESSA | G62: 1121878780 | H62: UNICO PAGO - PRESTACION DE SERVICIOS Y DE APOYO A LA GESTION DE UN AUXILIAR DEPORTIVO.. | I62: TRANSFERENCIA | J62: 1200000 | K62: 76800 | L62: 1123200
B63: TOTAL RESERVAS CANCELADAS EN MARZO 2019 | J63: =SUM(J58:J62) -> 30469569
B65: SALDO RESERVAS POR PAGAR | M65: =+M54-J63 -> 4.2477123e+10
B67: RESERVAS CANCELADAS EN ABRIL
B68: 43927 | C68: 237 | D68: 2020 | E68: 73 | F68: HENRY CONTRERAS RODRIGUEZ | G68: 79489565 | H68: SEGUNDA ADICION Y PRORROGA DE QUINCE (15) DIAS AL CONTRATO DE PRESTACION DE SERVICIOS Y DE APOYO A LA GESTION No. 57/2019 SUSCRITO CON HENRY CONTRERAS RODRIGUEZ, CON C.C. NO. 79.489.565 DE BOGOTA, CUYO OBJETO ES: PRESTACION DE SERVICIOS Y DE APOYO A LA GE | I68: TRANSFERENCIA | J68: 0 | K68: 1275000 | L68: 81600
B69: 43927 | C69: 238 | D69: 2020 | E69: 107 | F69: LIGA DE TIRO Y CAZA DEL META | G69: 900180583-8 | H69: LIQUIDACION CONVENIO - PARTICIPACION DEL SELECCIONADO METENSE DE TIRO DEPORTIVO EN EL CAMPEONATO NACIONAL DE MEDALLISTAS AÑO 2019. | I69: TRANSFERENCIA | J69: 0 | K69: 10434000 | L69: 0
B70: 43927 | C70: 239 | D70: 2020 | E70: 108 | F70: LIGA DE AJEDREZ DEL META | G70: 822000873-5 | H70: LIQUIDACION CONVENIO - PARTICIPACION DEL SELECCIONADO METENSE DE AJEDREZ EN EL CAMPEONATO NACIONAL POR RANGO DE ELO 2 Y EN LA CONCENTRACION DE FOGUEO Y CONTROL DE LOS DEPORTISTAS SELECCIONADOS A LOS PREPARATORIOS XXI JUEGOS DEPORTIVOS NACIONALES 2019. | I70: TRANSFERENCIA | J70: 0 | K70: 5796000 | L70: 27000
B71: 43927 | C71: 240 | D71: 2020 | E71: 106 | F71: LIGA DE MOTOCICLISMO DEL META | G71: 822000389-1 | H71: LIQUIDACION CONVENIO - ORGANIZACION, REALIZACION Y PARTICIPACION DE SELECCIONADO DE MOTOCICLISMO DELMETA EN LA IV VALIDA DEPARTAMENTAL DE MOTOVELOCIDAD. | I71: TRANSFERENCIA | J71: 0 | K71: 15000000 | L71: 0
B72: 43935 | C72: 244 | D72: 2020 | E72: 110 | F72: LIGA DE TAEKWONDO | G72: 800024930-0 | H72: LIQUIDACION ORGANIZACION Y DESARROLLO DEL CAMPEONATO PUNTUABLE PARA EL SELECCIONADO METENSE DE TAEKWONDO QUE NOS REPRESENTARA EN LOS EVENTOS NACIONALES 2020. | I72: TRANSFERENCIA | J72: 0 | K72: 21000000 | L72: 175000
K73: =SUM(K68:K72) -> 53505000
B74: SALDO RESERVAS POR PAGAR | M74: 4.2423618e+10
B77: RESERVAS CANCELADAS EN MAYO
B78: 43971 | C78: 286 | D78: 2020 | E78: 135 | F78: LIGA DE DEPORTES PARA DISCAPACITADOS FÍSICOS DEL META | G78: 822005097-9 | H78: LIQUIDACION CONVENIO - ORGANIZACION Y DESARROLLO DEL PRIMER FESTIVAL DE NATACION DE LA DISCIPLINA DE DISCAPACIDAD FISICA Y DEPORTE CONVENCIONAL "LA TIERRA DE LAS OPORTUNIDADES" COMO PROYECCION DE LA SELECCION PARA EL CALENDARIO NACIONAL 2020. | I78: TRANSFERENCIA | J78: 0 | K78: 40500000
B79: 43979 | C79: 296 | D79: 2020 | E79: 139 | F79: DISCEP S.A.S. | G79: 804000265-1 | H79: LIQUIDACION CONTRATO - MEJORAMIENTO Y DOTACION DE INFRAESTRUCTURA DEPORTIVA PARA EL COLISEO CUBIERTO DE LA GRAMA DE LA CIUDAD DE VILLAVICENCIO. | I79: TRANSFERENCIA | J79: 0 | K79: 3.9319443e+08
B80: TOTAL RESERVAS CANCELADAS | K80: =SUM(K78:K79) -> 4.3369443e+08
B82: SALDO RESERVAS POR PAGAR | M82: =+M74-K80 -> 4.1989924e+10
B85: RESERVAS CANCELADAS EN JUNIO
B86: Fecha | C86: Número | D86: Año Obligación | E86: # Obligación | F86: Tercero | G86: NIT/C.C | H86: Concepto | I86: # Doc.Pago | J86: # Num.Pago Dcto. | K86: Valor
B87: 43987 | C87: 313 | D87: 2020 | E87: 154 | F87: LIGA DEPORTIVA DE PERSONAS CON DISCAPACIDAD VISUAL DEL DEPARTAMENTO DEL META | G87: 900384616-9 | H87: LIQUIDACION CONVENIO - ORGANIZACION Y REALIZACION DE LA COPA NAVIDAD NACIONAL INTERCLUBES DE GOOLBALL FOGUEO Y CONTROL. | I87: TRANSFERENCIA | J87: 0 | K87: 31000000
B88: 43991 | C88: 319 | D88: 2020 | E88: 153 | F88: LIGA DE VOLEIBOL DEL META | G88: 800036941-3 | H88: LIQUIDACION CONVENIO - PARTICIPACION DEL SELECCIONADO DE VOLEIBOL PISO DEL META EN EL XV CAMPEONATO NACIONAL CATEGORIA INFANTIL, RAMA MASCULINA. | I88: TRANSFERENCIA | J88: 0 | K88: 6095000
B89: 43991 | C89: 320 | D89: 2020 | E89: 152 | F89: LIGA DE VOLEIBOL DEL META | G89: 800036941-3 | H89: LIQUIDACION CONVENIO - PARTICIPACION DEL SELECCIONADO METENSE DE VOLEIBOL EN LA CONCENTRACION FOGUEO CONTROL DE LAS DUPLAS DE VOLEIBOL PLAYA A NIVEL INTERNACIONAL, PREPARATORIO A LOS XXI JUEGOS DEPORTIVOS NACIONALES 2019. | I89: TRANSFERENCIA | J89: 0 | K89: 10566500
B90: 43993 | C90: 321 | D90: 2020 | E90: 157 | F90: LIGA DE TAEKWONDO | G90: 800024930-0 | H90: IQUIDACION CONVENIO PARTICIPACION DEL SELECCIONADO DELMETA DE LA DISCIPLINA DE TAEKWONDO EN EL TASHKENT 2019 WORLD TAEKWONDO CADET CHAMPIONSHIPS Y EN LA XI COPA INTERNACIONAL CIUDAD DE BOGOTA RANKING G1 Y OPEN. | I90: TRANSFERENCIA | J90: 0 | K90: 2698333
B91: TOTAL RESERVAS CANCELADAS | K91: =SUM(K87:K90) -> 50359833
B93: SALDO RESERVAS POR PAGAR | M93: =+M82-K91 -> 4.1939564e+10
B96: RESERVAS CANCELADAS EN JULIO
B97: Fecha | C97: Número | D97: Año Obligación | E97: # Obligación | F97: Tercero | G97: NIT/C.C | H97: Concepto | I97: # Doc.Pago | J97: # Num.Pago Dcto. | K97: Valor
B98: 44028 | C98: 342 | D98: 2020 | E98: 159 | F98: JAIRO ZAMBRANO ORDOÑEZ | G98: 79950218 | H98: SEGUNDO PAGO - PRESTACION DE SERVICIOS PROFESIONLES Y DE APOYO A LA GESTION DE UN INGENIERO CIVIL PARA REALIZAR LA SUPERVISION AL CONTRATO 00422 DE 2019 DENOMINADO “INTERVENTORIA TECNICA, ADMINISTRATIVA, FINANCIERA Y AMBIENTAL PARA LA CONSTRUCCION Y MEJOR | I98: TRANSFERENCIA | J98: 0 | K98: 2500000
B99: 44028 | C99: 343 | D99: 2020 | E99: 160 | F99: JAIRO ZAMBRANO ORDOÑEZ | G99: 79950218 | H99: TERCER PAGO - PRESTACION DE SERVICIOS PROFESIONLES Y DE APOYO A LA GESTION DE UN INGENIERO CIVIL PARA REALIZAR LA SUPERVISION AL CONTRATO 00422 DE 2019 DENOMINADO “INTERVENTORIA TECNICA, ADMINISTRATIVA, FINANCIERA Y AMBIENTAL PARA LA CONSTRUCCION Y MEJORA | I99: TRANSFERENCIA | J99: 0 | K99: 2500000
B100: 44028 | C100: 344 | D100: 2020 | E100: 161 | F100: JAIRO ZAMBRANO ORDOÑEZ | G100: 79950218 | H100: CUARTO PAGO - PRESTACION DE SERVICIOS PROFESIONLES Y DE APOYO A LA GESTION DE UN INGENIERO CIVIL PARA REALIZAR LA SUPERVISION AL CONTRATO 00422 DE 2019 DENOMINADO “INTERVENTORIA TECNICA, ADMINISTRATIVA, FINANCIERA Y AMBIENTAL PARA LA CONSTRUCCION Y MEJORA | I100: TRANSFERENCIA | J100: 0 | K100: 2500000
B101: 44028 | C101: 345 | D101: 2020 | E101: 162 | F101: JAIRO ZAMBRANO ORDOÑEZ | G101: 79950218 | H101: QUINTO PAGO - PRESTACION DE SERVICIOS PROFESIONLES Y DE APOYO A LA GESTION DE UN INGENIERO CIVIL PARA REALIZAR LA SUPERVISION AL CONTRATO 00422 DE 2019 DENOMINADO “INTERVENTORIA TECNICA, ADMINISTRATIVA, FINANCIERA Y AMBIENTAL PARA LA CONSTRUCCION Y MEJORA | I101: TRANSFERENCIA | J101: 0 | K101: 2500000
B102: 44028 | C102: 346 | D102: 2020 | E102: 163 | F102: JAIRO ZAMBRANO ORDOÑEZ | G102: 79950218 | H102: SEXTO Y ULTIMO PAGO - PRESTACION DE SERVICIOS PROFESIONLES Y DE APOYO A LA GESTION DE UN INGENIERO CIVIL PARA REALIZAR LA SUPERVISION AL CONTRATO 00422 DE 2019 DENOMINADO “INTERVENTORIA TECNICA, ADMINISTRATIVA, FINANCIERA Y AMBIENTAL PARA LA CONSTRUCCION | I102: TRANSFERENCIA | J102: 0 | K102: 2500000
B103: TOTAL RESERVAS CANCELADAS | K103: =SUM(K98:K102) -> 12500000
B105: SALDO RESERVAS POR PAGAR | M105: =+M93-K103 -> 4.1927064e+10
B107: RESERVAS PAGADAS EN AGOSTO -0-
B108: SALDO RESERVAS POR PAGAR | M108: 4.1927064e+10

Sheet Devolutivos
